Workbook
Name Button_1: "Pokreal_CHC_List"
Name Button_2: "Pokreal_CHC_List"
Name KP: #REF!
Name KP: #REF!
Name г.Ош: #REF!
Name ГР: #REF!
Name демогр7: #REF!
Name ЕГР: #REF!
Name ЕГРСЕ1: #REF!
Name ЕГРСЕ2: #REF!
Name й12312: #REF!
Name КРыз: #REF!
Name КРыз: #REF!
Name т123: #REF!
Name тр: #REF!
Name тур: #REF!

Sheet свод
A1: 1. Административно-территориальное деление
A2: Ошской области
A3: (на конец года, единиц)
C4: 2019 | D4: 2020 | E4: 2021 | F4: 2022 | G4: 2023
A5: Число районов | C5: 7 | D5: 7 | E5: 7 | F5: 7 | G5: 7
A6: Число городов | C6: 3 | D6: 3 | E6: 3 | F6: 3 | G6: 3
A7: Число айыльных аймаков | C7: 88 | D7: 88 | E7: 88 | F7: 88 | G7: 88
A8: Число сельских населенных пунктов | C8: 492 | D8: 526 | E8: 526 | F8: 530 | G8: 536
A11: 1.2 Основные социально-экономические характеристики
A12: Ошской области
B13: Ед. изм. | C13: 2019 | D13: 2020 | E13: 2021 | F13: 2022 | G13: 2023
A15: Объем производства промышленной
A16: продукции (по видам экономической деятельности) без стоимости давальческого сырья | B16: млн.сомов | C16: 10385.6 | D16: 9457.8 | E16: 13516.8 | F16: 14596.6 | G16: 17317.6
A17: Производство основных видов
A18: промышленной продукции
A19: (по основным производимым видам):
A20: Уголь каменный и лигнит | B20: тыс.тонн (т) | C20: 810.8 | D20: 535.1 | E20: 875.2 | F20: 977 | G20: 1001.6
A21: Мясо и пищевые субпродукты | B21: т | C21: 5033.9 | D21: 4706.1 | E21: 5061.6 | F21: 4476.2 | G21: 4945.7
A22: Масло растительное | B22: т | C22: 751.6 | D22: 508.7 | E22: 402.4 | F22: 366.4 | G22: 404.1
A23: Табак промышленно изготовленный | B23: т | C23: 278 | D23: - | E23: 107 | F23: 96.6 | G23: 33
A24: Волокно хлопковое, кардо и гребнечесаное | B24: т | C24: 8372.2 | D24: 8368.9 | E24: 8258.9 | F24: 9730.3 | G24: 9058.4
A25: Мука из зерновых культур | B25: тыс. т | C25: 28.4 | D25: 25 | E25: 17.8 | F25: 20.5 | G25: 22.3
A26: Производство основных видов
A27: сельскохозяйственной продукции:
A28: Зерно (в весе после доработки) | B28: т | C28: 297288.8 | D28: 308769.6 | E28: 306939.8 | F28: 327810 | G28: 333370.3
A29: Картофель | B29: т | C29: 206195 | D29: 204947.3 | E29: 207365.6 | F29: 206648 | G29: 211356.5
A30: Овощи | B30: т | C30: 175935.7 | D30: 173538.5 | E30: 179111.8 | F30: 186387 | G30: 198183.7
A31: Мясо (в живой массе) | B31: т | C31: 84656.8 | D31: 86155.5 | E31: 87256.6 | F31: 88448.2 | G31: 90043
A32: Мясо (в убойной массе) | B32: т | C32: 36950.3 | D32: 46853 | E32: 47342 | F32: 50070.8 | G32: 48781.9
A33: Молоко сырое | B33: т | C33: 321710 | D33: 328068 | E33: 335023.5 | F33: 340341.6 | G33: 339592.9
A34: Шерсть (в физическом весе) | B34: т | C34: 2298.6 | D34: 2307 | E34: 2276.6 | F34: 2263.6 | G34: 2363.1
A35: Яйца | B35: тыс.шт | C35: 58516.2 | D35: 61683.1 | E35: 64196.9 | F35: 65462.3 | G35: 66670.8
A36: Инвестиции в основной капитал
A37: (капитальные вложения) | B37: млн.сомов | C37: 6889.8 | D37: 5088.1 | E37: 5481.1 | F37: 11810 | G37: 12863.7
A38: Перевозки грузов автомобильным
A39: транспортом | B39: тыс. т | C39: 2571.6 | D39: 2424.2 | E39: 2580.4 | F39: 2680.1 | G39: 2756.8
A40: Оптовая и розничная торговля; автомобилей и мотоциклов | B40: млн.сомов | C40: 44980.3 | D40: 37473.1 | E40: 48279.8 | F40: 61984.7 | G40: 76071
A41: Деятельность гостиниц и ресторанов | B41: млн.сомов | C41: 1180.5 | D41: 961.9 | E41: 1196.5 | F41: 1435.6 | G41: 1699.2
A42: Оборот розничной торговли, включая
A43: оборот предприятий питания | B43: млн.сомов | C43: 36548.2 | D43: 32093.4 | E43: 43095.9 | F43: 52975.5 | G43: 65192.9
A44: Выручка (валовой доход) от реализации
A45: продукции (работ, услуг) | B45: млн.сомов | C45: 21293.7 | D45: 17308.3 | E45: 15220.2 | F45: 17206.1 | G45: 22426.9
A46: Число зарегистрированных преступлений | B46: человек | C46: 4189 | D46: 2307 | E46: 2499 | F46: 2686 | G46: 2866
A47: Численность наличного населения (оценка на конец года) | B47: тыс. человек | C47: 1368041 | D47: 1391649 | E47: 1435476 | F47: 1460425 | G47: 1490054

Sheet ЕГРСЕ (3)
A1: 2. ПРЕДПРИЯТИЯ И ОРГАНИЗАЦИИ
A2: 2.1 Количество действующих юридических лиц, филиалов и представительств1
A4: (на 1 января)
B5: 2019 | C5: 2020 | D5: 2021 | E5: 2022 | F5: 2023
A6: Всего | B6: 3533 | C6: 3707 | D6: 3925 | E6: 3987 | F6: 5322
A7: Сельское хозяйство, лесное хозяйство и рыболовство. | B7: 269 | C7: 258 | D7: 274 | E7: 304 | F7: 321
A8: Добыча полезных ископаемых | B8: 46 | C8: 47 | D8: 66 | E8: 65 | F8: 77
A9: Обрабатывающие производства (Обрабатывающие промышленность) | B9: 90 | C9: 95 | D9: 113 | E9: 105 | F9: 108
A10: Обеспечение (снабжение) электроэнергией, газом, паром и кондициронированным воздухом. | B10: 5 | C10: 5 | D10: 5 | E10: 5 | F10: 14
A11: Водоснабжение, очистка, обработка отходов и получение вторичного сырья. | B11: 73 | C11: 82 | D11: 94 | E11: 96 | F11: 108
A12: Строительство | B12: 80 | C12: 92 | D12: 136 | E12: 133 | F12: 143
A13: Оптовая и розничная торговля, ремонт автомобилейи мотоциклов. | B13: 99 | C13: 107 | D13: 145 | E13: 144 | F13: 292
A14: Транспортная деятельность и хранение грузов. | B14: 62 | C14: 65 | D14: 86 | E14: 84 | F14: 200
A15: Деятельность гостиниц и ресторанов. | B15: 3 | C15: 4 | D15: 4 | E15: 4 | F15: 5
A16: Информация и связь | B16: 21 | C16: 22 | D16: 22 | E16: 23 | F16: 73
A17: Финансовое посредничество и страхование | B17: 125 | C17: 131 | D17: 146 | E17: 151 | F17: 168
... A25: Прочая обслуживающая деятельность. | B25: 1204 | C25: 1245 | D25: 1218 | E25: 1223 | F25: 1579
A26: Деятельность экстерриториальных организаций | B26: - | C26: - | D26: - | E26: - | F26: -
A30: 2.2 Количество действующих юридических лиц, филиалов и представительств1 по территории
A31: (на 1 января)
B32: 2019 | C32: 2020 | D32: 2021 | E32: 2022 | F32: 2023
A33: Ошская область | B33: 3533 | C33: 3707 | D33: 3925 | E33: 3987 | F33: 5322
A34: Алайский район | B34: 266 | C34: 333 | D34: 345 | E34: 347 | F34: 443
A35: Араванский район | B35: 489 | C35: 503 | D35: 493 | E35: 483 | F35: 619
A36: Кара-Сууский район | B36: 1087 | C36: 1144 | D36: 1301 | E36: 1323 | F36: 1600
A37: Ноокатский район | B37: 681 | C37: 684 | D37: 694 | E37: 731 | F37: 981
A38: Кара-Кулжинский район | B38: 295 | C38: 304 | D38: 306 | E38: 304 | F38: 422
A39: Узгенский район | B39: 586 | C39: 604 | D39: 659 | E39: 672 | F39: 1054
A40: Чон-Алайский район | B40: 129 | C40: 135 | D40: 127 | E40: 127 | F40: 203
A43: 2.3 Количество действующих юридических лиц, филиалов и представительств1 по формам собственности
A44: (на 1 января)
B45: 2019 | C45: 2020 | D45: 2021 | E45: 2022 | F45: 2023
A46: Всего | B46: 3533 | C46: 3707 | D46: 3925 | E46: 3987 | F46: 5322
A47: Государственная собственность | B47: 1142 | C47: 1201 | D47: 1232 | E47: 1252 | F47: 1779
A48: Муниципальная (коммунальная) собственность | B48: 247 | C48: 250 | D48: 253 | E48: 261 | F48: 426
A49: Частная собственность | B49: 2143 | C49: 2256 | D49: 2440 | E49: 2474 | F49: 3117
A50: Иные формы собственности | B50: 1 | C50: 1 | D50: 1 | E50: 0 | F50: 0
A53: 2.4 Количество юридических лиц, филиалов и представительств1 по признакам активности
A54: (на 1 января)
B55: 2019 | C55: 2020 | D55: 2021 | E55: 2022 | F55: 2023
A56: Всего | B56: 8710 | C56: 9061 | D56: 9327 | E56: 9796 | F56: 12032
A57: Действующие «1» | B57: 3533 | C57: 3707 | D57: 3925 | E57: 3987 | F57: 5322
A58: Спящие менее года «2» | B58: 634 | C58: 911 | D58: 1057 | E58: 1364 | F58: 2144
A59: В стадии ликвидации «3» | B59: 107 | C59: 119 | D59: 113 | E59: 151 | F59: 183
A60: Вновь созданные «4» | B60: 180 | C60: 187 | D60: 178 | E60: 276 | F60: 387
A61: Не действующие более одного года "5" | B61: 2258 | C61: 1861 | D61: 1803 | E61: 1775 | F61: 1755
A62: Не действующие более десяти лет "6" | B62: 1992 | C62: 2269 | D62: 2245 | E62: 2236 | F62: 2228
A63: Признак «0» ("призрак") заполняется фактически не существующему субъекту | B63: 6 | C63: 7 | D63: 6 | E63: 7 | F63: 13
A65: 2.5. Количество неправительственных организаций, средств массовой информации, политических партий1
A67: (на 1 января)
B68: 2019 | C68: 2020 | D68: 2021 | E68: 2022 | F68: 2023
A69: Неправительственные организации | B69: 3059 | C69: 3101 | D69: 3115 | E69: 3194 | F69: 3692
A70: из них:
A71: политические партии | B71: 2 | C71: 2 | D71: 2 | E71: 3 | F71: 3
A72: Средства массовой информации | B72: 14 | C72: 14 | D72: 14 | E72: 14 | F72: 15

Sheet ВРП И СНС
A1: 3. ВАЛОВЫЙ РЕГИОНАЛЬНЫЙ ПРОДУКТ (ВРП)
A2: 3.1. Валовой региональный продукт (ВРП)
A3: (миллион сомов)
B4: 2019 | C4: 2020 | D4: 2021 | E4: 2022 | F4: 2023
A5: Валовой региональный продукт | B5: 47588.8 | C5: 50996.5 | D5: 60550.7 | E5: 77621.9 | F5: 96701
A6: Валовой региональный стоимость | B6: 12805.7 | C6: 15529.8 | D6: 19625.8 | E6: 23151.6 | F6: 25221.9
A7: Сельское хозяйство, лесное хозяйство и рыбоводство | B7: 1239.5 | C7: 539.5 | D7: 1519.8 | E7: 1034 | F7: 1315
A8: Добыча полезных ископаемых | B8: 3810.4 | C8: 4096.7 | D8: 5139.8 | E8: 6850 | F8: 8155.9
A9: Обрабатывающие производства | B9: 116.5 | C9: 461.6 | D9: 105.5 | E9: 256.3 | F9: 535.2
A10: Обеспечение (снабжение) электроэнергией, паром и кондицированным воздухом | B10: 54.8 | C10: 63.9 | D10: 67.1 | E10: 80.2 | F10: 111
A11: Водоснабжение, очистка, обработка отходов и получение вторичного сырья | B11: 2618.2 | C11: 2308.5 | D11: 1210.5 | E11: 4037.8 | F11: 7050.7
A12: Строительство | B12: 10305.8 | C12: 8966.7 | D12: 11879.8 | E12: 11904.4 | F12: 17195.2
A13: Оптовая и розничная торговля, ремонт автомобилей и мотоциклов | B13: 442.6 | C13: 695.5 | D13: 791 | E13: 1014.4 | F13: 1051.7
A14: Транспортная деятельность и хранение грузов | B14: 372.7 | C14: 549.2 | D14: 545.5 | E14: 677 | F14: 1026.9
A15: Деятельность гостиниц и ресторанов | B15: 10.9 | C15: 12.7 | D15: 21.2 | E15: 24.9 | F15: 15.3
A16: Информация и связь | B16: 1301.8 | C16: 1436.1 | D16: 1477.5 | E16: 4184.1 | F16: 4621.5
... A24: Искусство, развлечение и отдых | B24: 310.5 | C24: 238.9 | D24: 339.2 | E24: 322.1 | F24: 384.4
A25: Прочая обслуживающая деятельность | B25: - | C25: - | D25: - | E25: - | F25: -
A26: Косвенно измеряемые услуги финансового посредничества | B26: 24.6 | C26: 12.4 | D26: 28.9 | E26: 36.7 | F26: 36
A27: Чистые налоги на продукты | B27: 685.9 | C27: 695.5 | D27: 1022.8 | E27: 1290.3 | F27: 2432.7
A30: 3.2. Валовой региональный продукт (ВРП)
A31: (в процентах к предыдущему году)
B32: 2019 | C32: 2020 | D32: 2021 | E32: 2022 | F32: 2023
A34: Валовой региональный продукт | B34: 103.2 | C34: 92.6 | D34: 109.1 | E34: 104.7 | F34: 106.7
A35: Сельское хозяйство, лесное хозяйство и рыбоводство | B35: 102.2 | C35: 101.1 | D35: 101 | E35: 102.9 | F35: 101.7
A36: Добыча полезных ископаемых | B36: 105.6 | C36: 37.2 | D36: 159.3 | E36: 81.4 | F36: 152.1
A37: Обрабатывающие производства | B37: 112.2 | C37: 95.5 | D37: 139.6 | E37: 103.5 | F37: 109.6
A38: Обеспечение (снабжение) электроэнергией, паром и кондицированным воздухом | B38: 102 | C38: 101.1 | D38: 97 | E38: 102.3 | F38: 126.6
A39: Водоснабжение, очистка, обработка отходов и получение вторичного сырья | B39: 93.6 | C39: 97.4 | D39: 102.5 | E39: 113.4 | F39: 116.3
A40: Строительство | B40: 112.6 | C40: 89 | D40: 111.1 | E40: 161.5 | F40: 120
A41: Оптовая и розничная торговля, ремонт автомобилей и мотоциклов | B41: 104 | C41: 82.7 | D41: 116.9 | E41: 109.9 | F41: 115.1
A42: Транспортная деятельность и хранение грузов | B42: 101 | C42: 92.9 | D42: 91.2 | E42: 99.7 | F42: 110.1
A43: Деятельность гостиниц и ресторанов | B43: 103.3 | C43: 73.9 | D43: 109 | E43: 109.1 | F43: 110.9
A44: Информация и связь | B44: 102.4 | C44: 56 | D44: 144.1 | E44: 114.2 | F44: 130.5
A45: Финансовое посредничество и страхование | B45: 58 | C45: 66.8 | D45: 134.4 | E45: 102.8 | F45: 104.7
... A53: Прочая обслуживающая деятельность | B53: 110.8 | C53: 89.2 | D53: 89.3 | E53: 92.1 | F53: 117.9
A54: Косвенно измеряемые услуги финансового посредничества | B54: 97.7 | C54: - | D54: - | E54: - | F54: -
A55: Чистые налоги на продукты | B55: 103.2 | C55: 93.4 | D55: 122.1 | E55: 111.4 | F55: 113.4
A58: 3.3. Основные фонды по полной стоимости
A59: (на конец года; миллионов сомов)
B61: 2019 | C61: 2020 | D61: 2021 | E61: 2022 | F61: 2023
A63: Всего | B63: 214290.3 | C63: 238834.2 | D63: 233888 | E63: 284269.9 | F63: 357260.68
A64: Сельское хозяйство, охота и лесное хозяйство и рыбоводство | B64: 16830.1 | C64: 17477.4 | D64: 20307.7 | E64: 22699.6 | F64: 24091.494
A65: Добыча полезных ископаемых | B65: 3096.3 | C65: 3185.6 | D65: 3255.6 | E65: 3565.6 | F65: 3828.2043
A66: Обрабатывающая производства | B66: 13262 | C66: 13414.2 | D66: 13782.1 | E66: 14505.2 | F66: 14808.683
A67: Обеспечение (снабж) электроэнэргией,газом, паром и кондицированным воздухом | B67: 131.9 | C67: 136.9 | D67: 223.6 | E67: 265.3 | F67: 225.1464
A68: Водоснабжение, очмстка,обработка отходов и получение вторичного сырья | B68: 213.1 | C68: 228.9 | D68: 229 | E68: 244.4 | F68: 397.0685
A69: Строительство | B69: 4363.1 | C69: 4460.4 | D69: 4761.1 | E69: 732.7 | F69: 937.4789
A70: Оптовая и розничная торговля, ремонт автомобилей и мотоциклов | B70: 419.8 | C70: 499.9 | D70: 461.8 | E70: 495.3 | F70: 417.8834
A71: Транспортная деательность и хранение грузов | B71: 390.5 | C71: 353.6 | D71: 428.1 | E71: 361.3 | F71: 349.5852
A72: Деательность гостиниц и ресторанов | B72: 0.7 | C72: 220.2 | D72: 484.6 | E72: 265.2 | F72: 528.469
A73: Информация и связь | B73: 7.5 | C73: 7.7 | D73: 5.3 | E73: 5.4 | F73: 5.524
A74: Финансовое посредничество и страхование | B74: 35.9 | C74: 35.7 | D74: 41.2 | E74: 45 | F74: 45.6788
... A82: Прочая обсуживающая деятельность | B82: 132.3 | C82: 139.2 | D82: 144.7 | E82: 171 | F82: 175.2801
A85: 3.4. Основные фонды по остаточной стоимости
A86: (на конец года; миллионов сомов)
B87: 2019 | C87: 2020 | D87: 2021 | E87: 2022 | F87: 2023
A89: Всего | B89: 90833 | C89: 110574.3 | D89: 100 443 ,9 | E89: 145154.8 | F89: 213370.82
A90: Сельское хозяйство, охота и лесное хозяйство и рыбоводство | B90: 9747.8 | C90: 9669.1 | D90: 11597.7 | E90: 13004.4 | F90: 13363.372
A91: Добыча полезных ископаемых | B91: 1063.2 | C91: 972.4 | D91: 817.2 | E91: 891.2 | F91: 845.0833
A92: Обрабатывающая производства | B92: 8496 | C92: 8036 | D92: 7691.5 | E92: 7737.1 | F92: 7348.0433
A93: Обеспечение (снабж) электроэнэргией,газом, паром и кондицированным воздухом | B93: 117.9 | C93: 120.1 | D93: 213.5 | E93: 240.7 | F93: 215.6367
A94: Водоснабжение, очмстка,обработка отходов и получение вторичного сырья | B94: 190.1 | C94: 202.6 | D94: 199.3 | E94: 212.2 | F94: 361.9658
A95: Строительство | B95: 2003.4 | C95: 1949.9 | D95: 2074.3 | E95: -1473.9 | F95: 484.8798
A96: Оптовая и розничная торговля, ремонт автомобилей и мотоциклов | B96: 217.2 | C96: 264.7 | D96: 237.9 | E96: 274 | F96: 207.6367
A97: Транспортная деятельность и хранение грузов | B97: 312.7 | C97: 264.2 | D97: 313.4 | E97: 245.1 | F97: 234.3625
A98: Деятельность гостиниц и ресторанов | B98: - | C98: 211.4 | D98: 473.6 | E98: 263.3 | F98: 503.4248
A99: Информация и связь | B99: 3.8 | C99: 3.9 | D99: 2 | E99: 3.3 | F99: 3.3365
A100: Финансовое посредничество и страхование | B100: 19.8 | C100: 19.6 | D100: 24 | E100: 27 | F100: 26.6633
A101: Операции с недвижимым имуществом, аренда и предостовление услуг потребителям | B101: 60789.2 | C101: 80054.9 | D101: 67228.9 | E101: 113192.1 | F101: 175222.57
A102: Профессиональная, научная и техническая деятельность | B102: 83.6 | C102: 88 | D102: 67.2 | E102: 86.5 | F102: 179.3883
A103: Административная и вспомогательная деятельность | B103: 169.6 | C103: 45.2 | D103: 41 | E103: 64.8 | F103: 99.4388
A104: Государственное управление и оборона обязательное социальное обеспечение | B104: 6348.2 | C104: 7157.9 | D104: 8188.4 | E104: 8844.3 | F104: 6316.2792
A105: Образование | B105: 187.9 | C105: 210.2 | D105: 226.9 | E105: 374.9 | F105: 6650.3214
A106: Здравоохранение и социальные услуги | B106: 684.7 | C106: 864.3 | D106: 883.7 | E106: 979.1 | F106: 889.7501
A107: Искусство, развлечение и отдыха | B107: 270.7 | C107: 306.5 | D107: 23.7 | E107: 25.5 | F107: 249.3071
A108: Прочая обсуживающая деятельность | B108: 127.2 | C108: 133.4 | D108: 139.7 | E108: 163.2 | F108: 169.3553
A112: 3.5. Износ основных фондов
A113: (на конец года; миллионов сомов)
B114: 2019 | C114: 2020 | D114: 2021 | E114: 2022 | F114: 2023
A115: Всего | B115: 5549.4 | C115: 5869.6 | D115: 5837.3 | E115: 6835.1 | F115: 8068.7774
A116: Сельское хозяйство, охота и лесное хозяйство и рыбоводство | B116: 715 | C116: 758.6 | D116: 883.2 | E116: 984.9 | F116: 1045.1908
A117: Добыча полезных ископаемых | B117: 239.7 | C117: 214.4 | D117: 229.2 | E117: 254.6 | F117: 293.596
A118: Обрабатывающая производства | B118: 856 | C118: 794 | D118: 747.4 | E118: 599.8 | F118: 678.9238
A119: Обеспечение (снабж) электроэнэргией,газом, паром и кондицированным воздухом | B119: 2.9 | C119: 2.2 | D119: 2.5 | E119: 5.9 | F119: 0.4047
A120: Водоснабжение, очистка,обработка отходов и получение вторичного сырья | B120: 2.6 | C120: 3.6 | D120: 3.7 | E120: 3.6 | F120: 3.3504
A121: Строительство | B121: 190.7 | C121: 161.4 | D121: 158.4 | E121: 1.6 | F121: 71.2367
A122: Оптовая и розничная торговля, ремонт автомобилей и мотоциклов | B122: 19.8 | C122: 30.2 | D122: 2.1 | E122: 5.2 | F122: 5.6705
A123: Транспортная деятельность и хранение грузов | B123: 23.9 | C123: 15.4 | D123: 16.1 | E123: 7.8 | F123: 3.5628
A124: Деятельность гостиниц и ресторанов | B124: - | C124: 2.8 | D124: 0.5 | E124: 0.3 | F124: 14.7413
A125: Информация и связь | B125: 0.3 | D125: - | E125: 0.1 | F125: 0.0693
A126: Финансовое посредничество и страхование | B126: 1.8 | C126: 1.4 | D126: 1.9 | E126: 2.4 | F126: 2.2871
A127: Операции с недвижимым имуществом, аренда и предостовление услуг потребителям | B127: 2526.7 | C127: 2811.4 | D127: 2609.6 | E127: 3394.8 | F127: 4241.1182
A128: Профессиональная, научная и техническая деательность | B128: 11.3 | C128: 13.2 | D128: 11.1 | E128: 16.7 | F128: 16.3018
A129: Административная и вспомогательная деятельность | B129: 0.7 | C129: 0.4 | D129: 1.8 | E129: 3.8 | F129: 5.595
A130: Государственное управление и оборона обязательное социальное обеспечение | B130: 710.5 | C130: 780.3 | D130: 865.4 | E130: 1204.3 | F130: 186.7611
A131: Образование | B131: 25.8 | C131: 26.4 | D131: 29.7 | E131: 37 | F131: 599.3829
A132: Здравоохранение и социальные услуги | B132: 219.5 | C132: 252.9 | D132: 272.9 | E132: 311.6 | F132: 891.9827
A133: Искусство, развлечение и отдыха | B133: 1.8 | C133: 0.8 | D133: 1.6 | E133: 0.6 | F133: 891.9827
A134: Прочая обсуживающая деятельность | B134: 0.4 | C134: 0.2 | D134: 0.2 | E134: 0.1 | F134: 0.8169

Sheet пром1
A1: 4. ПРОМЫШЛЕННОСТЬ
A2: 4.1. Объем производства промышленной продукции по видам экономической
A3: деятельности (без учета стоимости давальческого сырья)
A4: (миллион сомов)
B5: 2019 | C5: 2020 | D5: 2021 | E5: 2022 | F5: 2023
A6: Всего | B6: 10385.6 | C6: 9457.8 | D6: 13463.8 | E6: 14596.6 | F6: 17317.6
A7: Добыча полезных ископаемых | B7: 2463.3 | C7: 1137.7 | D7: 2401.6 | E7: 2393.2 | F7: 3852.8
A8: Добыча каменного угля и бурого угля (лигнита) | B8: 1131.7 | C8: 834.5 | D8: 1419 | E8: 1833.2 | F8: 2127.1
A9: Добыча металлических руд | B9: 1036.9 | C9: 50.2 | D9: 617.9 | E9: 171.7 | F9: 786.8
A10: Добыча прочих полезных ископаемых | B10: 294.7 | C10: 253 | D10: 364.7 | E10: 388.3 | F10: 939
A11: Обрабатывающие производства | B11: 6724 | C11: 7008.5 | D11: 9662.3 | E11: 10713.7 | F11: 11617.8
A12: Производство пищевых продуктов (включая напитки) и табачных изделий | B12: 534 | C12: 423.5 | D12: 501.8 | E12: 665.1 | F12: 610.3
A13: Текстильное производство; производство одежды и обуви, кожи и прочих кожаных изделий | B13: 423.2 | C13: 424.2 | D13: 676.4 | E13: 756.7 | F13: 687.4
A14: Производство деревянных и бумажных изделий; полиграфическая деятельность | B14: 130.6 | C14: 134 | D14: 169 | E14: 314.7 | F14: 275.8
A15: Производство кокса и очищенных нефтепродуктов | B15: - | C15: - | D15: - | E15: - | F15: -
A16: Производство химической продукции | B16: 1.7 | C16: 1.4 | D16: 1.9 | E16: 1.9 | F16: 1.2
A17: Производство фармацевтической продукции | B17: 33.1 | C17: 7.2 | D17: - | E17: - | F17: -
A18: Производство резиновых и пластмассовых изделий, прочих неметаллических минеральных продуктов | B18: 5514.4 | C18: 5911.7 | D18: 8189.8 | E18: 8828.7 | F18: 9890.6
A19: Производство основных металлов и готовых металлических изделий, кроме машин и оборудования | B19: 18.4 | C19: 37 | D19: 33.2 | E19: 18.4 | F19: 23.8
A20: Производство электрического оборудования | B20: 35.7 | C20: 45.2 | D20: 63.2 | E20: 89 | F20: 67.8
A21: Прочие производства, ремонт и установка машин и оборудования | B21: 32.9 | C21: 24.3 | D21: 27 | E21: 39.2 | F21: 60.8
A22: Обеспечение (снабжение) электроэнергией, газом, паром и кондиционированным воздухом | B22: 1091.1 | C22: 1197.5 | D22: 1275.4 | E22: 1338.1 | F22: 1630.1
A23: Производство электроэнергии, ее передача и распределение | B23: 1083 | C23: 1186.2 | D23: 1265 | E23: 1323.3 | F23: 1615.7
A24: Обеспечение (снабжение) паром и кондиционированным воздухом | B24: 8.1 | C24: 11.3 | D24: 10.4 | E24: 14.7 | F24: 14.4
A25: Водоснабжение, очистка, обработка отходов и получение вторичного сырья | B25: 107.2 | C25: 114.1 | D25: 124.5 | E25: 151.6 | F25: 216.8
A26: Сбор, обработка и распределение воды (водоснабжение) | B26: 77.2 | C26: 80.7 | D26: 84.4 | E26: 100.5 | F26: 133.7
A27: Сбор, обработка и уничтожение отходов, получение вторичного сырья | B27: 30 | C27: 33.4 | D27: 36.7 | E27: 45.2 | F27: 73.8
A28: Обеззараживание и прочая обработка отходов | B28: - | C28: - | D28: 3.4 | E28: 5.9 | F28: 9.3
A31: 4.2. Объем производства промышленной продукции по территории
A32: (миллион сомов)
B33: 2019 | C33: 2020 | D33: 2021 | E33: 2022 | F33: 2023
A35: Ошская область | B35: 10385.6 | C35: 9457.8 | D35: 13463.8 | E35: 14596.6 | F35: 17317.6
A36: районы:
A37: Алайский | B37: 623.7 | C37: 355.5 | D37: 674.2 | E37: 719.7 | F37: 578.9
A38: Араванский | B38: 3187.2 | C38: 3834.4 | D38: 4382.5 | E38: 4337.2 | F38: 5245.6
A39: Кара-Кулжинский | B39: 79.6 | C39: 84.4 | D39: 89.5 | E39: 101.8 | F39: 120.3
A40: Кара-Сууский | B40: 1637.1 | C40: 1688.9 | D40: 2161.8 | E40: 2790.9 | F40: 3322.5
A41: в т.ч. г.Кара-Суу | B41: 462.9 | C41: 443 | D41: 478.6 | E41: 366.4 | F41: 603.3
A42: Ноокатский | B42: 2797.7 | C42: 2467.1 | D42: 4164.7 | E42: 4692.7 | F42: 5058.6
A43: в т.ч.г. Ноокат | B43: 13.1 | C43: 9.6 | D43: 17.7 | E43: 12 | F43: 43.1
A44: Узгенский | B44: 941.5 | C44: 915 | D44: 1305 | E44: 1680.3 | F44: 1974.2
A45: в т.ч.г. Узген | B45: 258 | C45: 294.3 | D45: 314.3 | E45: 268.3 | F45: 475.7
A46: Чон-Алайский | B46: 1118.8 | C46: 112.4 | D46: 686.1 | E46: 274 | F46: 1017.5

Sheet пром2
A1: 4.3. Индексы физического объема промышленной продукции
A2: по видам экономической деятельности
A3: (в процентах к предыдущему году)
B4: 2019 | C4: 2020 | D4: 2021 | E4: 2022 | F4: 2023
A5: Всего | B5: 112.3 | C5: 82.4 | D5: 133.6 | E5: 104.9 | F5: 117.1
A6: Добыча полезных ископаемых | B6: 108.2 | C6: 34 | D6: 201 | E6: 99 | F6: 160.7
A7: Добыча каменного угля и бурого угля (лигнита) | B7: 112.5 | C7: 72.3 | D7: 157.4 | E7: 110.5 | F7: 112.5
A8: Добыча металлических руд | B8: 101 | C8: 5.7 | D8: 764.1 | E8: 25.6 | F8: 540.3
A9: Добыча прочих полезных ископаемых | B9: 119.2 | C9: 83.4 | D9: 116.8 | E9: 93.5 | F9: 130.2
A10: Обрабатывающие производства | B10: 112.9 | C10: 94.5 | D10: 126.4 | E10: 105.9 | F10: 105.8
A11: Производство пищевых продуктов (включая напитки) и табачных изделий | B11: 109.2 | C11: 87.5 | D11: 102.9 | E11: 96.8 | F11: 108.4
A12: Текстильное производство; производство одежды и обуви, кожи и прочих кожаных изделий | B12: 97.1 | C12: 100.1 | D12: 124.8 | E12: 97.3 | F12: 97.2
A13: Производство деревянных и бумажных изделий; полиграфическая деятельность | B13: 139.5 | C13: 114.9 | D13: 118 | E13: 168.3 | F13: 92.6
A14: Производство химической продукции | B14: 631.7 | C14: 60.7 | D14: 349 | E14: 90.4 | F14: 48.8
A15: Производство резиновых и пластмассовых изделий, прочих неметаллических минеральных продуктов | B15: 113.3 | C15: 95.1 | D15: 131.5 | E15: 107.8 | F15: 106.8
A16: Производство основных металлов и готовых металлических изделий, кроме машин и оборудования | B16: 82.2 | C16: 84.4 | D16: 143 | E16: 77 | F16: 137.2
A17: Производство электрического оборудования | B17: 267.1 | C17: 126.2 | D17: 121 | E17: 121.5 | F17: 55.9
A18: Производство машин и оборудования | B18: 71.4 | C18: 96.3 | D18: 112.1 | E18: 117.2 | F18: -
A19: Прочие производства, ремонт и установка машин и оборудования | B19: 100.6 | C19: 72.9 | D19: 71.9 | E19: 197.7 | F19: 153.7
A20: Обеспечение (снабжение) электроэнергией, газом, паром и кондиционированным воздухом | B20: 101.7 | C20: 101.5 | D20: 95.5 | E20: 104.6 | F20: 126.6
A21: Производство электроэнергии, ее передача и распределение | B21: 102.1 | C21: 101.8 | D21: 94.9 | E21: 104.7 | F21: 127.4
A22: Обеспечение (снабжение) паром и кондиционированным воздухом | B22: 93 | C22: 85 | D22: 114.6 | E22: 95.7 | F22: 126.6
A23: Водоснабжение, очистка, обработка отходов и получение вторичного сырья | B23: 93.7 | C23: 97.6 | D23: 103.3 | E23: 111.9 | F23: 121.1
A24: Сбор, обработка и распределение воды (водоснабжение) | B24: 101 | C24: 97.7 | D24: 98.6 | E24: 110.3 | F24: 109.7
A25: Сбор, обработка и уничтожение отходов получение вторичного сырья | B25: 78.7 | C25: 98.4 | D25: 110.5 | E25: 116.4 | F25: 148.4
A26: Обеззараживание и прочая обработка отходов | B26: - | C26: - | D26: - | E26: - | F26: -
A28: 4.4. Индексы физического объема промышленной продукции по территории
A29: (в процентах к предыдущему году)
B30: 2019 | C30: 2020 | D30: 2021 | E30: 2022 | F30: 2023
A32: Ошская область | B32: 112.3 | C32: 82.4 | D32: 133.6 | E32: 104.9 | F32: 117.1
A33: районы:
A34: Алайский | B34: 105.2 | C34: 56.1 | D34: 187.1 | E34: 105.5 | F34: 81.6
A35: Араванский | B35: 147.4 | C35: 103.3 | D35: 104.1 | E35: 102.9 | F35: 110.9
A36: Кара-Кулжинский | B36: 103.2 | C36: 99.3 | D36: 99.2 | E36: 101.2 | F36: 109.7
A37: Кара-Сууский | B37: 113.1 | C37: 104.4 | D37: 106.3 | E37: 107 | F37: 111.4
A38: Ноокатский | B38: 86.4 | C38: 77.3 | D38: 153.3 | E38: 111.9 | F38: 105.8
A39: Узгенский | B39: 106.1 | C39: 90.3 | D39: 121.4 | E39: 103.7 | F39: 115.2
A40: Чон-Алайский | B40: 102.9 | C40: 11.9 | D40: 151.5 | E40: 53.4 | F40: 238.7

Sheet пром3
A1: 4.5. Производство основных видов промышленной продукции
A2: по видам экономической деятельности
B3: Ед. изм. | C3: 2019 | D3: 2020 | E3: 2021 | F3: 2022 | G3: 2023
A5: Уголь каменный и лигнит | B5: тыс.т | C5: 810.8 | D5: 535.1 | E5: 875.2 | F5: 977 | G5: 1001.6
A6: Мясо и пищевые субпродукты | B6: т | C6: 5033.9 | D6: 4706.1 | E6: 5061.6 | F6: 4476.2 | G6: 4945.7
A7: Колбасные изделия | B7: т | C7: 14.9 | D7: 19.5 | E7: 31.4 | F7: 30.1 | G7: 20.9
A8: Молоко и сливки в твердых формах | B8: т | C8: - | D8: - | E8: - | F8: - | G8: 90
A9: Мороженое и продукты аналогичные замороженные | B9: т | C9: 45.6 | D9: 39.6 | E9: 29.6 | F9: 42.8 | G9: 39.7
A10: Рис очищенный | B10: т | C10: 1366.6 | D10: 1177 | E10: 1115.8 | F10: 1066.4 | G10: 1030.2
A11: Мука из зерновых культур1 | B11: тыс.т | C11: 28.4 | D11: 25 | E11: 17.8 | F11: 20.5 | G11: 22.3
A12: Масло растительное | B12: т | C12: 751.6 | D12: 508.7 | E12: 402.4 | F12: 366.4 | G12: 404.1
A13: Хлеб свежий | B13: тыс.т | C13: 5.8 | D13: 4.9 | E13: 5.3 | F13: 5.3 | G13: 5.5
A14: Макароны, лапша, кускус и изделия мучные аналогичные | B14: т | C14: 114.3 | D14: 104.4 | E14: 78 | F14: 75.9 | G14: 79.2
A15: Фрукты, овощи и грибы переработанные и консервированные | B15: т | C15: 168 | D15: 87 | E15: 119.2 | F15: 77.7 | G15: 19.6
A16: Сухари и печенье; кондитерские изделия и пирожные длительного хранения | B16: т | C16: 505.7 | D16: 389.6 | E16: 444 | F16: 402.6 | G16: 358.1
A17: Пиво | B17: тыс.л. | C17: 194.7 | D17: 88 | E17: 176.1 | F17: 286 | G17: 447.9
A18: Безалкогольные напитки | B18: тыс.л. | C18: 44 | D18: 45.1 | E18: 310.5 | F18: 144.2 | G18: 112.2
A19: Воды минеральные , газированные, неподслащенные и неароматизированные | B19: тыс.л. | C19: 770.9 | D19: 217.4 | E19: 526 | F19: 1123.2 | G19: 322
A20: Табак промышленно изготовленный и его заменители | B20: т | C20: 278 | D20: - | E20: 107 | F20: 96.6 | G20: 33
A21: Волокно хлопковое кардо и гребнечесанное | B21: т | C21: 8372.2 | D21: 8368.9 | E21: 8258.9 | F21: 9730.3 | G21: 9058.4
A22: Одежда верхняя, кроме трикотажной, мужская и для мальчиков | B22: тыс.шт | C22: 4.9 | D22: 3.5 | E22: 29.4 | F22: 60.2 | G22: 112.2
A23: Одежда верхняя, кроме трикотажной, женская и для девочек | B23: тыс.шт | C23: 54.4 | D23: 41.9 | E23: 50.3 | F23: 97.9 | G23: 70.8
A24: Обувь | B24: пар | C24: 2554109 | D24: 2217528 | E24: 4524666 | F24: 2981778 | G24: 2521598
A25: Цемент | B25: тыс.т | C25: 1334.7 | D25: 1277.2 | E25: 1720.4 | F25: 1858 | G25: 1926.1
A26: Кирпичи керамические, неогнеупорные, строительные | B26: тыс.шт | C26: 18962 | D26: 15584.8 | E26: 18767.8 | F26: 21528.6 | G26: 22816.9
A27: Мебель | B27: млн.сом | C27: 32.9 | D27: 24.3 | E27: 26.9 | F27: 27.6 | G27: 28.4
A28: Вода природная | B28: т.куб.м | C28: 10657.3 | D28: 9372 | E28: 8912.9 | F28: 10647.3 | G28: 10534.9
A30: 4.6. Объем производства промышленной продукции по типам предприятий
A31: (миллион сомов)
C32: 2019 | D32: 2020 | E32: 2021 | F32: 2022 | G32: 2023
A33: Промышленность - всего | C33: 10385.6 | D33: 9457.8 | E33: 13463.8 | F33: 14596.6 | G33: 17317.6
A34: в том числе по типам предприятий:
A35: малые предприятия | C35: 2767.9 | D35: 1518.3 | E35: 2226.5 | F35: 2892.8 | G35: 3914.1
A36: средние предприятия | C36: 1514.1 | D36: 1746 | E36: 2463.1 | F36: 2228.3 | G36: 3068
A37: крупные предприятия | C37: 5503.6 | D37: 5648.2 | E37: 8133.9 | F37: 8683.5 | G37: 9354
A38: индивидуальные предприниматели*) | C38: 600 | D38: 529.2 | E38: 640.3 | F38: 792 | G38: 981.5
A40: *) Объемы по индивидуальным предприятиям приведены с учетом скрытого производства муки и хлеба

Sheet сх1
A1: 5. СЕЛЬСКОЕ ХОЗЯЙСТВО
A2: 5.1. Количество субъектов сельского хозяйства
A3: ( единиц)
B4: 2019 | C4: 2020 | D4: 2021 | E4: 2022 | F4: 2023
A6: Государственные хозяйства | B6: 10 | C6: 11 | D6: 15 | E6: 18 | F6: 17
A7: Коллективные хозяйства | B7: 31 | C7: 47 | D7: 63 | E7: 95 | F7: 63
A8: Крестьянские (фермерские) хозяйства | B8: 125170 | C8: 127897 | D8: 128771 | E8: 133856 | F8: 13548
A11: 5.2. Площадь сельскохозяйственных угодий
A12: ( на 1 января,гектаров)
B13: 2019 | C13: 2020 | D13: 2021 | E13: 2022 | F13: 2023
A15: Сельскохозяйственные угодья - всего | B15: 1668789 | C15: 1668789 | D15: 1668413 | E15: 1667359 | F15: 1666079
A16: Пашня | B16: 184808 | C16: 184808 | D16: 184638 | E16: 184185 | F16: 183398
A17: Многолетние насаждения | B17: 14536 | C17: 14536 | D17: 14564 | E17: 14505 | F17: 14529
A18: Залежь | B18: 2473 | C18: 2473 | D18: 2473 | E18: 2473 | F18: 2464
A19: Сенокосы | B19: 75502 | C19: 75502 | D19: 75511 | E19: 75605 | F19: 75738
A20: Пастбища | B20: 1391470 | C20: 1391470 | D20: 1391227 | E20: 1390591 | F20: 1389950
A23: 5.3. Особо охраняемые территории
A24: (процентах)
B25: 2019 | C25: 2020 | D25: 2021 | E25: 2022 | F25: 2023
A27: Всего | B27: 0.9 | C27: 0.9 | D27: 0.9 | E27: 0.9 | F27: 0.9
A29: 5.4. Обьем валового выпуска продукции сельского хозяйства, лесного хояйства и рыболовства
A30: (в действующих ценах, миллионов сомов)
B31: 2019 | C31: 2020 | D31: 2021 | E31: 2022 | F31: 2023
A33: Всего | B33: 41851.7 | C33: 49208.2 | D33: 63958 | E33: 71999.4 | F33: 74681
A34: Сельское хозяйство | B34: 41175.8 | C34: 47853.3 | D34: 62370.9 | E34: 70386.7 | F34: 72726.9
A35: Растениеводство | B35: 18849.9 | C35: 22283.7 | D35: 31297.3 | E35: 35891.6 | F35: 35263.2
A36: Животноводство | B36: 22325.9 | C36: 25569.6 | D36: 31073.6 | E36: 34495.1 | F36: 37463.7
A37: Услуги, оказанные сельскому хозяйству | B37: 639.9 | C37: 1318 | D37: 1545.7 | E37: 1554.1 | F37: 1890.4
A38: Охота и лесное хозяйство | B38: 32.9 | C38: 30.1 | D38: 34.2 | E38: 51.3 | F38: 54.6
A39: Рыболовство | B39: 3.1 | C39: 6.8 | D39: 7.2 | E39: 7.3 | F39: 9.1
A41: 5.5. Индекс физического объема продукции сельского хозяйства, лесного хозяйства и рыболовства
A42: ( в процентах)
B43: 2019 | C43: 2020 | D43: 2021 | E43: 2022 | F43: 2023
A45: Продукция (товары и услуги) селького хозяйства, охоты и лесного хозяйства | B45: 102.3 | C45: 101 | D45: 100.9 | E45: 102.8 | F45: 101.7
A46: из нее:
A47: растениеводство | B47: 103.2 | C47: 100.1 | D47: 99.6 | E47: 104.3 | F47: 100.8
A48: животноводство | B48: 101.8 | C48: 101.9 | D48: 102 | E48: 101.4 | F48: 102
A50: 5.6. Посевная площадь основных видов сельскохозяйственных культур
A51: (гектар)
B52: 2019 | C52: 2020 | D52: 2021 | E52: 2022 | F52: 2023
A53: Все категории хозяйств
A54: Зерновые культуры -всего | B54: 83844 | C54: 87575 | D54: 88407 | E54: 88680.8 | F54: 89663
A55: Хлопок | B55: 11178 | C55: 9591 | D55: 8158 | E55: 9403 | F55: 8148
A56: Табак | B56: 188 | C56: 217 | D56: 315 | E56: 343 | F56: 355
A57: Масличные культуры | B57: 3832 | C57: 2867 | D57: 2290 | E57: 1950 | F57: 1515
A58: Картофель | B58: 13096 | C58: 13115 | D58: 13123 | E58: 12967 | F58: 13136
A59: Овощи | B59: 9564.1516 | C59: 9298.394 | D59: 9443.4479 | E59: 9709.6351 | F59: 9764.4
A60: Бахчи продовольственные | B60: 2973 | C60: 2929 | D60: 2720 | E60: 2606 | F60: 2582
A63: Продолжение
B64: 2019 | C64: 2020 | D64: 2021 | E64: 2022 | F64: 2023
A65: Государственные хозяйства
A66: Зерновые культуры | B66: 635 | C66: 605 | D66: 575 | E66: 605 | F66: 462
A67: Хлопок | B67: 135 | C67: 143 | D67: 96 | E67: 76 | F67: 96
A68: Табак | B68: - | C68: - | D68: 2 | E68: 2
A69: Масличные культуры | B69: 83 | C69: 96 | D69: 54 | E69: 28 | F69: 26
A70: Картофель | B70: 59 | C70: 57 | D70: 55 | E70: 59 | F70: 59
A71: Овощи | B71: 8 | C71: 2 | D71: 5 | F71: 5
A72: Бахчи продовольственные | B72: - | C72: 3 | F72: 4
A73: Коллективные хозяйства
A74: Зерновые культуры | B74: 1165 | C74: 1175 | D74: 1146 | E74: 1233 | F74: 1644
A75: Хлопок | B75: 382 | C75: 375 | D75: 365 | E75: 320 | F75: 383
A76: Табак | B76: - | C76: - | D76: - | E76: - | F76: -
A77: Масличные культуры | B77: 155 | C77: 112 | D77: 77 | E77: 25 | F77: 37
A78: Картофель | B78: 4 | C78: 4 | D78: 2 | E78: 2 | F78: 2
A79: Овощи | B79: 17 | C79: 16 | D79: 11 | E79: 8 | F79: 15
A80: Бахчи продовольственные | B80: 19 | C80: 11 | D80: 7 | E80: 7 | F80: 15
A81: Крестьянские (фермерские) хозяйства
A82: Зерновые культуры | B82: 79879 | C82: 83600 | D82: 84489 | E82: 85498.8 | F82: 86066
A83: Хлопок | B83: 10661 | C83: 9073 | D83: 7697 | E83: 9007 | F83: 7669
A84: Табак | B84: 188 | C84: 217 | D84: 313 | E84: 341 | F84: 355
A85: Масличные культуры | B85: 3432 | C85: 2508 | D85: 2008 | E85: 1875 | F85: 1430
A86: Картофель | B86: 7940 | C86: 7996 | D86: 8005 | E86: 7229 | F86: 7602
A87: Овощи | B87: 6038.318 | C87: 5758.271 | D87: 5906.271 | E87: 5450.028 | F87: 5337.837
A88: Бахчи продовольственные | B88: 2945 | C88: 2906 | D88: 2704 | E88: 2599 | F88: 2563
A89: Домашние хозяйства населения
A90: Зерновые культуры | B90: 2165 | C90: 2195 | D90: 2197 | E90: 1344 | F90: 1491
A91: Табак | B91: - | F91: -
A92: Масличные культуры | B92: 162 | C92: 151 | D92: 151 | E92: 22 | F92: 22
A93: Картофель | B93: 5093 | C93: 5058 | D93: 5061 | E93: 5677 | F93: 5473
A94: Овощи | B94: 3500.8336 | C94: 3522.123 | D94: 3521.1769 | E94: 4247.6071 | F94: 4406.604
A95: Бахчи продовольственные | B95: 9 | C95: 9 | D95: 9 | E95: 9 | F95: -
A97: 5.7. Посевная площадь сельскохозяйственных культур по территории
A98: (во всех категориях хозяйств, гектар)
B99: 2019 | C99: 2020 | D99: 2021 | E99: 2022 | F99: 2023
A100: Зерновые культуры -всего
A101: Всего по области | B101: 83844 | C101: 87575 | D101: 88407 | E101: 88680.8 | F101: 89663
A102: в т.ч. районы
A103: Алайский | B103: 985 | C103: 1112 | D103: 1050 | E103: 1244 | F103: 1322
A104: Араванский | B104: 6418 | C104: 6696 | D104: 6863 | E104: 6669 | F104: 6860
A105: Кара-Кулжинский | B105: 5597 | C105: 6043 | D105: 5963 | E105: 6024 | F105: 6054
A106: Кара-Сууский | B106: 26924 | C106: 27659 | D106: 27867 | E106: 27740.8 | F106: 28321
A107: Ноокатский | B107: 21687 | C107: 22145 | D107: 22863 | E107: 22656 | F107: 22737
A108: Узгенский | B108: 19162 | C108: 20867 | D108: 20796 | E108: 21340 | F108: 21356
A109: Чон-Алайский | B109: 3071 | C109: 3053 | D109: 3005 | E109: 3007 | F109: 3013
A111: Хлопок
A112: Всего по области | B112: 11178 | C112: 9591 | D112: 8158 | E112: 9403 | F112: 8148
A113: в т.ч. районы
A114: Алайский | B114: - | C114: - | D114: - | E114: - | F114: -
A115: Араванский | B115: 3558 | C115: 3325 | D115: 3091 | E115: 3343 | F115: 2957
A116: Кара-Сууский | B116: 7620 | C116: 6266 | D116: 5067 | E116: 6060 | F116: 5191
...

Sheet Строит2
A1: 6. СТРОИТЕЛЬСТВО
A2: 6.1. Объем подрядных работ, выполненных строительными
A3: организациями, по формам собственности и территории1
A4: (миллион сомов)
B5: 2019 | C5: 2020 | D5: 2021 | E5: 2022 | F5: 2023
A7: Всего | B7: 4531.9 | C7: 4251.6 | D7: 4961.2 | E7: 5297.1 | F7: 7733
A8: районы:
A9: Алайский | B9: 252.9 | C9: 212.4 | D9: 249.5 | E9: 364.3 | F9: 433.8
A10: Араванский | B10: 616.3 | C10: 541.9 | D10: 664.8 | E10: 693.3 | F10: 1021.2
A11: Кара-Кулжинский | B11: 104.4 | C11: 100.4 | D11: 55.3 | E11: 84.6 | F11: 116.8
A12: Кара-Суйский | B12: 2020.8 | C12: 1813.4 | D12: 2146.9 | E12: 2184.4 | F12: 3310
A13: Ноокатский | B13: 741.1 | C13: 760.7 | D13: 898.7 | E13: 917.5 | F13: 1413.7
A14: Узгенский | B14: 765.3 | C14: 816.2 | D14: 936.7 | E14: 1039.5 | F14: 1418.2
A15: Чон-Алайский | B15: 31.1 | C15: 6.6 | D15: 9.3 | E15: 13.5 | F15: 19.3
A17: Государственная | B17: 360.1 | C17: 234.9 | D17: 147 | E17: 575.8 | F17: 454.7
A18: районы:
A19: Алайский | B19: 63.9 | C19: 35.5 | D19: 37.6 | E19: 156.6 | F19: 113.5
A20: Араванский | B20: 30.7 | C20: 3.7 | D20: 19.7 | E20: 60.6 | F20: 45.9
A21: Кара-Кулжинский | B21: 69.5 | C21: 68.3 | D21: 16.7 | E21: 46.8 | F21: 58.6
A22: Кара-Суйский | B22: 44.4 | C22: 26 | D22: 4.7 | E22: 83.4 | F22: 71.2
A23: Ноокатский | B23: 40.3 | C23: 21.7 | D23: 12.9 | E23: 48.8 | F23: 74.5
A24: Узгенский | B24: 80.2 | C24: 73.1 | D24: 46.1 | E24: 166.1 | F24: 71.7
A25: Чон-Алайский | B25: 31.1 | C25: 6.6 | D25: 9.3 | E25: 13.5 | F25: 19.3
A27: Частная | B27: 4171.8 | C27: 4016.7 | D27: 4814.2 | E27: 4721.3 | F27: 7278.3
A28: районы:
A29: Алайский | B29: 189 | C29: 176.9 | D29: 211.9 | E29: 207.7 | F29: 320.3
A30: Араванский | B30: 585.6 | C30: 538.2 | D30: 645.1 | E30: 632.7 | F30: 975.3
A31: Кара-Кулжинский | B31: 34.9 | C31: 32.1 | D31: 38.6 | E31: 37.8 | F31: 58.2
A32: Кара-Суйский | B32: 1976.4 | C32: 1787.4 | D32: 2142.2 | E32: 2101 | F32: 3238.8
A33: Ноокатский | B33: 700.8 | C33: 739 | D33: 885.8 | E33: 868.7 | F33: 1339.2
A34: Узгенский | B34: 685.1 | C34: 743.1 | D34: 890.6 | E34: 873.4 | F34: 1346.5
A37: 1) Включая капитальный и текущий ремонты
A39: 6.2. Капитальный и текущий ремонт, выполненный строительными
A40: организациями, по формам собственности и территории
A41: (миллион сомов)
B42: 2019 | C42: 2020 | D42: 2021 | E42: 2022 | F42: 2023
A44: Всего | B44: 2967.2 | C44: 2652.4 | D44: 2997.9 | E44: 3309 | F44: 5208
A45: районы:
A46: Алайский | B46: 185.9 | C46: 142.9 | D46: 163.3 | E46: 280.5 | F46: 325.8
A47: Араванский | B47: 382.8 | C47: 331 | D47: 402.3 | E47: 438 | F47: 692.4
A48: Кара-Кулжинский | B48: 87.1 | C48: 87.7 | D48: 39.6 | E48: 69.3 | F48: 97.2
A49: Кара-Суйский | B49: 1315.1 | C49: 1087.6 | D49: 1270.7 | E49: 1253.4 | F49: 2146.9
A50: Ноокатский | B50: 471.3 | C50: 471.6 | D50: 538.4 | E50: 567.1 | F50: 962.2
A51: Узгенский | B51: 493.9 | C51: 525 | D51: 574.3 | E51: 687.2 | F51: 964.2
A52: Чон-Алайский | B52: 31.1 | C52: 6.6 | D52: 9.3 | E52: 13.5 | F52: 19.3
A53: Государственная | B53: 315.7 | C53: 209 | D53: 142.3 | E53: 492.4 | F53: 383.5
A54: районы:
A55: Алайский | B55: 63.9 | C55: 35.5 | D55: 37.6 | E55: 156.6 | F55: 113.5
A56: Араванский | B56: 30.7 | C56: 3.7 | D56: 19.7 | E56: 60.6 | F56: 45.9
A57: Кара-Кулжинский | B57: 69.5 | C57: 68.2 | D57: 16.7 | E57: 46.8 | F57: 58.6
A58: Кара-Суйский
A59: Ноокатский | B59: 41.3 | C59: 22 | D59: 12.9 | E59: 48.8 | F59: 74.5
A60: Узгенский | B60: 80.2 | C60: 73 | D60: 46.1 | E60: 166.1 | F60: 71.7
A61: Чон-Алайский | B61: 31.1 | C61: 6.6 | D61: 9.3 | E61: 13.5 | F61: 19.3
A63: Частная | B63: 2651.5 | C63: 2443.4 | D63: 2855.6 | E63: 3844.1 | F63: 4824.5 | AZ63: 4824.5
A64: районы:
A65: Алайский | B65: 122 | C65: 107.4 | D65: 125.7 | E65: 169.1 | F65: 212.3 | AZ65: 212.3
A66: Араванский | B66: 352 | C66: 327.3 | D66: 382.6 | E66: 515.1 | F66: 646.5 | AZ66: 646.5
A68: Продолжение
B69: 2019 | C69: 2020 | D69: 2021 | E69: 2022 | F69: 2023
A70: Кара-Кулжинский | B70: 17.6 | C70: 19.5 | D70: 22.9 | E70: 30.8 | F70: 38.6
A71: Кара-Суйский | B71: 1315.1 | C71: 1087.6 | D71: 1270.7 | E71: 1710.6 | F71: 2146.9
A72: Ноокатский | B72: 430.9 | C72: 449.6 | D72: 525.5 | E72: 707.3 | F72: 887.7
A73: Узгенский | B73: 413.8 | C73: 452 | D73: 528.2 | E73: 711.2 | F73: 892.5
A76: 6.3. Объем подрядных работ, выполненных собственными силами
A77: строительных организаций по типам предприятий
A78: (миллион сомов)
B79: 2019 | C79: 2020 | D79: 2021 | E79: 2022 | F79: 2023
A80: Всего | B80: 4531.9 | C80: 4251.6 | D80: 4961.2 | E80: 6500.5 | F80: 7733
A81: Малые | B81: 703.2 | C81: 701.5 | D81: 1051.8 | E81: 1653.1 | F81: 1941.6
A82: Средние | B82: 162.5 | C82: 157.2 | D82: 37.1 | E82: 153.4 | F82: 165.2
A83: Индивидуальные предприниматели | B83: 3666.2 | C83: 3392.9 | D83: 3872.3 | E83: 4694 | F83: 5626.2
A85: 6.4. Ввод в действие жилых домов по формам собственности и территории
A87: (квадратных метров общей площади)
B88: 2019 | C88: 2020 | D88: 2021 | E88: 2022 | F88: 2023
A90: Всего | B90: 188846 | C90: 161185 | D90: 237971 | E90: 276664 | F90: 240575
A91: районы:
A92: Алайский | B92: 15987 | C92: 17497 | D92: 23353 | E92: 36993 | F92: 19538
A93: Араванский | B93: 37093 | C93: 37318 | D93: 37432 | E93: 37455 | F93: 22017
A94: Кара-Кулжинский | B94: 4276 | C94: 2530 | D94: 2697 | E94: 3214 | F94: 5676
A95: Кара-Суйский | B95: 70314 | C95: 57702 | D95: 68159 | E95: 97378 | F95: 88564
A96: в т.ч. г.Кара-Суу | B96: 3713 | C96: 938 | D96: 3086 | E96: 1063 | F96: 3320
A97: Ноокатский | B97: 29030 | C97: 25379 | D97: 60941 | E97: 52784 | F97: 37286
A98: в т.ч. г. Ноокат | B98: 2151 | C98: 1723 | D98: 4309 | E98: 1245 | F98: 168
A99: Узгенский | B99: 18137 | C99: 8075 | D99: 31781 | E99: 32514 | F99: 46325
A100: в т.ч. г.Узген | B100: 11094 | C100: 3470 | D100: 6493 | E100: 9531 | F100: 12033
A101: Чон-Алайский | B101: 14009 | C101: 12684 | D101: 13608 | E101: 16326 | F101: 21169
A102: Частная | B102: 188846 | C102: 161185 | D102: 237971 | E102: 276664 | F102: 240575
A103: районы:
A104: Алайский | B104: 15987 | C104: 17497 | D104: 23353 | E104: 36993 | F104: 19538
A105: Араванский | B105: 37093 | C105: 37318 | D105: 37432 | E105: 37455 | F105: 22017
A106: Кара-Кулжинский | B106: 4276 | C106: 2530 | D106: 2697 | E106: 3214 | F106: 5676
A107: Кара-Суйский | B107: 70314 | C107: 57702 | D107: 68159 | E107: 97378 | F107: 88564
A108: в т.ч. г.Кара-Суу | B108: 3713 | C108: 938 | D108: 3086 | E108: 1063 | F108: 3320
A109: Ноокатский | B109: 29030 | C109: 25379 | D109: 60941 | E109: 52784 | F109: 37286
A110: в т.ч. г. Ноокат | B110: 2151 | C110: 1723 | D110: 4309 | E110: 1245 | F110: 168
A111: Узгенский | B111: 18137 | C111: 8075 | D111: 31781 | E111: 32514 | F111: 46325
A112: в т.ч. г.Узген | B112: 11094 | C112: 3470 | D112: 6493 | E112: 9531 | F112: 12033
A113: Чон-Алайский | B113: 14009 | C113: 12684 | D113: 13608 | E113: 16326 | F113: 21169
A115: 6.5. Ввод в действие объектов социально-культурной сферы по территории
...

Sheet Груз
A1: 7. ТРАНСПОРТ
A2: Грузовые перевозки
A3: 7.1. Перевозки грузов автомобильным транспортом
A4: (тысяч тонн)
B5: 2019 | C5: 2020 | D5: 2021 | E5: 2022 | F5: 2023
A7: Всего | B7: 2571.6 | C7: 2424.2 | D7: 2580.4 | E7: 2680.1 | F7: 2756.8
A10: 7.2. Перевозки грузов автомобильным транспортом по территории
A11: (тысяч тонн)
B12: 2019 | C12: 2020 | D12: 2021 | E12: 2022 | F12: 2023
A14: Ошская область | B14: 2571.6 | C14: 2424.2 | D14: 2580.4 | E14: 2680.1 | F14: 2756.8
A15: районы:
A16: Алайский | B16: 165.1 | C16: 146.6 | D16: 156.8 | E16: 158 | F16: 158.2
A17: Араванский | B17: 295.4 | C17: 250.6 | D17: 262.9 | E17: 263.3 | F17: 267.7
A18: Кара-Кулжинский | B18: 37.9 | C18: 35.8 | D18: 37.6 | E18: 42.4 | F18: 50.4
A19: Кара-Сууский | B19: 1124.5 | C19: 1070.7 | D19: 1176.2 | E19: 1199.6 | F19: 1251.9
A20: в т.ч. г. Кара-Суу | B20: 263.3 | C20: 249.2 | D20: 282.6 | E20: 285.5 | F20: 299.9
A21: Ноокатский | B21: 441 | C21: 409.9 | D21: 423.7 | E21: 455.5 | F21: 461.8
A22: в т.ч. г.Ноокат | B22: 104.1 | C22: 92 | D22: 95.1 | E22: 102.2 | F22: 103.6
A23: Узгенский | B23: 381.4 | C23: 385.8 | D23: 396.3 | E23: 433.6 | F23: 439
A24: в т.ч. г. Узген | B24: 128.9 | C24: 127.8 | D24: 131.2 | E24: 143.5 | F24: 145.2
A25: Чон-Алайский | B25: 126.3 | C25: 124.8 | D25: 126.9 | E25: 127.7 | F25: 127.8
A28: 7.3. Грузооборот автомобильного транспорта
A29: (млн. тонно-километров)
B30: 2019 | C30: 2020 | D30: 2021 | E30: 2022 | F30: 2023
A32: Всего | B32: 135 | C32: 124.7 | D32: 138.2 | E32: 151.6 | F32: 164.5
A35: 7.4. Доходы от перевозок грузов автомобильным транспортом
B36: (миллионов сомов)
B37: 2019 | C37: 2020 | D37: 2021 | E37: 2022 | F37: 2023
A39: Всего | B39: 71.4 | C39: 65.7 | D39: 73.2 | E39: 80.2 | F39: 87.1
A42: Пассажирские перевозки
A43: 7.5. Перевозки пассажиров автомобильным транспортом (тысяч человек)
B45: 2019 | C45: 2020 | D45: 2021 | E45: 2022 | F45: 2023
A47: Всего | B47: 26512.9 | C47: 24055.3 | D47: 25225.7 | E47: 25808 | F47: 26322.8
A48: автобусы | B48: 24602.8 | C48: 22161.4 | D48: 23381 | E48: 23886.5 | F48: 24135.3
A49: такси | B49: 1910.1 | C49: 1893.9 | D49: 1844.7 | E49: 1921.5 | F49: 2187.5

Sheet Пассаж
A1: 7.6. Перевозки пассажиров автомобильным транспортом по территории
A2: (тысяч человек)
B3: 2019 | C3: 2020 | D3: 2021 | E3: 2022 | F3: 2023
A5: Ошская область | B5: 26512.9 | C5: 24055.3 | D5: 25225.7 | E5: 25808 | F5: 26322.8
A6: районы:
A7: Алайский | B7: 168 | C7: 160.4 | D7: 171.5 | E7: 175.3 | F7: 177
A8: Араванский | B8: 1940.5 | C8: 1943.5 | D8: 2082.8 | E8: 2100.9 | F8: 2184.7
A9: Кара-Кулжинский | B9: 440.1 | C9: 436.5 | D9: 439 | E9: 482.9 | F9: 498.2
A10: Кара-Сууский | B10: 20584.7 | C10: 18132.9 | D10: 19017.2 | E10: 19409.7 | F10: 19608.5
A11: в т.ч. г. Кара-Суу | B11: 5146.2 | C11: 4531.4 | D11: 4755 | E11: 4914.9 | F11: 4970.5
A12: Ноокатский | B12: 2363.4 | C12: 2458.2 | D12: 2584.2 | E12: 2588.1 | F12: 2746.4
A13: в т.ч. г.Ноокат | B13: 550.7 | C13: 572.7 | D13: 601.8 | E13: 613.7 | F13: 654.7
A14: Узгенский | B14: 958 | C14: 872.5 | D14: 877.5 | E14: 995.9 | F14: 1051.7
A15: в т.ч. г. Узген | B15: 280.7 | C15: 255.4 | D15: 257 | E15: 291.2 | F15: 307.6
A16: Чон-Алайский | B16: 58.2 | C16: 51.3 | D16: 53.5 | E16: 55.2 | F16: 56.3
A18: 7.7. Пассажирооборот автомобильного транспорта
A19: (миллионов пассажиро-километров)
B20: 2019 | C20: 2020 | D20: 2021 | E20: 2022 | F20: 2023
A22: Всего | B22: 600 | C22: 549.5 | D22: 560.9 | E22: 594.4 | F22: 670
A23: автобусы | B23: 521.8 | C23: 477.9 | D23: 472.9 | E23: 503.7 | F23: 577
A24: такси | B24: 78.2 | C24: 71.6 | D24: 88.1 | E24: 90.7 | F24: 92.9
A28: 7.8. Доходы от перевозок пассажиров автомобильным транспортом
A29: (миллионов сомов)
B30: 2019 | C30: 2020 | D30: 2021 | E30: 2022 | F30: 2023
A32: Всего | B32: 1217.6 | C32: 1114.4 | D32: 1326.7 | E32: 1373 | F32: 1429.8
A34: автобусы | B34: 200.5 | C34: 183.7 | D34: 181.7 | E34: 193.6 | F34: 221.8
A35: такси | B35: 1017.1 | C35: 930.8 | D35: 1145 | E35: 1179.4 | F35: 1208.1
A36: Аварийность на транспорте
A37: 7.9. Дорожно-транспортные происшествия с подвижным составом и численность пострадавших в них
B39: 2019 | C39: 2020 | D39: 2021 | E39: 2022 | F39: 2023
A41: Совершено ДТП, единиц | B41: 680 | C41: 644 | D41: 812 | E41: 733 | F41: 709
A42: Счисленность пострадавших,человек
A43: погибло | B43: 122 | C43: 126 | D43: 139 | E43: 101 | F43: 113
A44: ранено | B44: 1201 | C44: 1003 | D44: 1431 | E44: 1264 | F44: 1182

Sheet  связ
A1: 8. СВЯЗЬ
A2: 8.1.Основные показатели связи общего пользования
A3: (тысяч)
B4: 2019 | C4: 2020 | D4: 2021 | E4: 2022 | F4: 2023
A5: Отправлено:
A6: письменной корреспонденции | B6: 76 | C6: 131.6 | D6: 93.6 | E6: 105.8
A7: посылок | B7: 0.5 | C7: 1.9 | D7: 0.1 | E7: 0.8
A8: почтовых переводов денежных средств1 | B8: 16.1 | C8: 7.4 | D8: 14.3 | E8: 3.5
A9: телеграмм | B9: - | C9: - | D9: - | E9: -
A10: 8.2. Объем услуг почтовой и курьерской деятельности, услуги связи
A11: (в фактически действовавших ценах; миллионов сомов)
B12: 2019 | C12: 2020 | D12: 2021 | E12: 2022 | F12: 2023
A13: Почтовая и куррьерская деятельность | B13: 75.2 | C13: 61.2 | D13: 54.1 | E13: 53
A14: Связь
A15: в том числе:
A16: телеграфная | B16: 0.2 | C16: 0.2 | D16: 0.1 | E16: 0.3
A17: международная телефонная | B17: 0.4 | C17: 0.2 | D17: 0.2 | E17: 0.6
A18: междугородная телефонная | B18: 11 | C18: 8.5 | D18: 6.3 | E18: 1.5
A19: городская и сельская телефонная | B19: 30.2 | C19: 26 | D19: 22.6 | E19: 4.7
A20: радиосвязь, радиовещание и телевидение | B20: 5 | C20: 4.7 | D20: 4.1 | E20: -
A21: услуги по предоставлению Интернет каналов | B21: 116 | C21: 127.7 | D21: 144.7 | E21: 79.9
A22: прочие | B22: - | C22: - | D22: - | E22: -
A25: 8.3. Основные показатели развития телефонной связи общего пользования
A26: (на конец года)
B27: 2019 | C27: 2020 | D27: 2021 | E27: 2022 | F27: 2023
A28: Число телефонных станций местной
A29: телефонной сети, единиц | B29: 42 | C29: 42 | D29: 42 | E29: 42
A30: в том числе:
A31: в городских поселениях | B31: 13 | C31: 13 | D31: 13 | E31: 13
A32: в сельской местности | B32: 29 | C32: 29 | D32: 29 | E32: 29
A33: Общая монтированная емкость
A34: телефонных станций, тыс. номеров | B34: 32.1 | C34: 31.9 | D34: 31.9 | E34: 31.8
A35: в том числе:
A36: в городских поселениях | B36: 14 | C36: 14 | D36: 14 | E36: 13.9
A37: в сельской местности | B37: 18.1 | C37: 17.9 | D37: 17.9 | E37: 17.9
A39: Продолжение
B40: 2019 | C40: 2020 | D40: 2021 | E40: 2022 | F40: 2023
A41: Число телефонных аппаратов (без таксофонов)
A42: в том числе:
A43: в городских поселениях | B43: 3.3 | C43: 3.3 | D43: 2.2 | E43: 2.2
A44: в сельской местности | B44: 3.9 | C44: 3.6 | D44: 3.2 | E44: 2.5
A45: Из общего числа телефонных аппаратов
A46: телефонной сети общего пользования:
A47: число квартирных телефонных
A48: аппаратов - всего, тыс.шт. | B48: 4.6 | C48: 4.3 | D48: 3.9 | E48: 3.3
A49: в том числе:
A50: в городских поселениях | B50: 2 | C50: 2 | D50: 2 | E50: 2
A51: в сельской местности | B51: 2.6 | C51: 2.3 | D51: 1.9 | E51: 1.3
A52: Число телефонных аппаратов (без таксофонов)
A53: телефонной сети общего пользования на 1000
A54: человек населения - всего, шт. | B54: 5 | C54: 5 | D54: 4 | E54: 3
A55: в том числе:
A56: квартирных телефонных аппаратов | B56: 3 | C56: 3 | D56: 3 | E56: 2

Sheet труд
A1: 9. ТРУД, ЗАРАБОТНАЯ ПЛАТА И СОЦИАЛЬНОЕ ОБЕСПЕЧЕНИЕ
A2: 9.1.1 Численность занятого населения по видам экономической деятельности *
B3: 2019 | D3: 2020 | F3: 2021 | H3: 2022 | J3: 2023
B4: Тысяч человек | C4: в % к итогу | D4: Тысяч человек | E4: в % к итогу | F4: Тысяч человек | G4: в % к итогу | H4: Тысяч человек | I4: в % к итогу | J4: Тысяч человек | K4: в % к итогу
A5: Всего | B5: 608.5 | C5: 100 | D5: 607.9 | E5: =E7+E8+E9+E10+E11+E12+E13+E14+E15+E16+E17+E19+E20+E21+E22+E23+E24+E25+E26 -> 100.0018 | F5: 632 | G5: 100 | H5: 631.3 | I5: 100 | J5: 622.5 | K5: 100
A6: в том числе:
A7: Сельское хозяйство, лесное хозяйство и рыболовство | B7: 192.3 | C7: 31.6 | D7: 211.8 | E7: 35 | F7: 220.4 | G7: 34.9 | H7: 216.4 | I7: 34.3 | J7: 204.3 | K7: 32.8
A8: Добыча полезных ископаемых | B8: 2.8 | C8: 0.5 | D8: 2.1 | E8: 0.3 | F8: 2.2 | G8: 0.3 | H8: 0.4 | I8: 0.1 | J8: 0 | K8: 0
A9: Обрабатывающие производства | B9: 33.3 | C9: 5.5 | D9: 30.8 | E9: 5 | F9: 29.5 | G9: 4.7 | H9: 29.5 | I9: 4.7 | J9: 27.3 | K9: 4.4
A10: Обеспечение (снабжение) электроэнергией, паром и кондицированным воздухом | B10: 3.1 | C10: 0.5 | D10: 3.1 | E10: 0.50995229 | F10: 3.8 | G10: 0.6 | H10: 3.8 | I10: 0.6 | J10: 4.9 | K10: 0.8
A11: Водоснабжение, очистка, обработка отходов | B11: 0.2 | C11: 0 | D11: 1.3 | E11: 0.002 | F11: 1.9 | G11: 0.3 | H11: 2.1 | I11: 0.3 | J11: 1.1 | K11: 0.2
A12: Строительство | B12: 88.9 | C12: 14.6 | D12: 90.2 | E12: 14.8 | F12: 103.9 | G12: 16.3 | H12: 104.7 | I12: 16.6 | J12: 105.8 | K12: 17
A13: Оптовая и розничная торговля, ремонт автомобилей и мотоциклов | B13: 95.8 | C13: 15.7 | D13: 82.4 | E13: 13.5 | F13: 80 | G13: 12.5 | H13: 82.9 | I13: 13.13 | J13: 84 | K13: 13.5
A14: Транспортная деятельность и хранение грузов | B14: 47.9 | C14: 7.9 | D14: 43.3 | E14: 7.1228821 | F14: 47 | G14: 7.3 | H14: 54.5 | I14: 8.6 | J14: 57 | K14: 9.2
A15: Деятельность гостиниц и ресторанов | B15: 51.4 | C15: 8.4 | D15: 48.8 | E15: 8.0276361 | F15: 45.7 | G15: 7.2 | H15: 43.9 | I15: 7 | J15: 50.2 | K15: 8.1
A16: Информация и связь | B16: 3.6 | C16: 0.6 | D16: 3.2 | E16: 0.5 | F16: 2.8 | G16: 0.6 | H16: 3.7 | I16: 0.6 | J16: 3.6 | K16: 0.6
A17: Финансовое посредничество и страхование | B17: 4 | C17: 0.7 | D17: 3.7 | E17: 0.60865274 | F17: 2.8 | G17: 0.6 | H17: 2.7 | I17: 0.4 | J17: 2.4 | K17: 0.4
A18: Операции с невижимым имуществом | B18: - | C18: - | D18: - | E18: - | F18: - | G18: - | H18: - | I18: - | J18: - | K18: -
A19: Профессиональная, научная и техническая деятельность | B19: 4 | C19: 0.7 | D19: 3.3 | E19: 0.6 | F19: 3.3 | G19: 0.7 | H19: 3 | I19: 0.5 | J19: 2.7 | K19: 0.4
A20: Административная и впомогательная деятельность | B20: 2.1 | C20: 0.3 | D20: 2.9 | E20: 0.4 | F20: 2.5 | G20: 0.5 | H20: 2.2 | I20: 0.4 | J20: 1.8 | K20: 0.3
A21: Государственное управление | B21: 17.2 | C21: 2.8 | D21: 20.2 | E21: 3.322915 | F21: 19 | G21: 3 | H21: 17.2 | I21: 2.7 | J21: 16.1 | K21: 2.6
A22: Образование | B22: 35.9 | C22: 5.9 | D22: 36.8 | E22: 6 | F22: 39.4 | G22: 6.2 | H22: 38.7 | I22: 6.1 | J22: 38.4 | K22: 6.2
A23: Здравоохранение и социальное обслуживание населения | B23: 17.3 | C23: 2.8 | D23: 19 | E23: 3.1255141 | F23: 19.4 | G23: 3 | H23: 18.7 | I23: 3 | J23: 16.8 | K23: 2.7
A24: Искусство, развлечение и отдых | B24: 0.7 | C24: 0.1 | D24: 0.5 | E24: 0.08225037 | F24: 0.7 | G24: 0.1 | H24: 1.1 | I24: 0.1 | J24: 2.3 | K24: 0.4
A25: Прочая обслуживающая деятельность | B25: 7.8 | C25: 1.3 | D25: 4.5 | E25: 1 | F25: 7.7 | G25: 1.2 | H25: 5.3 | I25: 0.8 | J25: 2.8 | K25: 0.4
A26: Деятельность частных домашних хозяйств | B26: 0.3 | C26: 0.1 | D26: 0.2 | E26: 0.1 | F26: 0 | G26: 0 | H26: 0.7 | I26: 0.1 | J26: 0 | K26: 0
A29: *По данным интегрированного выборочного обследования бюджетов домашних хозяйств и рабочей силы

Sheet труд1
A1: 9.1.2 Занятое население Ошской области в возрасте 15 лет и старше *
A2: (тысяч человек)
D3: 2019 | E3: 2020 | F3: 2021 | G3: 2022 | H3: 2023
A5: Занятое население | D5: 608.5 | E5: =E7+E8+E9 -> 607.9 | F5: 632 | G5: 631.3 | H5: 622.5
A6: в том числе:
A7: Сельское хозяйство, охота, лесное хозяйство (включая рыболовство и рыбоводство) | D7: 192.3 | E7: 211.8 | F7: 220.4 | G7: 216.4 | H7: 204.3
A8: Промышленность и строительство | D8: 128.3 | E8: 127.5 | F8: 141.3 | G8: 140.4 | H8: 139.1
A9: Сектор услуг | D9: 288 | E9: 268.6 | F9: 270.3 | G9: 274.5 | H9: 279.1
A11: *) по данным интегрированного выборочного обследования бюджетов домашних хозяйств и рабочей силы рабочей силы
A14: 9.2. Распределение предприятий и организаций сферы туризма по формам собственности
A15: (человек)
D16: 2019 | E16: 2020 | F16: 2021 | G16: 2022 | H16: 2023
A18: Предприятия и организации сферы туризма - всего | D18: 10 | E18: 11 | F18: 12 | G18: 11 | H18: 10
A20: Санаторно-курортные, оздоровительные учреждения
A21: и учреждения отдыха - всего | D21: 4 | E21: 4 | F21: 4 | G21: 2 | H21: 1
A22: Санаторно-курортные учреждения | D22: 4 | E22: 4 | F22: 1 | G22: 3 | H22: 3
A23: Деятельность туристических агентств (туристические агентства) | D23: 1 | E23: 2 | F23: 2 | G23: 1 | H23: 1
A24: Предприятия отдыха и туризма | D24: 2 | E24: 2 | F24: 2 | G24: 2 | H24: 2
A25: Природные парки и заповедники | D25: 3 | E25: 3 | F25: 3 | G25: 3 | H25: 3

Sheet труд2
A1: 9.3. Численность официально зарегистрированных безработных по полу
A2: (человек)
B3: 2019 | C3: 2020 | D3: 2021 | E3: 2022 | F3: 2023
A5: Всего | B5: 19479 | C5: =C6+C7 -> 19977 | D5: 19444 | E5: 17556 | F5: 16376
A6: Мужчин | B6: 10837 | C6: 11230 | D6: 11355 | E6: 10390 | F6: 9667
A7: Женщин | B7: 8642 | C7: 8747 | D7: 8089 | E7: 7166 | F7: 6709
A10: 9.4. Численность официально зарегистрированных безработных по возрасту
A11: (человек)
B12: 2019 | C12: 2020 | D12: 2021 | E12: 2022 | F12: 2023
A14: Всего в возрасте от 16 лет и старше | B14: 19479 | C14: =C15+C16+C17+C18+C19+C20+C21+C22+C23+C24+C25 -> 19977 | D14: 19444 | E14: 17556 | F14: 16376
A15: от 16 до 17 лет | B15: 437 | C15: 422 | D15: 472 | E15: 601 | F15: 504
A16: от 18 до 21 лет | B16: 3034 | C16: 2867 | D16: 2582 | E16: 2414 | F16: 2090
A17: от 22 до 24 лет | B17: 3148 | C17: 2833 | D17: 1862 | E17: 1411 | F17: 1317
A18: от 25 до 29 лет | B18: 1773 | C18: 2396 | D18: 2665 | E18: 2849 | F18: 2988
A19: от 30 до 34 лет | B19: 3762 | C19: 3846 | D19: 3872 | E19: 3314 | F19: 2921
A20: от 35 до 39 лет | B20: 3172 | C20: 3334 | D20: 3463 | E20: 3259 | F20: 3035
A21: от 40 до 44 лет | B21: 1977 | C21: 2116 | D21: 2251 | E21: 1928 | F21: 1877
A22: от 45 до 49 лет | B22: 1038 | C22: 1043 | D22: 1163 | E22: 942 | F22: 850
A23: от 50 до 54 лет | B23: 576 | C23: 572 | D23: 582 | E23: 466 | F23: 432
A24: от 55 до 59 лет | B24: 426 | C24: 412 | D24: 403 | E24: 280 | F24: 270
A25: от 60 лет и старше | B25: 136 | C25: 136 | D25: 129 | E25: 92 | F25: 92
A28: 9.5. Официально зарегистрированные безработные по образованию
A29: (человек)
B30: 2019 | C30: 2020 | D30: 2021 | E30: 2022 | F30: 2023
A32: Всего | B32: 19479 | C32: =C33+C38 -> 19977 | D32: 19444 | E32: 17556 | F32: 16376
A33: Мужчины | B33: 10837 | C33: =C34+C35+C36+C37 -> 11230 | D33: 11355 | E33: 10390 | F33: 9667
A34: Неполное среднее | B34: 2979 | C34: 140 | D34: 438 | E34: 3567 | F34: 3598
A35: Среднее общее | B35: 6550 | C35: 10540 | D35: 18060 | E35: 5595 | F35: 5621
A36: Среднее специальное | B36: 853 | C36: 376 | D36: 456 | E36: 227 | F36: 241
A37: Высшее | B37: 455 | C37: 174 | D37: 489 | E37: 241 | F37: 207
A38: Женщины | B38: 8642 | C38: =C39+C40+C41+C42 -> 8747 | D38: 8089 | E38: 7166 | F38: 6709
A39: Неполное среднее | B39: 2428 | C39: 355 | D39: 168 | E39: 2564 | F39: 2668
A40: Среднее общее | B40: 5249 | C40: 7790 | D40: 7384 | E40: 3863 | F40: 3487
A41: Среднее специальное | B41: 566 | C41: 381 | D41: 266 | E41: 266 | F41: 313
A42: Высшее | B42: 399 | C42: 221 | D42: 271 | E42: 253 | F42: 241

Sheet труд3
A1: 9.6. Численность официально зарегистрированных безработных по территории
A2: (человек)
B3: 2019 | C3: 2020 | D3: 2021 | E3: 2022 | F3: 2023
A5: Ошская область | B5: 19479 | C5: =C7+C8+C9+C10+C11+C12+C13+C14+C15 -> 19977 | D5: 19444 | E5: 17556 | F5: 16376
A6: районы:
A7: Алайский | B7: 1345 | C7: 1181 | D7: 1233 | E7: 1230 | F7: 919
A8: Араванский | B8: 2460 | C8: 2024 | D8: 1440 | E8: 1257 | F8: 1253
A9: Кара-Кулжинский | B9: 1726 | C9: 1665 | D9: 1864 | E9: 867 | F9: 423
A10: Кара-Сууский | B10: 2925 | C10: 3457 | D10: 3582 | E10: 4147 | F10: 3435
A11: г.Кара-Суу | B11: 226 | C11: 288 | D11: 289 | E11: 309 | F11: 281
A12: Ноокатский | B12: 8078 | C12: 7608 | D12: 7536 | E12: 5812 | F12: 6280
A13: Узгенский | B13: 1996 | C13: 2184 | D13: 2556 | E13: 2620 | F13: 2218
A14: г.Узген | B14: 480 | C14: 458 | D14: 578 | E14: 645 | F14: 550
A15: Чон-Алайский | B15: 949 | C15: 1112 | D15: 1233 | E15: 1623 | F15: 1848
A18: 9.7. Среднемесячная заработная плата работников предприятий, учреждений и организаций по видам экономической деятельности (сомов)
B21: 2019 | C21: 2020 | D21: 2021 | E21: 2022 | F21: 2023
A23: Всего | B23: 11368 | C23: 12712.4 | D23: 12557 | E23: 19762.4 | F23: 23134
A24: Сельское хозяйство, лесное хозяйство и рыболовство | B24: 9549.6 | C24: 8920.9 | D24: 8987 | E24: 14363.4 | F24: 22455
A25: Добыча полезных ископаемых | B25: 12905.7 | C25: 11939 | D25: 10088 | E25: 13399.7 | F25: 20801
A26: Обрабатывающие производства | B26: 14613.2 | C26: 15289.2 | D26: 14697 | E26: 21030.6 | F26: 21617
A27: Обеспечение (снабжение) электроэнергией, паром и кондицированным воздухом | B27: 20589.7 | C27: 23239.7 | D27: 23209 | E27: 31375.8 | F27: 39354
A28: Водоснабжение, очистка, обработка отходов | B28: 7177.6 | C28: 7877.9 | D28: 7891 | E28: 9720.3 | F28: 11830
A29: Строительство | B29: 10569.3 | C29: 8895.7 | D29: 8552 | E29: 13159.2 | F29: 16333
A30: Оптовая и розничная торговля, ремонт автомобилей и мотоциклов | B30: 8316.6 | C30: 6621.2 | D30: 7759 | E30: 10049.2 | F30: 13250
A31: Транспортная деятельность и хранение грузов | B31: 8992.9 | C31: 9012.9 | D31: 9471 | E31: 11749.2 | F31: 12555
A32: Деятельность гостиниц и ресторанов | B32: 6522.2 | D32: 5034 | E32: 9898.1 | F32: 5833
A33: Информация и связь | B33: 13875.7 | C33: 14815.8 | D33: 14945 | E33: 17116.8 | F33: 21612
A34: Финансовое посредничество и страхование | B34: 25229.8 | C34: 27197.2 | D34: 27511 | E34: 35790.9 | F34: 42792
A35: Операции с недвижимым имуществом | B35: 8892 | C35: 8202.7 | D35: 8479 | E35: 11292.6 | F35: 16157
A36: Профессиональная, научная и техническая деятельность | B36: 16268 | C36: 15955.4 | D36: 15778 | E36: 26100.4 | F36: 34323
A37: Административная и впомогательная деятельность | B37: 14143 | C37: 17025.9 | D37: 15464 | E37: 19239.3 | F37: 20041
A38: Государственное управление | B38: 16753 | C38: 18752.7 | D38: 18521 | E38: 23890.8 | F38: 38839
A39: Образование | B39: 10265 | C39: 12282.1 | D39: 12286 | E39: 20026.8 | F39: 22272
A40: Здравоохранение и социальное обслуживание населения | B40: 9469 | C40: 9346.9 | D40: 9355 | E40: 17483.8 | F40: 17499
A41: Искусство, развлечение и отдых | B41: 6603 | C41: 6635.3 | D41: 6696 | E41: 14447.5 | F41: 18244
A42: Прочая обслуживающая деятельность | B42: 5045 | C42: 5866.4 | D42: 5114 | E42: 6788 | F42: 8244
A43: Деятельность частных домашних хозяйств | B43: - | C43: - | D43: - | E43: - | F43: -
A44: Деятельность экстерриториальных организаций | B44: - | C44: - | D44: - | E44: - | F44: -

Sheet труд4
A1: 9.8. Среднемесячная заработная плата работников предприятий и учреждений сферы туризма по формам собственности
A2: (сомов)
B3: 2019 | C3: 2020 | D3: 2021 | E3: 2022 | F3: 2023
A5: Предприятия и организации сферы туризма - всего | B5: 8700 | C5: 8432 | D5: 7749 | E5: 12360.5 | F5: 23542
A6: в т.ч. Гостиницы
A7: Санаторно-курортные учреждения | B7: 7855.1 | C7: 7656.5 | D7: 7656 | E7: 9872.8 | F7: 18609
A8: Деятельность туристических агентств (туристические агентства) | B8: - | C8: - | D8: - | E8: - | F8: -
A9: Предприятия отдыха и туризма | B9: 6522 | C9: 0 | D9: 3297.2 | E9: 1833.3 | F9: 5833
A10: Природные парки и заповедники | B10: 10472 | C10: 9694.9 | D10: 9695 | E10: 18695.7 | F10: 29912
A15: 9.9. Среднемесячная заработная плата работников предприятий, учреждений и организаций по территории
A16: (сомов)
B17: 2019 | C17: 2020 | D17: 2021 | E17: 2022 | F17: 2023
A19: Ошская область | B19: 11368 | C19: 12712 | D19: 12557 | E19: 19762.4 | F19: 23134
A20: районы:
A21: Алайский | B21: 13862 | C21: 16137 | D21: 16006 | E21: 24109.7 | F21: 29587
A22: Араванский | B22: 9687 | C22: 11177 | D22: 11049 | E22: 17886.7 | F22: 21330
A23: Кара-Кулжинский | B23: 11904 | C23: 13492 | D23: 8958 | E23: 20683 | F23: 24931
A24: Кара-Сууский | B24: 10885 | C24: 11948 | D24: 11775 | E24: 18672.9 | F24: 21242
A25: в т.ч. г. Кара-Суу | B25: 13410 | C25: 12340 | D25: 12446 | E25: 19780.7 | F25: 22526
A26: Ноокатский | B26: 11414 | C26: 12419.9 | D26: 12327 | E26: 19673.8 | F26: 22739
A27: в т.ч. г. Ноокат | B27: 11092 | C27: 10922.1 | D27: 10846 | E27: 17973.9 | F27: 26106
A28: Узгенский | B28: 10755 | C28: 12242 | D28: 11949 | E28: 18437.2 | F28: 21842
A29: в т.ч. г. Узген | B29: 12520 | C29: 13762 | D29: 13646 | E29: 19798.8 | F29: 24980
A30: Чон-Алайский | B30: 15525 | C30: 16828 | D30: 16935 | E30: 27267.2 | F30: 31453

Sheet торг
A1: 10. ТОРГОВЛЯ И РЫНОЧНЫЕ УСЛУГИ
A2: 10.1.Оптовая и розничная торговля, ремонт автомобилей и мотоциклов
A3: (млн. сомов)
B4: 2019 | C4: 2020 | D4: 2021 | E4: 2022 | F4: 2023
A6: Всего | B6: 44980.3 | C6: 37473.1 | D6: =D7+D8+D9+D10+D11 -> 48279.8 | E6: =E7+E8+E9+E10+E11 -> 61984.7 | F6: =F7+F8+F9+F10+F11 -> 76071
A7: Оптовая и розничная торговля автомобилями и мотоциклами,их детелями,узлами и принадлежностями | B7: 248.8 | C7: 175.2 | D7: 249 | E7: 266.2 | F7: 291.8
A8: Техническое обслуживание и ремонт автомобилей | B8: 124.7 | C8: 103.6 | D8: 143.2 | E8: 184.3 | F8: 188.3
A9: Оптовая торговля | B9: 9470.2 | C9: 6230.5 | D9: 6224.1 | E9: 10245.8 | F9: 12323.4
A10: Розничная торговля моторным топливом | B10: 4236.1 | C10: 3483.4 | D10: 5707.9 | E10: 8144.7 | F10: 10356.8
A11: Розничная торговля, кроме торговли автомобилями и моторным топливом | B11: 30900.5 | C11: 27480.4 | D11: 35955.6 | E11: 43143.7 | F11: 52910.7
A14: 10.2. Индексы физического объема оборота оптовой и розничной
A15: торговли, ремонта автомобилей и мотоциклов
A16: (в процентах к предыдущему году)
B17: 2019 | C17: 2020 | D17: 2021 | E17: 2022 | F17: 2023
A19: Всего | B19: 105.8 | C19: 80 | D19: 111.6 | E19: 114.4 | F19: 116
A20: Оптовая и розничная торговля автомобилями и мотоциклами, их деталями, узлами и принадлежностями | B20: 102 | C20: 69.4 | D20: 136.1 | E20: 101.8 | F20: 104.1
A21: Техническое обслуживание и ремонт автомобилей | B21: 104 | C21: 89.3 | D21: 108.6 | E21: 104.2 | F21: 103
A22: Оптовая торговля | B22: 120.2 | C22: 61.9 | D22: 88.8 | E22: 149.9 | F22: 111.5
A23: Розничная торговля моторным топливом | B23: 99.3 | C23: 93.8 | D23: 114.3 | E23: 109.3 | F23: 135.2
A24: Розничная торговля, кроме торговли автомобилями и моторным топливом | B24: 103.1 | C24: 83.6 | D24: 116.3 | E24: 109.2 | F24: 113.6
A26: 10.3. Деятельность гостиниц и ресторанов
A27: (млн. сомов)
B28: 2019 | C28: 2020 | D28: 2021 | E28: 2022 | F28: 2023
A30: Всего | B30: 1180.5 | C30: 961.9 | D30: =C31+C32 -> 961.9 | E30: =D31+D32 -> 1196.5 | F30: =E31+E32 -> 1435.6
A31: Предоставление услуг гостиницами и услуг для туристического проживания, а также прочими местами для краткосрочного проживания | B31: 17.6 | C31: 7.4 | D31: 13 | E31: 14.7 | F31: 65.6
A32: Деятельность ресторанов, предоставление мобильных услуг и прочих услуг по обеспечению пищей | B32: 1162.9 | C32: 954.5 | D32: 1183.5 | E32: 1420.9 | F32: 1633.6
A35: 10.4. Индексы физического объема деятельности гостиниц и ресторанов
A36: (в процентах к предыдущему году)
B37: 2019 | C37: 2020 | D37: 2021 | E37: 2022 | F37: 2023
A39: Всего | B39: 103.2 | C39: 74.9 | D39: 107.7 | E39: 109 | F39: 110.2
A40: Предоставление услуг гостиницами и услуг для туристического проживания,а также прочими местами для краткосрочного проживания | B40: 115.3 | C40: 42.1 | D40: 175.1 | E40: 113.4 | F40: 445.7
A41: Деятельность ресторанов, предоставление мобильных услуг и прочих услуг по обеспечению пищей | B41: 103.1 | C41: 75.4 | D41: 107.2 | E41: 109 | F41: 106.7
A43: 10.5. Оптовая и розничная торговля, ремонт автомобилей и мотоциклов по формам собственности
A44: (млн. сомов)
B45: 2019 | C45: 2020 | D45: 2021 | E45: 2022 | F45: 2023
A47: Всего | B47: 44980.3 | C47: 37473.1 | D47: =D49+D50+D51+D52+D53 -> 48279.8 | E47: =E49+E50+E51+E52+E53 -> 61984.7 | F47: =F49+F50+F51+F52+F53 -> 76071
A49: Оптовая и розничная торговля автомобилями и мотоциклами, их детелями, узлами и принадлежности | B49: 248.8 | C49: 175.2 | D49: 249 | E49: 266.2 | F49: 291.8
A50: Техническое обслуживание и ремонт автомобилей | B50: 124.7 | C50: 103.6 | D50: 143.2 | E50: 184.3 | F50: 188.3
A51: Оптовая торговля | B51: 9470.2 | C51: 6230.5 | D51: 6224.1 | E51: 10245.8 | F51: 12323.4
A52: Розничная торговля моторным топливом | B52: 4236.1 | C52: 3483.4 | D52: 5707.9 | E52: 8144.7 | F52: 10356.8
A53: Розничная торговля, кроме торговли автомобилями и моторным топливом | B53: 30900.5 | C53: 27480.4 | D53: 35955.6 | E53: 43143.7 | F53: 52910.7
A55: Негосударственная | B55: 44980.3 | C55: 37473.1 | D55: =D56+D57+D58+D59+D60 -> 48279.8 | E55: =E56+E57+E58+E59+E60 -> 61984.7 | F55: =F56+F57+F58+F59+F60 -> 76071
A56: Оптовая и розничная торговля автомобилями и мотоциклами, их деталями, узлами и принадлежностями | B56: 248.8 | C56: 175.2 | D56: 249 | E56: 266.2 | F56: 291.8
A57: Техническое обслуживание и ремонт автомобилей | B57: 124.7 | C57: 103.6 | D57: 143.2 | E57: 184.3 | F57: 188.3
A58: Оптовая торговля и торговля через агентов | B58: 9470.2 | C58: 6230.5 | D58: 6224.1 | E58: 10245.8 | F58: 12323.4
A59: Розничная торговля моторным топливом | B59: 4236.1 | C59: 3483.4 | D59: 5707.9 | E59: 8144.7 | F59: 10356.8
A60: Розничная торговля, кроме торговли автомобилями и моторным топливом | B60: 30900.5 | C60: 27480.4 | D60: 35955.6 | E60: 43143.7 | F60: 52910.7
A63: 10.6. Оптовая и розничная торговля, ремонт автомобилей и мотоциклов по формам собственности
A64: (в процентах к итогу)
B65: 2019 | C65: 2020 | D65: 2021 | E65: 2022 | F65: 2023
A67: Всего | B67: 100 | C67: 100 | D67: 100 | E67: =E69+E70+E71+E72+E73 -> 100 | F67: =F69+F70+F71+F72+F73 -> 100
A69: Оптовая и розничная торговля автомобилями и мотоциклами, их детелями, узлами и принадлежности | B69: 0.6 | C69: 0.5 | D69: 0.5 | E69: 0.4 | F69: 0.4
A70: Техническое обслуживание и ремонт автомобилей | B70: 0.3 | C70: 0.3 | D70: 0.3 | E70: 0.3 | F70: 0.2
A71: Оптовая торговля | B71: 21 | C71: 16.6 | D71: 12.9 | E71: 16.3 | F71: 16.2
A72: Розничная торговля моторным топливом | B72: 9.4 | C72: 9.3 | D72: 11.8 | E72: 13 | F72: 13.6
A73: Розничная торговля, кроме торговли автомобилями и моторным топливом | B73: 68.7 | C73: 73.3 | D73: 74.5 | E73: 70 | F73: 69.6
A75: Негосударственная | B75: 100 | C75: 100 | D75: 100 | E75: 100 | F75: =F76+F77+F78+F79+F80 -> 100
A76: Оптовая и розничная торговля автомобилями и мотоциклами, их детелями, узлами и принадлежности | B76: 0.6 | C76: 0.5 | D76: 0.5 | E76: 0.4 | F76: 0.4
A77: Техническое обслуживание и ремонт автомобилей | B77: 0.3 | C77: 0.3 | D77: 0.3 | E77: 0.3 | F77: 0.2
A78: Оптовая торговля | B78: 21 | C78: 16.6 | D78: 12.9 | E78: 16.3 | F78: 16.2
A79: Розничная торговля моторным топливом | B79: 9.4 | C79: 9.3 | D79: 11.8 | E79: 13 | F79: 13.6
A80: Розничная торговля, кроме торговли автомобилями и моторным топливом | B80: 68.7 | C80: 73.3 | D80: 74.5 | E80: 70 | F80: 69.6
A83: 10.7. Деятельность гостиниц и ресторанов по формам собственности по формам собст
A84: по формам собственности
B85: 2019 | C85: 2020 | D85: 2021 | E85: 2022 | F85: 2023
A87: Миллион сомов
A88: Всего | B88: 1180.5 | C88: 961.9 | D88: 1196.5 | E88: 1435.7 | F88: 1699.2
A89: Негосударственная | B89: 1180.5 | C89: 961.9 | D89: 1196.5 | E89: 1435.7 | F89: 1699.2
A91: В процентах к итогу
A92: Всего | B92: 100 | C92: 100 | D92: 100 | E92: 100 | F92: 100
A93: Негосударственная | B93: 100 | C93: 100 | D93: 100 | E93: 100 | F93: 100
A96: 10.8. Услуги гостиниц по формам собственности
B98: 2019 | C98: 2020 | D98: 2021 | E98: 2022 | F98: 2023
A100: Миллион сомов
A101: Всего | B101: 17.6 | C101: 7.4 | D101: 13 | E101: 9 | F101: 65.6
A102: Негосударственная | B102: 17.6 | C102: 7.4 | D102: 13 | E102: 9 | F102: 65.6
A104: В процентах к итогу
A105: Всего | B105: 100 | C105: 100 | D105: 100 | E105: 100 | F105: 100
A106: Негосударственная | B106: 100 | C106: 100 | D106: 100 | E106: 100 | F106: 100
A110: 10.8. Услуги ресторанов по формам собственности
B111: 2019 | C111: 2020 | D111: 2021 | E111: 2022 | F111: 2023
A113: Миллион сомов
A114: Всего | B114: 1162.9 | C114: 954.5 | D114: 1183.5 | E114: 1420.9 | F114: 1633.6
A115: Негосударственная | B115: 1162.9 | C115: 954.5 | D115: 1183.5 | E115: 1420.9 | F115: 1633.6
A116: В процентах к итогу
A117: Всего | B117: 100 | C117: 100 | D117: 100 | E117: 100 | F117: 100
A118: Негосударственная | B118: 100 | C118: 100 | D118: 100 | E118: 100 | F118: 100
A122: 10.10. Оптовая и розничная торговля,
A123: ремонт автомобилей и мотоциклов
A124: (млн. сомов)
B125: 2019 | C125: 2020 | D125: 2021 | E125: 2022 | F125: 2023
A127: Ошская область | B127: 44980.3 | C127: 37473.1 | D127: =D129+D130+D131+D132+D133+D134+D135 -> 48279.8 | E127: =E129+E130+E131+E132+E133+E134+E135 -> 61984.7 | F127: =F129+F130+F131+F132+F133+F134+F135 -> 76071
A128: районы:
A129: Алайский | B129: 1258.9 | C129: 1078.6 | D129: 1366.5 | E129: 1666.6 | F129: 2028.5
A130: Араванский | B130: 1477.8 | C130: 1276.6 | D130: 1644.1 | E130: 2031.1 | F130: 2323.9
A131: Кара-Кулжинский | B131: 941.9 | C131: 867.2 | D131: 1158.3 | E131: 1345.1 | F131: 1512.2
A132: Кара-Сууский | B132: 28265.7 | C132: 23864.7 | D132: 29706.3 | E132: 39339.1 | F132: 49573.3
A133: Ноокатский | B133: 5256.5 | C133: 4026.9 | D133: 5528.1 | E133: 6623.7 | F133: 7745.9
A134: Узгенский | B134: 6757.4 | C134: 5597.1 | D134: 7843.8 | E134: 9764.9 | F134: 11490.3
A135: Чон-Алайский | B135: 1022.1 | C135: 762 | D135: 1032.7 | E135: 1214.2 | F135: 1396.9
...

Sheet торг1
A1: 10.14. Объем оборота розничной торговли,
A2: включая предприятия питания, по каналам реализации
B4: 2019 | C4: 2020 | D4: 2021 | E4: 2022 | F4: 2023
A6: Миллион сомов
A7: Все каналы реализации | B7: 36548.2 | C7: 32093.4 | D7: =D8+D9 -> 43095.9 | E7: =E8+E9 -> 52975.5 | F7: =F8+F9 -> 65192.9
A8: Торгующие организации | B8: 8097.9 | C8: 7113.2 | D8: 10199.1 | E8: 13133.9 | F8: 16479.6
A9: Торговля на всех типах рынков | B9: 28450.3 | C9: 24980.2 | D9: 32896.8 | E9: 39841.6 | F9: 48713.3
A12: Все каналы реализации | B12: 101.9 | C12: 82.6 | D12: 119.4 | E12: 111.9 | F12: 114
A13: Торгующие организации | B13: 96.4 | C13: 82.6 | D13: 127.5 | E13: 117.2 | F13: 116.3
A14: Торговля на всех типах рынков | B14: 103.5 | C14: 82.6 | D14: 117.1 | E14: 110.3 | F14: 113.3
A17: 10.15. Розничная торговля, включая оборот предприятий
A18: питания по территории
A19: млн. сомов)
B20: 2019 | C20: 2020 | D20: 2021 | E20: 2022 | F20: 2023
A22: Ошская область | B22: 36548.2 | C22: 32093.4 | D22: =D24+D25+D26+D27+D29+D31+D33 -> 43095.9 | E22: =E24+E25+E26+E27+E29+E31+E33 -> 52975.5 | F22: =F24+F25+F26+F27+F29+F31+F33 -> 65192.9
A23: районы:
A24: Алайский | B24: 1330.3 | C24: 1140 | D24: 1442.2 | E24: 1751.8 | F24: 2072.7
A25: Араванский | B25: 1364.6 | C25: 1206.9 | D25: 1603.7 | E25: 1870.8 | F25: 2280.9
A26: Кара-Кулжинский | B26: 965.9 | C26: 884.9 | D26: 1179.8 | E26: 1368.6 | F26: 1538.3
A27: Кара-Сууский | B27: 19483.5 | C27: 18277.8 | D27: 24160.5 | E27: 30070.2 | F27: 38402.2
A28: г.Кара-Суу | B28: 11202.3 | C28: 11779.5 | D28: 14024.1 | E28: 15868.4 | F28: 18015.8
A29: Ноокатский | B29: 5408.9 | C29: 4166.2 | D29: 5724.8 | E29: 6844.7 | F29: 7910.2
A30: г. Ноокат | B30: 2731.2 | C30: 2242.9 | D30: 1905 | E30: 2117.2 | F30: 2372.2
A31: Узгенский | B31: 6964.7 | C31: 5651.5 | D31: 7949.3 | E31: 9852 | F31: 11588.1
A32: г.Узген | B32: 4249 | C32: 3712.1 | D32: 5193.6 | E32: 5746.2 | F32: 6534.3
A33: Чон-Алайский | B33: 1030.3 | C33: 766.1 | D33: 1035.6 | E33: 1217.4 | F33: 1400.5
A36: 10.16. Индексы физического объема оборота розничной торговли,
A37: включая предприятия питания по территории
A38: (в процентах к предыдущему году)
B39: 2019 | C39: 2020 | D39: 2021 | E39: 2022 | F39: 2023
A41: Ошская область | B41: 101.9 | C41: 82.6 | D41: 119.4 | E41: 111.9 | F41: 114
A42: районы:
A43: Алайский | B43: 104.1 | C43: 80.6 | D43: 112.5 | E43: 110.6 | F43: 109.6
A44: Араванский | B44: 102.8 | C44: 83.2 | D44: 118.1 | E44: 106.2 | F44: 113
A45: Кара-Кулжинский | B45: 100.7 | C45: 86.2 | D45: 118.5 | E45: 105.6 | F45: 104.2
A46: Кара-Сууский | B46: 101.1 | C46: 88.2 | D46: 117.5 | E46: 113.3 | F46: 118.3
A47: г.Кара-Суу | B47: 102.3 | C47: 98.9 | D47: 105.8 | E47: 60.1 | F47: 105.2
A48: Ноокатский | B48: 102.9 | C48: 72.4 | D48: 122.2 | E48: 108.9 | F48: 107.1
A49: г. Ноокат | B49: 104.5 | C49: 77.2 | D49: 75.5 | E49: 101.2 | F49: 103.8
A50: Узгенский | B50: 102.7 | C50: 76.3 | D50: 125.1 | E50: 112.8 | F50: 109
A51: г.Узген | B51: 102.9 | C51: 82.2 | D51: 124.4 | E51: 100.7 | F51: 105.4
A52: Чон-Алайский | B52: 101.7 | C52: 69.9 | D52: 120.2 | E52: 107 | F52: 106.6
A56: 10.17. Розничная торговля по типам предприятий
A57: (млн. сомов)
B58: 2019 | C58: 2020 | D58: 2021 | E58: 2022 | F58: 2023
A60: Всего | B60: 36548.2 | C60: 32093.4 | D60: =D61+D62+D63+D64 -> 43095.9 | E60: 52975.5 | F60: =F61+F62+F63+F64 -> 65192.9
A61: Крупные предприятия | B61: 499 | C61: 494.2 | D61: 362.7 | E61: 179.6 | F61: 483.5
A62: Средние предприятия | B62: 1248 | C62: 1145.9 | D62: 1599.9 | E62: 1531.1 | F62: 1648.8
A63: Малые предприятия | B63: 6350.9 | C63: 5473.1 | D63: 4819.3 | E63: 9379.4 | F63: 14367.3
A64: Индивидуальные предприниматели | B64: 28450.3 | C64: 24980.2 | D64: 36314 | E64: 41885.4 | F64: 48693.3
A67: 10.18. Розничная торговля, включая предприятия питания,
A68: по формам собственности
B70: 2019 | C70: 2020 | D70: 2021 | E70: 2022 | F70: 2023
A72: Миллион сомов
A73: Всего | B73: 36548.2 | C73: 32093.4 | D73: 43095.9 | E73: 52975.5 | F73: 65192.9
A74: Негосударственная | B74: 36548.2 | C74: 32093.4 | D74: 43095.9 | E74: 52975.5 | F74: 62192.9
A75: В процентах к итогу
A76: Всего | B76: 100 | C76: 100 | D76: 100 | E76: 100 | F76: 100
A77: Негосударственная | B77: 100 | C77: 100 | D77: 100 | E77: 100 | F77: 100
A80: 10.19. Объем рыночных услуг по территории
A81: (млн. сомов)
B82: 2019 | C82: 2020 | D82: 2021 | E82: 2022 | F82: 2023
A84: Ошская область | B84: 49924.7 | C84: 41797.6 | D84: 53791.8 | E84: =E86+E87+E88+E89+E90+E91+E92 -> 68010 | F84: =F86+F87+F88+F89+F90+F91+F92 -> 82888
A85: в том числе районы:
A86: Алайский | B86: 1514 | C86: 1302 | D86: 1646.5 | E86: 1971.4 | F86: 2367.6
A87: Араванский | B87: 1908.6 | C87: 1693.6 | D87: 2187.5 | E87: 2632 | F87: 2946.9
A88: Кара-Кулжинский | B88: 1266.8 | C88: 1055.2 | D88: 1396.3 | E88: 1604 | F88: 1839.1
A89: Кара-Сууский | B89: 30271 | C89: 25724.5 | D89: 31994.9 | E89: 41768.6 | F89: 52334.1
A90: Ноокатский | B90: 6172.7 | C90: 4739.2 | D90: 6454.6 | E90: 7625.2 | F90: 8885.8
A91: Узгенский | B91: 7650.2 | C91: 6396.6 | D91: 8936.9 | E91: 11044.7 | F91: 12956.4
A92: Чон-Алайский | B92: 1141.4 | C92: 886.5 | D92: 1175.1 | E92: 1364.1 | F92: 1558.1

Sheet услуги
A1: 10.20. Объем рыночных услуг по видам экономической деятельности
A2: млн.сомов
B3: 2019 | C3: 2020 | D3: 2021 | E3: 2022 | F3: 2023
A4: Всего рыночные услуги | B4: 49924.7 | C4: 41797.6 | D4: 53791.8 | E4: =E5+E6+E7+E8+E9+E10+E11+E12+E13+E14+E15+E16 -> 68010 | F4: =F5+F6+F7+F8+F9+F10+F11+F12+F13+F14+F15+F16 -> 82888.1
A5: Оптовая и розничная торговля автомобилями и мотоциклами, их деталями, узлами и принадлежностями | B5: 44980.3 | C5: 37473.1 | D5: 48279.8 | E5: 61984.7 | F5: 76071
A6: Транспортная деятельность и хранение грузов | B6: 1779.6 | C6: 961.9 | D6: 1750.7 | E6: 1695.7 | F6: 1798.6
A7: Услуги гостиниц и ресторанов | B7: 1180.5 | C7: 1388 | D7: 1196.5 | E7: 1435.7 | F7: 1699.3
A8: Информация и связь | B8: 79.2 | C8: 99.4 | D8: 138.9 | E8: 141 | F8: 139.1
A9: Финансовое посредничество и страхование | B9: 847.5 | C9: 866.7 | D9: 1063.5 | E9: 1124.3 | F9: 1115.2
A10: Операции с недвижимым имуществом | B10: 79.9 | C10: 93.9 | D10: 138.5 | E10: 165.2 | F10: 201.2
A11: Профессиональная, научная и техническая деятельность | B11: 237.7 | C11: 207.1 | D11: 283.2 | E11: 295.8 | F11: 386.8
A12: Административная и вспомогательная деятельность | B12: 139.9 | C12: 148.6 | D12: 172 | E12: 164.7 | F12: 247.3
A13: Образование | B13: 250.7 | C13: 123.4 | D13: 312.4 | E13: 421.3 | F13: 518.3
A14: Здравоохранение и социальное обслуживание населения | B14: 107.8 | C14: 167.7 | D14: 178.7 | E14: 263 | F14: 288.4
A15: Искусство, развлечения и отдых | B15: 27.9 | C15: 30.5 | D15: 31.8 | E15: 54.3 | F15: 67
A16: Прочая обслуживающая деятельность | B16: 213.7 | C16: 237.3 | D16: 245.8 | E16: 264.3 | F16: 355.9
A19: 10.21. Индексы физического объема рыночных услуг по видам экономической деятельности
A20: в процентах к предыдущему году
B21: 2019 | C21: 2020 | D21: 2021 | E21: 2022 | F21: 2023
A22: Всего рыночные услуги | B22: 105.4 | C22: 80.9 | D22: 111.2 | E22: 113.8 | F22: 115.2
A23: Оптовая и розничная торговля автомобилями и мотоциклами, их деталями, узлами и принадлежностями | B23: 105.8 | C23: 80 | D23: 111.6 | E23: 114.4 | F23: 116
A24: Транспортная деятельность и хранение грузов | B24: 101.2 | C24: 92 | D24: 106.5 | E24: 107.9 | F24: 110.6
A25: Услуги гостиниц и ресторанов | B25: 103.2 | C25: 74.9 | D25: 107.7 | E25: 109 | F25: 110.2
A26: Информация и связь | B26: 95.7 | C26: 93.6 | D26: 97.7 | E26: 91.6 | F26: 96
A27: Финансовое посредничество и страхование | B27: 100.3 | C27: 100 | D27: 99.9 | E27: 107.8 | F27: 101.5
A28: Операции с недвижимым имуществом | B28: 100.3 | C28: 98.1 | D28: 100 | E28: 96.4 | F28: 83.1
A29: Профессиональная, научная и техническая деятельность | B29: 92.9 | C29: 95.8 | D29: 97.4 | E29: 103.8 | F29: 101.5
A30: Административная и вспомогательная деятельность | B30: 98.1 | C30: 95.7 | D30: 102.3 | E30: 100.8 | F30: 109.6
A31: Образование | B31: 112.3 | C31: 48.8 | D31: 251.1 | E31: 132.8 | F31: 117.3
A32: Здравоохранение и социальное обслуживание населения | B32: 104.6 | C32: 152.9 | D32: 102.7 | E32: 142.3 | F32: 107.4
A33: Искусство, развлечения и отдых | B33: 101.6 | C33: 101.3 | D33: 99.8 | E33: 81.8 | F33: 104.9
A34: Прочая обслуживающая деятельность | B34: 101.3 | C34: 99.1 | D34: 94.8 | E34: 85.4 | F34: 93.8

Sheet инд
A1: 11. ЦЕНЫ И ТАРИФЫ
A2: 11.1. Индекс потребительских цен и тарифов на товары и услуги
A3: (в процентах к декабрю предыдущего года)
B4: 2019 | C4: 2020 | D4: 2021 | E4: 2022 | F4: 2023
A6: Все товары и платные услуги | B6: 101.3 | C6: 107.7 | D6: 110.7 | E6: 109.38 | F6: 108.19191
A8: Товары | B8: 101.4 | C8: 109 | D8: 111.2 | E8: 109.27 | F8: 107.92
A9: Продовольственные | B9: 101.1 | C9: 114 | D9: 113.9 | E9: 110.3 | F9: 107.1
A10: Непродовольственные | B10: 100.3 | C10: 102 | D10: 108 | E10: 107.19 | F10: 107.2
A11: Платные услуги | B11: 100.8 | C11: 101.2 | D11: 107.7 | E11: 110 | F11: 109.2
A12: Хлеб, хлебобулочные изделия и крупы | B12: 100.4 | C12: 108.5 | D12: 108.3 | E12: 111.59 | F12: 111.46057
A13: Мясо | B13: 105.1 | C13: 121.7 | D13: 114.5 | E13: 106.99 | F13: 103.97024
A14: Рыба | B14: 110.1 | C14: 99.9 | D14: 108.1 | E14: 104.47 | F14: 103.11843
A15: Молочные изделия, сыр и яйца | B15: 99.8 | C15: 108.5 | D15: 114.6 | E15: 101.13 | F15: 109.96881
A16: Масла и жиры | B16: 100.1 | C16: 133.4 | D16: 125.7 | E16: 106.11 | F16: 95.3957
A17: Фрукты и овощи | B17: 98.4 | C17: 110.5 | D17: 118.3 | E17: 100.72 | F17: 112.69168
A18: Сахар, джем, мед, шоколад и конфеты | B18: 97.1 | C18: 110.4 | D18: 120.8 | E18: 124.33 | F18: 99.555317
... A30: Рестораны и гостиницы | B30: 97.7 | C30: 101.6 | D30: 112.8 | E30: 111.56 | F30: 104.7308
A34: 11.2. Средние потребительские цены (тарифы) на отдельные виды товаров (услуг) на потребительском рынке
A35: (в сомах за килограмм, штуку, пару, услугу)
B36: 2019 | C36: 2020 | D36: 2021 | E36: 2022 | F36: 2023
A38: Рис среднезерный | B38: 74.15 | C38: 90.31 | D38: 93.05 | E38: 96.2 | F38: 131.64
A39: Хлеб из муки 1 сорта | B39: 62.11 | C39: 64.05 | D39: 64.23 | E39: 69.5 | F39: 72.74
A40: Мука пшеничная 1 сорта | B40: 32.54 | C40: 37.4 | D40: 39.75 | E40: 48.33 | F40: 50.5
A41: Говядина | B41: 324.52 | C41: 369.48 | D41: 460.37 | E41: 508.04 | F41: 524.65
A42: Баранина | B42: 327.86 | C42: 378.93 | D42: 489.69 | E42: 574.59 | F42: 600
A43: Молоко цельное разливное, л | B43: 30.5 | C43: 32.95 | D43: 38.58 | E43: 46.77 | F43: 49.67
A44: Яйца куриные, 10 шт. | B44: 87.65 | C44: 94.45 | D44: 119.32 | E44: 127.44 | F44: 136.08
A45: Масло сливочное | B45: 356.91 | C45: 360.66 | D45: 357.55 | E45: 428.2 | F45: 460.01
A46: Масло подсолнечное, кг | B46: 94.41 | C46: 104.08 | D46: 165.03 | E46: 181.16 | F46: 165.46
A47: Яблоки | B47: 40.48 | C47: 66.78 | D47: 57.02 | E47: 55.42 | F47: 78.82
A48: Лук репчатый | B48: 21.03 | C48: 21.36 | D48: 22.66 | E48: 30.05 | F48: 28.1
A49: Картофель | B49: 20.11 | C49: 26.02 | D49: 35.82 | E49: 31.05 | F49: 28.95
... A62: Стрижка модельная (женская) | B62: 306.58 | C62: 298.94 | D62: 307.22 | E62: 360.73 | F62: 387.27
B63: Продолжение
B64: 2019 | C64: 2020 | D64: 2021 | E64: 2022 | F64: 2023
A65: Абонентская плата за телефон, за месяц | B65: 60.34 | C65: 62.24 | D65: 62.24 | E65: 62.24 | F65: 103.74
A66: Плата за электричество (за кВт/ч) | B66: 0.77 | C66: 0.77 | D66: 0.77 | E66: 0.77 | F66: 1
A69: 11.3. Средние потребительские тарифы на отдельные виды услуг, оказываемых населению, в сфере туризма
A70: (в сомах)
B71: 2019 | C71: 2020 | D71: 2021 | E71: 2022 | F71: 2023
A73: Проживание в гостинице (за сутки с человека) | B73: 0 | C73: 0 | D73: 0 | E73: 0 | F73: 0
A74: Санаторий, дом отдыха профсоюзный (за 1 день с человека) | B74: 0 | C74: 0 | D74: 0 | E74: 0 | F74: 0
A75: Пригородный автобус (за 1 поездку с человека в расчете на 35 км) | B75: 79.66 | C75: 79.72 | D75: 79.95 | E75: 80 | F75: 99.63
A76: Такси (на расстояние 5 км в городе) | B76: 36.37 | C76: 39.97 | D76: 44.39 | E76: 59.95 | F76: 68.06
A77: Городской пассажирский транспорт (за 1 поездку) | B77: 10 | C77: 10 | D77: 10 | E77: 12.8 | F77: 15
A78: Междугородная телефонная связь внутри области (за 1 минуту) | B78: 4.77 | C78: 4.8 | D78: 4.57 | E78: 3.88 | F78: 3.97
A79: Питание в столовой, комплексный обед (на 1 человека) | B79: 242.95 | C79: 244.66 | D79: 265.04 | E79: 348.32 | F79: 371.31
A80: Обед в ресторане (на 1 человека) | B80: 376.59 | C80: 374.83 | D80: 393.9 | E80: 439.1 | F80: 461.7
A81: Печать фотографий (фотографии для паспорта за 4 штуки) | B81: 78.21 | C81: 78.21 | D81: 78.48 | E81: 87.25 | F81: 90

Sheet Госсектор
A1: 12. ГОСУДАРСТВЕННЫЕ ФИНАНСЫ
A2: 12.1. Республиканский бюджет
A3: (тысяч сомов)
B4: 2019 | C4: 2020 | D4: 2021 | E4: 2022 | F4: 2023
A6: Доходы, всего | B6: 1501671.8 | C6: 1311965.3 | D6: 1943128 | E6: 2107690.7 | F6: 3583750.3
A7: Доходы от операционной деятельности | B7: 1501671.8 | C7: 1311965.3 | D7: 1943128 | E7: 2107690.7 | F7: 3583750.3
A8: Налоговые доходы | B8: 1302281.3 | C8: 1141863.8 | D8: 1742895.2 | E8: 1855845.7 | F8: 3253217.4
A9: Налоги на доходы и прибыль | B9: 624402.7 | C9: 403 975,2 | D9: 588270.9 | E9: 578744.6 | F9: 1095177
A10: подоходный налог с физических лиц-резидентов Кыргызской Республики | B10: 295843.8 | C10: 166640.7 | D10: 103521.9 | E10: 136083.7 | F10: 155838
A11: налог на доходы лиц-нерезидентов Кыргызской Республики | B11: 295843.8 | C11: 166640.7 | D11: 103521.9 | E11: 136083.7 | F11: 155838
A12: налоги на прибыль | B12: 328558.9 | C12: 237334.5 | D12: 484749 | E12: 422660.9 | F12: 561998.7
A13: Налоги на товары и услуги | B13: 677800.8 | C13: 737884.9 | D13: 1154617.1 | E13: 1276239 | F13: 2157565.4
A14: налог на добавленную стоимость | B14: 430682.5 | C14: 477438 | D14: 751920.5 | E14: 802788.9 | F14: 1279460.4
A15: налог с продаж | B15: 134864.4 | C15: 160963 | D15: 279305.7 | E15: 378426.6 | F15: 770311.9
A16: акцизный налог | B16: 147.6 | C16: 24512.5 | D16: 23110.1 | E16: 12618.2 | F16: 37767.7
A17: налоги за использование недр | B17: 112106.3 | C17: 74971.3 | D17: 100280.8 | E17: 82405.2 | F17: 70025.4
A18: Прочие налоги и сборы | B18: 77.7 | C18: 3.7 | D18: 7.2 | E18: 862 | F18: 475
A19: Неналоговые доходы | B19: 199390.6 | C19: 170101.5 | D19: 200232.8 | E19: 251845 | F19: 330532.9
A20: Доходы от собственности и проценты | B20: 15543.8 | C20: 3880 | D20: 7348.5 | E20: 22566.3 | F20: 30331.8
A21: Доходы от продажи товаров и оказания услуг | B21: 141800.7 | C21: 120810 | D21: 149012.5 | E21: 174224.3 | F21: 222867.3
... A24: Штрафы,пени, санкции, конфискации | B24: 1875.9 | C24: 1973.4 | D24: 301.6 | E24: 436.4 | F24: 1461.8
A25: Добровольные трансферты и гранты единицам государственного сектора | B25: 566.1 | C25: 1156, 0 | D25: 971.5 | E25: 2502.7 | F25: 1931.8
A26: Прочие неналоговые доходы | B26: 39604.1 | C26: 42282.1 | D26: 42598.5 | E26: 52115.2 | F26: 73940.2
A27: Доходы от продажи нефинансовых активов | B27: - | C27: - | D27: - | E27: -
A28: Расходы, всего | B28: 8485776.5 | C28: 9415583.5 | D28: 10182607 | E28: 15100736 | F28: 18072080
A29: Расходы от осуществления операционной деятельности | B29: 7995614 | C29: 9117776.7 | D29: 9786772.1 | E29: 14725192 | F29: 17555355
A30: Государственные службы общего назначения | B30: 245690.2 | C30: 368720.8 | D30: 408741 | E30: 263395.4 | F30: 468302.6
A31: Оборона, общественный порядок и безопасность | B31: 278648.3 | C31: 371452.8 | D31: 427575.2 | E31: 603337 | F31: 924182.2
A32: Государственные услуги, связанные с экономической деятельностью | B32: 117975.4 | C32: 100720.6 | D32: 109479 | E32: 306936.5 | F32: 403315.8
A33: Охрана окружающей среды | B33: 10693.3 | C33: 9673.2 | D33: 10367.1 | E33: 18131.6 | F33: 30881.7
A34: Здравоохранение | B34: 73539.5 | C34: 76705.8 | D34: 86790.2 | E34: 127629.8 | F34: 138371.8
A35: Отдых, культура и религия | B35: 52873.7 | C35: 70029.5 | D35: 83994.2 | E35: 150790.8 | F35: 203319.7
A36: Образование | B36: 5028811.9 | C36: 6054214.6 | D36: 6381099.7 | E36: 10067870 | F36: 11838150
A37: Социальная защита | B37: 2187386.4 | C37: 2066259.4 | D37: 2278725.6 | E37: 3187100 | F37: 3548831.3
A38: Расходы на приобретение нефинансовых активов | B38: 490157.7 | C38: 297806.9 | D38: 395834.8 | E38: 375544.7 | F38: 516725
A51: 12.2. Местный бюджет
A52: (тысяч сомов)
B53: 2019 | C53: 2020 | D53: 2021 | E53: 2022 | F53: 2023
A55: Доходы, всего | B55: 2307836.8 | C55: 2063360.7 | D55: 2614921.1 | E55: 3400416.5 | F55: 4199993.6
A56: Доходы от операционной деятельности | B56: 2297188.4 | C56: 2040967.3 | D56: 2584922.4 | E56: 3375770.1 | F56: 4180533.7
A57: Налоговые доходы | B57: 1181125.1 | C57: 1160455.2 | D57: 1492143.9 | E57: 1979340.7 | F57: 2237981.2
A58: Налоги на доходы и прибыль | B58: 722572.8 | C58: 799906.1 | D58: 1133513 | E58: 1672062.7 | F58: 1876218.7
A59: подоходный налог с физических лиц-резидентов Кыргызской Республики | B59: 449497.1 | C59: 591095.3 | D59: 859454.5 | E59: 1282895.7 | F59: 1606924.4
A60: поступления по единому налогу | B60: 3176.6 | C60: 3086.6 | D60: 4238.2 | E60: 120944.4 | F60: 0
A61: налог на основе патента | B61: 269899 | C61: 205724.2 | D61: 269820.3 | E61: 268222.6 | F61: 269294.3
A62: Налоги на собственность | B62: 270865.2 | C62: 264795.1 | D62: 285116.2 | E62: 276382.9 | F62: 321129.7
A63: налог на имущество | B63: 140408.1 | C63: 136743.5 | D63: 142794.9 | E63: 171566 | F63: 195839.4
A64: земельный налог | B64: 130457.2 | C64: 128051.5 | D64: 142321.3 | E64: 104816.9 | F64: 125290.3
A65: Налоги на товары и услуги | B65: 187640.7 | C65: 95751.5 | D65: 73504.1 | E65: 30722 | F65: 40470.5
A66: налог с продаж | B66: 134864.4 | C66: 53654.3 | D66: - | E66: - | F66: -
A67: налоги за пользование недрами | B67: 52776.3 | C67: 42097.2 | D67: 73504.1 | E67: 30722 | F67: 40470.5
A68: Прочие налоги и сборы | B68: 46.3 | C68: 2.5 | D68: 10.6 | E68: 173.1 | F68: 162.3
A69: Полученные официальные трансферты | B69: 694790.7 | C69: 665350 | D69: 738893.2 | E69: 924951.6 | F69: 1305911.4
A70: Неналоговые доходы | B70: 421272.6 | C70: 215162.1 | D70: 353885.3 | E70: 471477.8 | F70: 636641.1
A71: Доходы от собственности и проценты | B71: 179172.9 | C71: 141980.5 | D71: 151364.5 | E71: 189578.5 | F71: 261742.4
A72: Доходы от продажи товаров и оказания услуг | B72: 193696.9 | C72: 59135.5 | D72: 185939.8 | E72: 258155.8 | F72: 340241.7
A73: сборы и платежи | B73: 13640.7 | C73: 14782.9 | D73: 16508.3 | E73: 18361.1 | F73: 22320.1
A74: поступления от оказания платных услуг | B74: 178243.7 | C74: 42401.2 | D74: 167134 | E74: 237751.9 | F74: 315093
A75: Штрафы,пени, санкции, конфискации | B75: 20 | C75: 550.9 | D75: 33.5 | E75: - | F75: -
A76: Добровольные трансферты и гранты единицам государственного сектора | B76: 34933.5 | C76: 49.4 | D76: 4246.9 | E76: 12077.5 | F76: 16332
A77: Прочие неналоговые доходы | B77: 13449.3 | C77: 13445.8 | D77: 12300.5 | E77: 11666 | F77: 18325
A78: Доходы от продажи нефинансовых активов | B78: 10648.3 | C78: 22393.4 | D78: 29998.7 | E78: 24646.4 | F78: 19459.9
A79: Расходы, всего | B79: 2292488.8 | C79: 1974793.2 | D79: 2601354.4 | E79: 3297164.2 | F79: 4222161.9
A80: Расходы от осуществления операционной деятельности | B80: 1625029.8 | C80: 1427619.8 | D80: 1818071.1 | E80: 2303396.7 | F80: 3190229.5
A81: Государственные службы общего назначения | B81: 618258 | C81: 633408.4 | D81: 694782.2 | E81: 948231.4 | F81: 1374300.2
A82: Оборона, общественный порядок и безопасность | B82: 4500.5 | C82: 14927.6 | D82: 7620.3 | E82: 11332.2 | F82: 10207.5
A83: Государственные услуги, связанные с экономической деятельностью | B83: 65663.5 | C83: 66772.6 | D83: 88075 | E83: 112178.9 | F83: 167256.2
A84: Жилищные и коммунальные услуги | B84: 227158.9 | C84: 224453 | D84: 274445.1 | E84: 327417.4 | F84: 499833.8
A85: Здравоохранение | B85: - | C85: - | D85: - | E85: 67.3 | F85: 238.3
A86: Отдых, культура и религия | B86: 103067.6 | C86: 83676 | D86: 110479.7 | E86: 182875.5 | F86: 212811.3
A87: Образование | B87: 536000.4 | C87: 334702.6 | D87: 552772 | E87: 611479.2 | F87: 814623.7
A88: Социальная защита | B88: 70380.9 | C88: 69679.6 | D88: 89896.8 | E88: 109814.8 | F88: 110958.5
A89: Расходы на приобретение нефинансовых активов | B89: 667459 | C89: 547173.4 | D89: 783283.2 | E89: 993767.6 | F89: 1031932.4

Sheet фин1
A1: 12. ФИНАНСОВАЯ ДЕЯТЕЛЬНОСТЬ ПРЕДПРИЯТИЙ И ОРГАНИЗАЦИЙ
A2: 12.1. Выручка (валовой доход) от реализации
A3: продукции (работ, услуг) по видам деятельности
A4: (тысяч сомов)
B5: 2019 | C5: 2020 | D5: 2021 | E5: 2022 | F5: 2023
A7: Всего | B7: 12418781 | C7: 11296637 | D7: 15220250 | E7: 17206058 | F7: 22426867
A9: Сельское хозяйство, лесное хозяйство и рыболовство | B9: 129503.3 | C9: 172076.7 | D9: 144899.2 | E9: 272266.9 | F9: 243069.6
A10: Добыча полезных ископаемых | B10: 3329999 | C10: 1845591 | D10: 2422986.7 | E10: 3083098.8 | F10: 5083897.5
A11: Обрабатывающие производства | B11: 6699311.9 | C11: 7170893.3 | D11: 9921464.2 | E11: 10926707 | F11: 12444140
A12: Производство пищевых продуктов(включая напитки) и табачных изделий | B12: 93565.7 | C12: 127345.7 | D12: 158136 | E12: 265191.1 | F12: 284690
A13: Текстильное производство, производство одежды и обуви, кожи и кожанных изделий | B13: 669574.4 | C13: 872784.5 | D13: 1096848.1 | E13: 1067060.3 | F13: 1128197.1
A14: Производство деревянных и бумажных изделий, полиграфическая деятельность | B14: 111755 | C14: 117105.3 | D14: 151327.5 | E14: 215477 | F14: 254891.9
A15: Производство химической продукции | B15: 1645 | C15: 2251 | D15: 2078.1 | E15: 1993.8 | F15: 1601
A16: Производство фармацевтической продукции | B16: 33108 | C16: 7150 | D16: 122.4 | E16: - | F16: -
A17: Производство резиновых и пластмассовых изделий, прочих неметаллических минеральных продуктов | B17: 5752621.1 | C17: 5982801.5 | D17: 8415357.9 | E17: 9270872 | F17: 10669006
A18: Производство основных металлов и готовых металлических изделий | B18: 775 | C18: 22885 | D18: 18240 | E18: 5511.3 | F18: 7182.5
A19: Производство электрического оборудования | B19: 36267.7 | C19: 38570.3 | D19: 79258.6 | E19: 88981.9 | F19: 67818.5
A20: Обеспечение (снабжение) электроэнергией, паром и кондиционированным воздухом | B20: 18095.1 | C20: 21800.1 | D20: 24939.9 | E20: 31824.3 | F20: 24530.9
A21: Водоснабженеие, очистка, обработка отходов и получение вторичного сырья | B21: 111072.2 | C21: 126706.8 | D21: 125539.8 | E21: 170893.5 | F21: 222657.2
A22: Строительство | B22: 538704.8 | C22: 642686.5 | D22: 1089519.7 | E22: 1102147.1 | F22: 1591741
A23: Оптовая и розничная торговля; ремонт автомобилей и мотоциклов | B23: 10127601 | C23: 714939.5 | D23: 527796.3 | E23: 481133 | F23: 987726.8
A24: Транспортная деятельность и хранение грузов | B24: 493398.8 | C24: 166509.6 | D24: 292228.8 | E24: 181221.6 | F24: 310712.1
A25: Деятельность гостиниц и ресторанов | B25: 3585 | C25: 7114.8 | D25: 40637.4 | E25: 77223.6 | F25: 115298.3
A26: Информация и связь | B26: 7199.2 | C26: 8178.5 | D26: 12570.7 | E26: 18042.8 | F26: 31193.1
A27: Финансовое посредничество и страхование | B27: 12017.9 | C27: 9084.6 | D27: 12847.2 | E27: 15477.5 | F27: 19377
A28: Операции с недвижимым имуществом | B28: 75828.7 | C28: 59826.4 | D28: 90238.3 | E28: 129452.6 | F28: 148463.1
... A31: Образование | B31: 67677.7 | C31: 61538.2 | D31: 111729 | E31: 177135.2 | F31: 216193.4
B33: 2019 | C33: 2020 | D33: 2021 | E33: 2022 | F33: 2023
A34: Здравоохранение и социальное обслуживание населения | B34: 61991 | C34: 37832.7 | D34: 53626.4 | E34: 121815.6 | F34: 172759.2
A35: Искусство, развлечения и отдых | B35: 5373.7 | C35: 11517.9 | D35: 992.8 | E35: 959.4 | F35: 956.2
A36: Прочая обслуживающая деятельность | B36: 13098.6 | C36: 10450.6 | D36: 8143.5 | E36: 5220.7 | F36: 3972
A41: 12.2. Сальдированный финансовый результат (прибль минус убыток)
A42: предприятий по видам деятельности
A43: (тысяч сомов)
B44: 2019 | C44: 2020 | D44: 2021 | E44: 2022 | F44: 2023
A46: Всего | B46: 2793343.6 | C46: 2588606.9 | D46: 4123429.5 | E46: 4028888.6 | F46: 5516438.6
A48: Сельское хозяйство, лесное хозяйство и рыболовство | B48: 5577.9 | C48: 11361.5 | D48: 20592.8 | E48: 14708.8 | F48: 17690.5
A49: Добыча полезных ископаемых | B49: 866956.3 | C49: 467466.4 | D49: 682331.8 | E49: 485324.9 | F49: 1026741.5
A50: Обрабатывающие производства | B50: 1768821.5 | C50: 1981466.7 | D50: 3305767.7 | E50: 3447357 | F50: 4291293.9
A51: Производство пищевых продуктов (включая напитки) и табачных изделий | B51: 1082.4 | C51: 3106.1 | D51: -6672.7 | E51: 19471.3 | F51: 40484.5
A52: Текстильное производство, производство одежды и обуви, кожи и кожаных изделий | B52: 2037.4 | C52: 4740.6 | D52: 8651.5 | E52: -31711.5 | F52: -5626.5
A53: Производство деревянных и бумажных изделий, полиграфическая деятельность | B53: 1280.3 | C53: 880.5 | D53: 5726.4 | E53: 13223.6 | F53: 26993.9
A54: Производство химической продукции | B54: 112.9 | C54: 30.5 | D54: 45 | E54: - | F54: -
A55: Производство фармацевтической продукции | B55: 3000 | C55: 180 | D55: - | E55: - | F55: -
A56: Производство резиновых и пластмассовых изделий, прочих неметаллических минеральных продуктов | B56: 1760909.5 | C56: 1971870.5 | D56: 3297405.4 | E56: 3442284.2 | F56: 4225837.4
A57: Производство основных металлов и готовых металлических изделий | B57: - | C57: 530 | D57: 35.6 | E57: 561 | F57: 925.7
A58: Обеспечение (снабжение) электроэнергией, паром и кондиционированным воздухом | B58: 1625.5 | C58: 571.8 | D58: -1311.6 | E58: -1800 | F58: -1111.2
A59: Водоснабженеие, очистка, обработка отходов и получение вторичного сырья | B59: 928 | C59: -510.1 | D59: -904.7 | E59: -1868.6 | F59: -4515.7
A60: Строительство | B60: 10656.5 | C60: 10241.9 | D60: -10508.8 | E60: -69396.3 | F60: -97818.9
A61: Оптовая и розничная торговля; ремонт автомобилей и мотоциклов | B61: 97777.3 | C61: 113420.3 | D61: 43967.7 | E61: 63776.5 | F61: 148733.3
A62: Транспортная деятельность и хранение грузов | B62: 17729.4 | C62: 7697.4 | D62: 24741.9 | E62: 9254.6 | F62: 26824.2
A63: Деятельность гостиниц и ресторанов | B63: - | C63: - | D63: -15521.4 | E63: 3036.8 | F63: 7646.7
A64: Информация и связь | B64: -21.8 | C64: -1085.1 | D64: -641.5 | E64: 4023.2 | F64: 1040.4
A65: Финансовое посредничество и страхование | B65: 2882.2 | C65: 3343.9 | D65: 4676.7 | E65: 6418.6 | F65: 5475
A66: Операции с недвижимым имуществом | B66: 11480.3 | C66: 6438.9 | D66: 17214.2 | E66: 17906.4 | F66: 30176.2
B68: 2019 | C68: 2020 | D68: 2021 | E68: 2022 | F68: 2023
A69: Профессиональная, научная и техническая деятельность | B69: 14750.1 | C69: 13416.6 | D69: 36222.2 | E69: 33733.8 | F69: 32118.3
A70: Административная и вспомогательная деятельность | B70: 3407.4 | C70: 3555.9 | D70: 8339.7 | E70: 6845.2 | F70: 22684.3
A71: Образование | B71: 3093.6 | C71: 1440.1 | D71: 827.3 | E71: 3246.7 | F71: 7093.7
A72: Здравоохранение и социальное обслуживание населения | B72: -161.5 | C72: -951.4 | D72: 3173.5 | E72: 4563.1 | F72: 1987
A73: Искусство, развлечения и отдых | B73: -17925.9 | C73: -34516.6 | D73: 20 | E73: -63.4 | F73: 4.8
A74: Прочая обслуживающая деятельность | B74: 5766.8 | C74: 5168.7 | D74: 4442 | E74: 1821.3 | F74: 374.6
A80: 12.3. Выручка (валовой доход) от реализации
A81: продукции (работ, услуг) по территории
A82: (тысяч сомов)
B83: 2019 | C83: 2020 | D83: 2021 | E83: 2022 | F83: 2023
A85: Ошская область | B85: 12418781 | C85: 11296637 | D85: 15220250 | E85: 17206058 | F85: 22426867
A86: в том числе по районам:
A87: Алайский | B87: 1605273.6 | C87: 1048887.9 | D87: 1065241.4 | E87: 1533228.7 | F87: 2116461.7
A88: Араванский | B88: 3308035 | C88: 3701262 | D88: 4369906.1 | E88: 4435907.4 | F88: 5615528.9
A89: Кара-Кулжинский | B89: 28072 | C89: 15457.6 | D89: 19376.5 | E89: 29651.8 | F89: 39558.9
A90: Кара-Сууский | B90: 12240399 | C90: 3152006.2 | D90: 4204868.6 | E90: 4995285.7 | F90: 7204575.8
A91: в т.ч. г.Кара-Суу | B91: 2390578.3 | C91: 249381.7 | D91: 346003.4 | E91: 495335.6 | F91: 548729.2
A92: Ноокатский | B92: 2755814.3 | C92: 2167310.3 | D92: 3991763.5 | E92: 4565315.7 | F92: 4810468.6
A93: в т.ч. г. Ноокат | B93: 171867.5 | C93: 77395.2 | D93: 90623.7 | E93: 117662.6 | F93: 171686.8
A94: Узгенский | B94: 932871.9 | C94: 927712.3 | D94: 987387.4 | E94: 1387113.7 | F94: 2066486
A95: в т.ч. г.Узген | B95: 292759.4 | C95: 416364.3 | D95: 168821.2 | E95: 180847.1 | F95: 338319
A96: Чон-Алайский | B96: 1053255.8 | C96: 284001.1 | D96: 581706.8 | E96: 259555.2 | F96: 573787.3
A99: 12.4. Сальдированный финансовый результат (прибль минус убыток)
A100: предприятий экономики по территории
A101: (тысяч сомов)
B102: 2019 | C102: 2020 | D102: 2021 | E102: 2022 | F102: 2023
A104: Ошская область | B104: 2793343.6 | C104: 2588606.9 | D104: 4123429.5 | E104: 4028888.6 | F104: 5516438.6
A105: в том числе по районам:
A106: Алайский | B106: 310951.2 | C106: 191919.4 | D106: 130217.3 | E106: 240207.5 | F106: 416159.6
A107: Араванский | B107: 933156.4 | C107: 1242856.7 | D107: 1777029.3 | E107: 1675345.9 | F107: 2362996.1
A108: Кара-Кулжинский | B108: 847.7 | C108: 49.1 | D108: 12.6 | E108: 1139.9 | F108: 2461.9
A109: Кара-Сууский | B109: 228322.3 | C109: 220185.6 | D109: 248254.5 | E109: 281120.6 | F109: 419548.8
A110: в т.ч. г.Кара-Суу | B110: 22804.4 | C110: 16791.4 | D110: 39718.6 | E110: 54761.6 | F110: 58925.9
A111: Ноокатский | B111: 757499.6 | C111: 642105.4 | D111: 1385802.5 | E111: 1540928.7 | F111: 1654885.6
A112: в т.ч. г. Ноокат | B112: 23573.9 | C112: 11224.4 | D112: 5892.2 | E112: 7070.2 | F112: 10072.9
A113: Узгенский | B113: 64645.2 | C113: 136653.1 | D113: 176101 | E113: 283985.4 | F113: 544342.5
A114: в т.ч. г.Узген | B114: 8679.4 | C114: 19640.3 | D114: 24575.6 | E114: 20969.8 | F114: 51286.3
A115: Чон-Алайский | B115: 497921.2 | C115: 154837.6 | D115: 406012.3 | E115: 6160.6 | F115: 116044.1

Sheet фин2
A1: 12.5. Прибыль рентабельных предприятий экономики
A2: по видам деятельности
A3: (тысяч сомов)
B4: 2019 | C4: 2020 | D4: 2021 | E4: 2022 | F4: 2023
A6: Всего | B6: 2854442 | C6: 2657261.2 | D6: 4293747.8 | E6: 4326592.1 | F6: 5805660.4
A7: Сельское хозяйство, лесное хозяйство и рыболовство | B7: 9023.8 | C7: 12326.2 | D7: 26562.9 | E7: 24037.5 | F7: 21048.4
A8: Добыча полезных ископаемых | B8: 891118.3 | C8: 485799.3 | D8: 710311.5 | E8: 512918.6 | F8: 1045583.5
A9: Обрабатывающие производства | B9: 1780918.7 | C9: 1988317.1 | D9: 3332142.8 | E9: 3494120.1 | F9: 4340023.9
A10: Производство пищевых продуктов (влючая напитки) и табачных изделий | B10: 3629.8 | C10: 6230.8 | D10: 9140.5 | E10: 23950.2 | F10: 40868
A11: Текстильное производство, производство одежды и обуви, кожи и кожанных изделий | B11: 10091.1 | C11: 6320.9 | D11: 10433.4 | E11: 10568.3 | F11: 41113.5
A12: Производство деревянных и бумажных изделий, полиграфическая деятельность | B12: 1280.3 | C12: 880.5 | D12: 5861.6 | E12: 13228 | F12: 26993.9
A13: Производство химической продукции | B13: 112.9 | C13: 30.5 | D13: 45 | E13: - | F13: -
A14: Производство фармацевтической продукции | B14: 3000 | C14: 180 | D14: - | E14: - | F14: -
A15: Производство резиновых и пластмассовых изделий, прочих неметаллических минеральных продуктов | B15: 1762405.6 | C15: 1974015.9 | D15: 3306050.2 | E15: 3442284.2 | F15: 6305.1
A16: Производство основных металлов и готовых металлических изделий | C16: 530 | D16: 35.6 | E16: 561 | F16: 925.7
A17: Производство электрического оборудования | B17: 399 | C17: 128.5 | D17: 567.5 | E17: 628.4 | F17: 958.9
A18: Обеспечение (снабжение) электроэнергией, паром и кондиционированным воздухом | B18: 1694.8 | C18: 926.7 | D18: 799.1 | E18: 803 | F18: 1000
A19: Водоснабженеие, очистка, обработка отходов и получение вторичного сырья | B19: 1319.4 | C19: 767.9 | D19: 1328.8 | E19: 2228.6 | F19: 1967.8
A20: Строительство | B20: 10716.4 | C20: 10241.9 | D20: 15647.6 | E20: 29822.9 | F20: 62953.5
A21: Оптовая и розничная торговля; ремонт автомобилей и мотоциклов | B21: 98376.8 | C21: 113898.4 | D21: 104318.6 | E21: 163338.9 | F21: 179196.9
A22: Транспортная деятельность и хранение грузов | B22: 17729.4 | C22: 7813.7 | D22: 25657.6 | E22: 9379.2 | F22: 26824.2
A23: Деятельность гостиниц и ресторанов | B23: - | C23: - | D23: 191.3 | E23: 3036.8 | F23: 7646.7
A24: Информация и связь | B24: 226.5 | C24: 45 | D24: 61.3 | E24: 4206.3 | F24: 1055.6
A25: Финансовое посредничество и страхование | B25: 2941.4 | C25: 3418 | D25: 4726.5 | E25: 6433.6 | F25: 5540.7
A26: Операции с недвижимым имуществом | B26: 11756.1 | C26: 6722.4 | D26: 17446.1 | E26: 20435.8 | F26: 30485.6
A27: Профессиональная, научная и техническая деятельность | B27: 14750.1 | C27: 15602.8 | D27: 36372.5 | E27: 34542.4 | F27: 39647.6
A28: Административная и вспомогательная деятельность | B28: 3407.4 | C28: 3555.9 | D28: 8339.7 | E28: 7842.8 | F28: 23030.1
A29: Образование | B29: 3097.3 | C29: 1504.9 | D29: 1943.7 | E29: 3535.5 | F29: 7646.5
A30: Здравоохранение и социальное обслуживаниенаселения | B30: 1585.8 | C30: 1065.8 | D30: 3435.8 | E30: 8078.8 | F30: 11630
A31: Искусство, развлечения и отдых | B31: 13 | C31: 6.5 | D31: 20 | E31: 10 | F31: 4.8
A32: Прочая обслуживающая деятельность | B32: 5766.8 | C32: 5168.7 | D32: 4442 | E32: 1821.3 | F32: 374.6
A46: 12.6. Прибыль рентабельных предприятий экономики по территории
A47: (тысяч сомов)
B48: 2019 | C48: 2020 | D48: 2021 | E48: 2022 | F48: 2023
A50: Ошская область | B50: 2854442 | C50: 2657261.2 | D50: 4293747.8 | E50: 4326592.1 | F50: 5805660.4
A51: в том числе по районам:
A52: Алайский | B52: 330106.6 | C52: 203086.8 | D52: 145492.7 | E52: 253556.2 | F52: 424410.4
A53: Араванский | B53: 935521 | C53: 1245035.4 | D53: 1781076.9 | E53: 1677566.2 | F53: 2369444
A54: Кара-Кулжинский | B54: 1235.8 | C54: 521.3 | D54: 353.1 | E54: 1519.7 | F54: 2934.1
A55: Кара-Сууский | B55: 258177 | C55: 263464.3 | D55: 378300.6 | E55: 540565 | F55: 681277.3
A56: в т.ч. г.Кара-Суу | B56: 23858.3 | C56: 17372.4 | D56: 40932.8 | E56: 58682.3 | F56: 61273
A57: Ноокатский | B57: 763334.4 | C57: 648162 | D57: 1402211.6 | E57: 1560275.4 | F57: 1663664.6
A58: в т.ч. г. Ноокат | B58: 25901.2 | C58: 12445.1 | D58: 11924.3 | E58: 10361.3 | F58: 14467.4
A59: Узгенский | B59: 68146 | C59: 139866.8 | D59: 179714.7 | E59: 285829.5 | F59: 545363.7
A60: в т.ч. г.Узген | B60: 8989.9 | C60: 20105.5 | D60: 24630.5 | E60: 21043.2 | F60: 51292.8
A61: Чон-Алайский | B61: 497921.2 | C61: 157124.6 | D61: 406598.2 | E61: 7280.1 | F61: 118566.3
A63: 12.7. Убытки нерентабельных предприятий экономики
A64: по видам деятельности
A65: (тысяч сомов)
B66: 2019 | C66: 2020 | D66: 2021 | E66: 2022 | F66: 2023
A68: Всего | B68: -61098.4 | C68: -68654.3 | D68: -170318.3 | E68: -297703.5 | F68: -289221.8
A69: Сельское хозяйство, лесное хозяйство и рыболовство | B69: -3445.9 | C69: -964.7 | D69: -5970.1 | E69: -9328.7 | F69: -3357.9
A70: Добыча полезных ископаемых | B70: -24162 | C70: -18332.9 | D70: -27979.7 | E70: -27593.7 | F70: -18842
A71: Обрабатывающие производства | B71: -12097.2 | C71: -6850.4 | D71: -26375.1 | E71: -46763.1 | F71: -48730
A72: Производство пищевых продуктов (влючая напитки) и табачных изделий | B72: -2547.4 | C72: -3124.7 | D72: -15813.2 | E72: -4478.9 | F72: -383.5
A73: Текстильное производство, производство одежды и обуви, кожи и кожанных изделий | B73: -8053.7 | C73: -1580.3 | D73: -1781.9 | E73: -42279.8 | F73: -46740
A74: Производство деревянных и бумажных изделий, полиграфическая деятельность | B74: - | C74: - | D74: -135.2 | E74: -4.4 | F74: -
A75: Производство резиновых и пластмассовых изделий, прочих неметаллических минеральных продуктов | B75: -1496.1 | C75: -2145.4 | D75: -8644.8 | E75: - | F75: -1606.5
A76: Обеспечение (снабжение) электроэнергией, паром и кондиционированным воздухом | B76: -69.3 | C76: -354.9 | D76: -2110.7 | E76: -2603 | F76: -2111.2
A77: Водоснабженеие, очистка, обработка отходов и получение вторичного сырья | B77: -391.4 | C77: -1278 | D77: -2233.5 | E77: -4097.2 | F77: -6483.5
A78: Строительство | B78: -59.9 | C78: - | D78: -26156.4 | E78: -99219.2 | F78: -160772.4
A79: Оптовая и розничная торговля; ремонт автомобилей и мотоциклов | B79: -599.5 | C79: -478.1 | D79: -60350.9 | E79: -99562.4 | F79: -30463.6
A80: Транспортная деятельность и хранение грузов | B80: - | C80: -116.3 | D80: -915.7 | E80: -124.6 | F80: 0
A81: Деятельность гостиниц и ресторанов | B81: - | C81: - | D81: -15712.7 | E81: - | F81: 0
B83: 2019 | C83: 2020 | D83: 2021 | E83: 2022 | F83: 2023
A84: Информация и связь | B84: -248.3 | C84: -1130.1 | D84: -702.8 | E84: -183.1 | F84: -15.2
A85: Финансовое посредничество и страхование | B85: -59.2 | C85: -74.1 | D85: -49.8 | E85: -15 | F85: -65.7
A86: Операции с недвижимым имуществом | B86: -275.8 | C86: -283.5 | D86: -231.9 | E86: -2529.4 | F86: -309.4
A87: Профессиональная, научная и техническая деятельность | B87: - | C87: -2186.2 | D87: -150.3 | E87: -808.6 | F87: -7529.3
A88: Административная и вспомогательная деятельность | B88: - | C88: - | D88: - | E88: -997.6 | F88: -345.8
A89: Образование | B89: -3.5 | C89: -64.8 | D89: -1116.4 | E89: -288.8 | F89: -552.8
A90: Здравоохранение и социальное обслуживание населения | B90: -1747.3 | C90: -2017.2 | D90: -262.3 | E90: -3515.7 | F90: -9643
A91: Искусство, развлечения и отдых | B91: -17938.9 | C91: -34523.1 | D91: - | E91: -73.4 | F91: -
A93: 12.8. Убытки нерентабельных предприятий экономики по территории
A94: (тысяч сомов)
B95: 2019 | C95: 2020 | D95: 2021 | E95: 2022 | F95: 2023
A97: Ошская область | B97: -61098.4 | C97: -68654.3 | D97: -170318.3 | E97: -297703.5 | F97: -289221.8
A98: в том числе по районам:
A99: Алайский | B99: -19155.4 | C99: -11167.4 | D99: -15275.4 | E99: -13348.7 | F99: -8250.8
A100: Араванский | B100: -2364.6 | C100: -2178.7 | D100: -4047.6 | E100: -2220.3 | F100: -6447.9
A101: Кара-Кулжинский | B101: -388.1 | C101: -472.2 | D101: -340.5 | E101: -379.8 | F101: -472.2
A102: Кара-Сууский | B102: -29854.7 | C102: -43278.7 | D102: -130046.1 | E102: -259444.4 | F102: -261728.5
A103: в т.ч. г.Кара-Суу | B103: -1053.9 | C103: -581 | D103: -1214.2 | E103: -3920.7 | F103: -2347.1
A104: Ноокатский | B104: -5834.8 | C104: -6056.6 | D104: -16409.1 | E104: -19346.7 | F104: -8779
A105: в т.ч. г. Ноокат | B105: -2327.3 | C105: -1220.7 | D105: -6032.1 | E105: -3291.1 | F105: -4394.5
A106: Узгенский | B106: -3500.8 | C106: -3213.7 | D106: -3613.7 | E106: -1844.1 | F106: -1021.2
A107: в т.ч. г.Узген | B107: -310.5 | C107: -465.2 | D107: -54.9 | E107: -73.4 | F107: -6.5
A108: Чон-Алайский | B108: - | C108: -2287 | D108: -585.9 | E108: -1119.5 | F108: -2522.2

Sheet фин3
A1: 12.9. Количество отчитавшихся предприятий экономики
A2: по видам деятельности
A3: (единиц)
B4: 2019 | C4: 2020 | D4: 2021 | E4: 2022 | F4: 2023
A6: Всего | B6: 729 | C6: 748 | D6: 786 | E6: 866 | F6: 936
A7: Сельское хозяйство, лесное хозяйство и рыболовство | B7: 39 | C7: 39 | D7: 43 | E7: 54 | F7: 54
A8: Добыча полезных ископаемых | B8: 54 | C8: 58 | D8: 63 | E8: 70 | F8: 79
A9: Обрабатывающие производства | B9: 117 | C9: 123 | D9: 128 | E9: 136 | F9: 141
A10: Производство пищевых продуктов (влючая напитки) и табачных изделий | B10: 32 | C10: 34 | D10: 35 | E10: 32 | F10: 32
A11: Текстильное производство, производство одежды и обуви, кожи и прочих кожаных изделий | B11: 24 | C11: 22 | D11: 21 | E11: 27 | F11: 29
A12: Производство деревянных и бумажных изделий, полиграфическая деятельность | B12: 3 | C12: 3 | D12: 5 | E12: 5 | F12: 8
A13: Производство кокса и очищенных нефтепродуктов | C13: - | D13: - | E13: 1 | F13: 1
A14: Производство химической продукции | B14: 3 | C14: 3 | D14: 3 | E14: 3 | F14: 3
A15: Производство фармацевтической продукции | B15: 1 | C15: 2 | D15: 1 | E15: - | F15: -
A16: Производство резиновых и пластмассовых изделий, прочих неметаллических минеральных продуктов | B16: 51 | C16: 55 | D16: 57 | E16: 61 | F16: 62
A17: Производство основных металлов и готовых металлических изделий, кроме машин и оборудования | B17: 1 | C17: 2 | D17: 3 | E17: 3 | F17: 2
A18: Производство электрического оборудования | B18: 1 | C18: 1 | D18: 1 | E18: 1 | F18: 1
A19: Прочие производства, ремонт и установка машин иоборудования | B19: 1 | C19: 1 | D19: 2 | E19: 3 | F19: 3
A20: Обеспечение (снабжение) электроэнергией, паром и кондиционированным воздухом | B20: 5 | C20: 5 | D20: 5 | E20: 5 | F20: 4
A21: Водоснабженеие, очистка, обработка отходов и получение вторичного сырья | B21: 85 | C21: 83 | D21: 87 | E21: 96 | F21: 102
A22: Строительство | B22: 62 | C22: 62 | D22: 72 | E22: 75 | F22: 89
A23: Оптовая и розничная торговля; ремонт автомобилей и мотоциклов | B23: 118 | C23: 127 | D23: 128 | E23: 148 | F23: 168
A24: Транспортная деятельность и хранение грузов | B24: 43 | C24: 38 | D24: 42 | E24: 37 | F24: 38
A25: Деятельность гостиниц и ресторанов | B25: 2 | C25: 3 | D25: 4 | E25: 4 | F25: 4
A26: Информация и связь | B26: 8 | C26: 9 | D26: 9 | E26: 11 | F26: 11
A27: Финансовое посредничество и страхование | B27: 52 | C27: 53 | D27: 51 | E27: 60 | F27: 70
... A34: Прочая обслуживающая деятельность | B34: 3 | C34: 3 | D34: 3 | E34: 2 | F34: 4
A36: 12.10. Количество отчитавшихся предприятий экономики
A37: по территории (единиц)
B39: 2019 | C39: 2020 | D39: 2021 | E39: 2022 | F39: 2023
A41: Ошская область | B41: 729 | C41: 748 | D41: 786 | E41: 866 | F41: 936
A42: в том числе по районам:
A43: Алайский | B43: 24 | C43: 24 | D43: 25 | E43: 24 | F43: 32
A44: Араванский | B44: 108 | C44: 107 | D44: 100 | E44: 107 | F44: 108
A45: Кара-Кулжинский | B45: 20 | C45: 20 | D45: 21 | E45: 23 | F45: 23
A46: Кара-Сууский | B46: 361 | C46: 375 | D46: 409 | E46: 457 | F46: 502
A47: в т.ч. г.Кара-Суу | B47: 74 | C47: 72 | D47: 70 | E47: 80 | F47: 81
A48: Ноокатский | B48: 88 | C48: 90 | D48: 91 | E48: 105 | F48: 116
A49: в т.ч. г. Ноокат | B49: 29 | C49: 29 | D49: 28 | E49: 36 | F49: 39
A50: Узгенский | B50: 119 | C50: 122 | D50: 130 | E50: 139 | F50: 143
A51: в т.ч. г.Узген | B51: 51 | C51: 54 | D51: 54 | E51: 58 | F51: 61
A52: Чон-Алайский | B52: 9 | C52: 10 | D52: 10 | E52: 11 | F52: 12

Sheet фин4
A1: 12.11. Количество нерентабельных предприятий экономики
A2: по видам деятельности
A3: (единиц)
B4: 2019 | C4: 2020 | D4: 2021 | E4: 2022 | F4: 2023
A6: Всего | B6: 58 | C6: 63 | D6: 70 | E6: 71 | F6: 80
A8: Сельское хозяйство, лесное хозяйство и рыболовство | B8: 8 | C8: 2 | D8: 2 | E8: 7 | F8: 8
A9: Добыча полезных ископаемых | B9: 6 | C9: 10 | D9: 8 | E9: 8 | F9: 11
A10: Обрабатывающие производства | B10: 12 | C10: 11 | D10: 14 | E10: 7 | F10: 9
A11: Производство пищевых продуктов (влючая напитки) и табачных изделий | B11: 5 | C11: 5 | D11: 6 | E11: 4 | F11: 4
A12: Текстильное производство, производство одежды и обуви, кожи и прочих кожаных изделий | B12: 4 | C12: 3 | D12: 1 | E12: 2 | F12: 3
A13: Производство деревянных и бумажных изделий, полиграфическая деятельность | B13: - | C13: - | D13: 1 | E13: 1 | F13: -
A14: Производство резиновых и пластмассовых изделий, прочих неметаллических минеральных продуктов | B14: 3 | C14: 3 | D14: 6 | E14: - | F14: -
A15: Обеспечение (снабжение) электроэнергией, паром и кондиционированным воздухом | B15: 1 | C15: 1 | D15: 2 | E15: 2 | F15: 1
A16: Водоснабженеие, очистка, обработка отходов и получение вторичного сырья | B16: 7 | C16: 9 | D16: 12 | E16: 9 | F16: 13
A17: Строительство | B17: 2 | C17: - | D17: 2 | E17: 5 | F17: 7
A18: Оптовая и розничная торговля; ремонт автомобилей и мотоциклов | B18: 4 | C18: 7 | D18: 9 | E18: 12 | F18: 12
A19: Транспортная деятельность и хранение грузов | B19: - | C19: 3 | D19: 5 | E19: 3 | F19: -
A20: Деятельность гостиниц и ресторанов | B20: - | C20: - | D20: 1 | E20: - | F20: -
A21: Информация и связь | B21: 5 | C21: 6 | D21: 4 | E21: 2 | F21: 1
A22: Финансовое посредничество и страхование | B22: 6 | C22: 3 | D22: 3 | E22: 2 | F22: 5
A23: Операции с недвижимым имуществом | B23: 4 | C23: 5 | D23: 3 | E23: 3 | F23: 2
A24: Профессиональная, научная и техническая деятельность | B24: - | C24: 2 | D24: 2 | E24: 2 | F24: 2
A25: Административная и вспомогательная деятельность | B25: - | C25: - | D25: - | E25: 2 | F25: 1
A26: Образование | B26: 1 | C26: 1 | D26: 2 | E26: 3 | F26: 3
A27: Здравоохранение и социальное обслуживание населения | B27: 2 | C27: 1 | D27: 1 | E27: 3 | F27: 5
A28: Искусство, развлечения и отдых | B28: 2 | C28: 2 | D28: - | E28: 1 | F28: -
A30: 12.12. Количество нерентабельных предприятий экономики
A31: по территории
A32: (единиц)
B33: 2019 | C33: 2020 | D33: 2021 | E33: 2022 | F33: 2023
A35: Ошская область | B35: 58 | C35: 63 | D35: 70 | E35: 71 | F35: 80
A36: в том числе по районам:
A37: Алайский | B37: 1 | C37: 2 | D37: 1 | E37: 1 | F37: 1
A38: Араванский | B38: 5 | C38: 7 | D38: 7 | E38: 3 | F38: 5
A39: Кара-Кулжинский | B39: 4 | C39: 4 | D39: 3 | E39: 2 | F39: 6
A40: Кара-Сууский | B40: 34 | C40: 31 | D40: 40 | E40: 45 | F40: 52
A41: в т.ч. г.Кара-Суу | B41: 8 | C41: 6 | D41: 6 | E41: 6 | F41: 7
A42: Ноокатский | B42: 7 | C42: 9 | D42: 11 | E42: 15 | F42: 25
A43: в т.ч. г. Ноокат | B43: 2 | C43: 3 | D43: 4 | E43: 5 | F43: 12
A44: Узгенский | B44: 7 | C44: 8 | D44: 7 | E44: 3 | F44: 4
A45: в т.ч. г.Узген | B45: 2 | C45: 3 | D45: 1 | E45: 1 | F45: 1
A46: Чон-Алайский | B46: - | C46: 2 | D46: 1 | E46: 2 | F46: 2

Sheet фин5
A1: 12.13. Дебиторская задолженность предприятий экономики
A2: по видам деятельности
A3: (на конец года, тысяч сомов)
B4: 2019 | C4: 2020 | D4: 2021 | E4: 2022 | F4: 2023
A6: Всего | B6: 3266046.7 | C6: 4047657.3 | D6: 4306340.8 | E6: 4261213 | F6: 5041918
A8: Сельское хозяйство, лесное хозяйство и рыболовство | B8: 27382.6 | C8: 48318.5 | D8: 53392.2 | E8: 67990.4 | F8: 60879.6
A9: Добыча полезных ископаемых | B9: 1915799 | C9: 2088356.2 | D9: 2190689.5 | E9: 1948220.9 | F9: 1782793.8
A10: Обрабатывающие производства | B10: 905998.3 | C10: 1063724.6 | D10: 1219169.7 | E10: 1473963.4 | F10: 2065488.3
A11: Производство пищевых продуктов (влючая напитки) и табачных изделий | B11: 77383.9 | C11: 87886.1 | D11: 92179.5 | E11: 60145.1 | F11: 98843.2
A12: Текстильное производство, производство одежды и обуви, кожи и кожаных изделий | B12: 148498.5 | C12: 202344.6 | D12: 222327.8 | E12: 245235.2 | F12: 378787.6
A13: Производство химической продукции | B13: 50 | C13: 29.8 | D13: 19 | E13: 12 | F13: 19
A14: Производство резиновых и пластмассовых изделий, прочих неметаллических минеральных продуктов | B14: 678980.9 | C14: 773464.1 | D14: 904621.4 | E14: 1145645.6 | F14: 1567946
A15: Производство электрического оборудования | B15: 1085 | C15: - | D15: 22 | E15: 22925.5 | F15: 19892.5
A16: Обеспечение (снабжение) электроэнергией, паром и кондиционированным воздухом | B16: 3787.9 | C16: 4215.2 | D16: 10006.5 | E16: 3460.5 | F16: 766.9
A17: Водоснабженеие, очистка, обработка отходов и получение вторичного сырья | B17: 15455.5 | C17: 11123.7 | D17: 14793.3 | E17: 14671.2 | F17: 29175.9
A18: Строительство | B18: 97459.9 | C18: 109743.5 | D18: 123565.5 | E18: 95527.3 | F18: 170361.8
A19: Оптовая и розничная торговля; ремонт автомобилей и мотоциклов | B19: 181677.5 | C19: 463478.5 | D19: 426220.4 | E19: 352590.2 | F19: 593288.2
A20: Транспортная деятельность и хранение грузов | B20: 5104.9 | C20: 6728.3 | D20: 15977.6 | E20: 11668.5 | F20: 6338.8
A21: Деятельность гостиниц и ресторанов | B21: - | C21: - | D21: 151956.1 | E21: 155414.6 | F21: 158677.9
A22: Информация и связь | B22: 354.5 | C22: 369.7 | D22: 614.5 | E22: 957.2 | F22: 237.6
A23: Операции с недвижимым имуществом | B23: 3267.3 | C23: 8469.4 | D23: 6149.8 | E23: 3432 | F23: 14030.2
A24: Профессиональная, научная и техническаядеятельность | B24: 7911 | C24: 3307.2 | D24: 35460.1 | E24: 63109.7 | F24: 87307.1
A25: Административная и вспомогательная деятельность | B25: 59471.3 | C25: 61435.3 | D25: 37567.8 | E25: 52235.5 | F25: 67707.4
A26: Образование | B26: - | C26: 340.1 | D26: 384.9 | E26: 473.6 | F26: 188.8
A27: Здравоохранение и социальное обслуживание населения | B27: 18723.3 | C27: 19932.7 | D27: 14451.4 | E27: 14520.3 | F27: 4675.7
A28: Искусство, развлечения и отдых | B28: 12974.6 | C28: 12827.9 | D28: - | E28: - | F28: -
A29: Прочая обслуживающая деятельность | B29: 10679.1 | C29: 4814.7 | D29: 5941.5 | E29: 2977.7 | F29: -
A32: 12.14. Дебиторская задолженность предприятий экономики
A33: по территории (на конец года, тысяч сомов)
B35: 2019 | C35: 2020 | D35: 2021 | E35: 2022 | F35: 2023
A37: Ошская область | B37: 3266046.7 | C37: 4047657.3 | D37: 4306340.8 | E37: 4261213 | F37: 5041918
A38: в том числе по районам:
A39: Алайский | B39: 114178.7 | C39: 79042.8 | D39: 43286.6 | E39: 52111.9 | F39: 229424.6
A40: Араванский | B40: 338350.4 | C40: 345831.5 | D40: 342540.1 | E40: 558628.5 | F40: 719816.9
A41: Кара-Кулжинский | B41: 2376.8 | C41: 2358.1 | D41: 2390 | E41: 1726.9 | F41: 1591.8
A42: Кара-Сууский | B42: 821805.6 | C42: 1392986.6 | D42: 1502525.4 | E42: 1528055.5 | F42: 2432124.9
A43: в т.ч. г.Кара-Суу | B43: 58044.4 | C43: 56289.9 | D43: 74315.8 | E43: 87615.5 | F43: 155070.2
A44: Ноокатский | B44: 196046.3 | C44: 216056.5 | D44: 273754.8 | E44: 233517.3 | F44: 180207.4
A45: в т.ч. г. Ноокат | B45: 82033.1 | C45: 84240.6 | D45: 141032.4 | E45: 118570.4 | F45: 86928.8
A46: Узгенский | B46: 337740.5 | C46: 348072.4 | D46: 135915.5 | E46: 115111.9 | F46: 138063.5
A47: в т.ч. г.Узген | B47: 21308.1 | C47: 26757.3 | D47: 25982.4 | E47: 28995.1 | F47: 21459.9
A48: Чон-Алайский | B48: 1455548.4 | C48: 1663309.4 | D48: 2005928.4 | E48: 1772061 | F48: 1340688.9
A56: 12.15. Кредиторская задолженность предприятий экономики
A57: (на конец года, тысяч сомов)
B58: 2019 | C58: 2020 | D58: 2021 | E58: 2022 | F58: 2023
A59: Всего | B59: 4856228.4 | C59: 5116946.5 | D59: 6475174.7 | E59: 6490407.2 | F59: 6121919.2
A60: Сельское хозяйство, лесное хозяйство и рыболовство | B60: 50877.6 | C60: 46562.8 | D60: 68829.2 | E60: 40892.6 | F60: 50654.9
A61: Добыча полезных ископаемых | B61: 1842529.9 | C61: 1669546.8 | D61: 2107811.6 | E61: 2417491.9 | F61: 2290751.2
A62: Обрабатывающие производства | B62: 2351429.6 | C62: 2270975.7 | D62: 3116733.7 | E62: 2492487.5 | F62: 2125947.4
A63: Производство пищевых продуктов (влючая напитки) и табачных изделий | B63: 51501.8 | C63: 74433.9 | D63: 87310 | E63: 65492.9 | F63: 275210.5
A64: Текстильное производство, производство одежды и обуви, кожи и кожаных изделий | B64: 157756.7 | C64: 185418.1 | D64: 160602.9 | E64: 146265.8 | F64: 179016.8
A65: Производство деревянных и бумажных изделий, полиграфическая деятельность | B65: - | C65: - | D65: 4570 | E65: 4570 | F65: 11429.4
A66: Производство химической продукции | B66: 1281.2 | C66: 1161 | D66: 1180.3 | E66: 1173.3 | F66: 1180.3
A67: Производство резиновых и пластмассовых изделий, прочих неметаллических минеральных продуктов | B67: 2140812.5 | C67: 2009962.7 | D67: 2858050 | E67: 2246342.8 | F67: 1639187.1
A68: Приозводство электрического оборудования | B68: 77.4 | C68: - | D68: 5020.5 | E68: 28642.7 | F68: 19923.3
A69: Обеспечение (снабжение) электроэнергией, паром и кондиционированным воздухом | B69: 25663.7 | C69: 23219.7 | D69: 12132.3 | E69: 53958.7 | F69: 7830.9
A70: Водоснабженеие, очистка, обработка отходов и получение вторичного сырья | B70: 9560 | C70: 7185.8 | D70: 8010.2 | E70: 5810.7 | F70: 8680.9
A71: Строительство | B71: 121032.4 | C71: 200988.2 | D71: 235754.4 | E71: 251971.4 | F71: 216607.4
A72: Оптовая и розничная торговля; ремонт автомобилей и мотоциклов | B72: 357924.4 | C72: 634607.9 | D72: 595943.6 | E72: 933434.4 | F72: 1079210.5
A73: Транспортная деятельность и хранение грузов | B73: 1823.3 | C73: 3819.7 | D73: 44824.2 | E73: 13418 | F73: 2113.6
A74: Деятельность гостиниц и ресторанов | B74: - | C74: - | D74: 184111.6 | E74: 176647.5 | F74: 177340.1
A75: Информация и связь | B75: 981.9 | C75: 952.4 | D75: 596.9 | E75: 729.5 | F75: 732
A76: Операции с недвижимым имуществом | B76: 7201.4 | C76: 7826.6 | D76: 8251.4 | E76: 6723.9 | F76: 5676.5
A77: Профессиональная, научная и техническая деятельность | B77: 11001 | C77: 18515.7 | D77: 22725.4 | E77: 27341.4 | F77: 60853.1
A78: Административная и вспомогательная деятельность | B78: 35857.6 | C78: 30511.8 | D78: 23591.9 | E78: 26298.9 | F78: 40651.3
A79: Образование | B79: 1831.4 | C79: 2064.3 | D79: 2124.6 | E79: 2149.7 | F79: 3608.4
A80: Здравоохранение и социальное обслуживание населения | B80: 21792.4 | C80: 15555.6 | D80: 31807.1 | E80: 34995.9 | F80: 51261
A81: Искусство, развлечения и отдых | B81: 3427.4 | C81: 2652.1 | D81: 390.8 | E81: - | F81: 0
A82: Прочая обслуживающая деятельность | B82: 13294.4 | C82: 7293.4 | D82: 11535.8 | E82: 6055.2 | F82: 0
A85: 12.16. Кредиторская задолженность предприятий экономики
A86: по территории (на конец года, тысяч сомов)
B88: 2019 | C88: 2020 | D88: 2021 | E88: 2022 | F88: 2023
A90: Ошская область | B90: 4856228.4 | C90: 5116946.5 | D90: 6475174.7 | E90: 6490407.2 | F90: 6121919.2
A91: в том числе по районам:
A92: Алайский | B92: 443795.6 | C92: 315922.9 | D92: 294936 | E92: 537312.7 | F92: 503485
A93: Араванский | B93: 1740661.6 | C93: 1290489.8 | D93: 947678.5 | E93: 1504286.1 | F93: 711968.5
A94: Кара-Кулжинский | B94: 734.3 | C94: 671.2 | D94: 481.9 | E94: 806.2 | F94: 555.5
A95: Кара-Сууский | B95: 895821.8 | C95: 1486339.6 | D95: 1822401.9 | E95: 2127843.5 | F95: 2552573.6
A96: в т.ч. г.Кара-Суу | B96: 67483.5 | C96: 85256.4 | D96: 93805.6 | E96: 81880.9 | F96: 138915.2
A97: Ноокатский | B97: 355728.6 | C97: 619911 | D97: 1535447.7 | E97: 404320.1 | F97: 469248.4
A98: в т.ч. г. Ноокат | B98: 21110.9 | C98: 16604.8 | D98: 27272.7 | E98: 48687.7 | F98: 43659.6
A99: Узгенский | B99: 200123.6 | C99: 278797 | D99: 556242.7 | E99: 710523.7 | F99: 690093.2
A100: в т.ч. г.Узген | B100: 35124.1 | C100: 42794.5 | D100: 56525.3 | E100: 64290.3 | F100: 141645.4
A101: Чон-Алайский | B101: 1219362.9 | C101: 1124815 | D101: 1317986 | E101: 1205314.9 | F101: 1193995

Sheet инвест
A1: 13. ИНВЕСТИЦИОННАЯ ДЕЯТЕЛЬНОСТЬ
A2: 13.1. Структура инвестиций в нефинансовые активы (миллион сомов)
B4: 2019 | C4: 2020 | D4: 2021 | E4: 2022 | F4: 2023
A6: Всего | B6: 7038.5 | C6: 4184.1 | D6: 5331.3 | E6: 7356.9 | F6: 10007.1
A8: Инвестиции в основной капитал | B8: 6303.7 | C8: 3857.1 | D8: 4910.4 | E8: 6875.9 | F8: 9268.5
A9: Капитальный ремонт основных фондов (средств) | B9: 734.4 | C9: 254.2 | D9: 348.1 | E9: 441.5 | F9: 696.6
A10: Инвестиции в нематериальные активы | B10: 0.4 | C10: 72.8 | D10: 72.8 | E10: 39.5 | F10: 8.8
B11: - | C11: - | D11: - | E11: - | F11: 33.2
A13: 13.2. Инвестиции в нефинансовые активы по формам собственности (миллион сомов)
B15: 2019 | C15: 2020 | D15: 2021 | E15: 2022 | F15: 2023
A17: Всего | B17: 7038.5 | C17: 4184.1 | D17: 5331.3 | E17: 7356.9 | F17: 10007.1
A19: Государственная | B19: 64.2 | C19: 69.6 | D19: 23.3 | E19: 87.9 | F19: 124.4
A20: Муниципальная | B20: 1904.8 | C20: 1006.7 | D20: 1411.5 | E20: 2585.5 | F20: 3142
A21: Частная | B21: 5069.5 | C21: 3107.8 | D21: 3896.5 | E21: 4683.5 | F21: 6740.7
A24: 13.3. Инвестиции в нефинансовые активы по источникам финансирования (миллион сомов)
B26: 2019 | C26: 2020 | D26: 2021 | E26: 2022 | F26: 2023
A28: Всего | B28: 7038.5 | C28: 4184.1 | D28: 5331.3 | E28: 7356.9 | F28: 10007.1
A30: Внутренние инвестиции | B30: 6518.4 | C30: 3927.3 | D30: 4815.1 | E30: 6458 | F30: 9265
A31: в том числе финансируемые за счет:
A32: республиканского бюджета | B32: 119.3 | C32: 129.4 | D32: 47.2 | E32: 319.2 | F32: 530.4
A33: местного бюджета | B33: 793 | C33: 354.7 | D33: 682.6 | E33: 807.2 | F33: 906.2
A34: собственных средств предприятий | B34: 1924.1 | C34: 436 | D34: 566.9 | E34: 850 | F34: 513.6
A35: средств населения и других | B35: 3194.5 | C35: 3007.2 | D35: 3518.4 | E35: 4481.6 | F35: 7314.8
A36: кредита банка | B36: 487.5 | C36: - | D36: - | E36: - | F36: -
A38: Внешние инвестиции | B38: 520.1 | C38: 256.8 | D38: 516.2 | E38: 898.9 | F38: 742.1
A39: в том числе финансируемые за счет:
A40: иностранного кредита | B40: 1.4 | C40: 66.9 | D40: 17.8 | E40: - | F40: -
A41: иностранных грантов и гуманитарной помощи | B41: 518.7 | C41: 189.9 | D41: 468.4 | E41: 898.9 | F41: 742.1
A44: 13.4. Инвестиции в основной капитал (капитальные вложения)
A45: по формам собственности и территории (миллион сомов)
B47: 2019 | C47: 2020 | D47: 2021 | E47: 2022 | F47: 2023
A49: Всего по области | B49: 6889.9 | C49: 5088.2 | D49: 5481.1 | E49: 11810 | F49: 12863.7
A50: районы:
A51: Алайский | B51: 576 | C51: 493.1 | D51: 614.5 | E51: 887.6 | F51: 1159.4
A52: Араванский | B52: 2003.3 | C52: 479.3 | D52: 515.8 | E52: 1015.6 | F52: 1020.7
A53: Кара-Кулжинский | B53: 181.8 | C53: 169.6 | D53: 151.6 | E53: 228.1 | F53: 740.1
A54: Кара-Суйский | B54: 1745.3 | C54: 2425.5 | D54: 1922 | E54: 4062.7 | F54: 4952
A55: в т.ч. г.Кара-Суу | B55: 56.1 | C55: 188.3 | D55: 69.4 | E55: 32.4 | F55: 137.6
A57: Ноокатский | B57: 1260.3 | C57: 558.6 | D57: 1005.2 | E57: 2309 | F57: 1419.5
A58: в т.ч. г. Ноокат | B58: 34.5 | C58: 45.9 | D58: 57.4 | E58: 16.6 | F58: 14.6
A59: Узгенский | B59: 758.3 | C59: 761.7 | D59: 949.3 | E59: 2908.9 | F59: 2755.5
A60: в т.ч. г.Узген | B60: 130.3 | C60: 34 | D60: 343.9 | E60: 265.8 | F60: 432.6
A61: Чон-Алайский | B61: 364.9 | C61: 200.4 | D61: 322.7 | E61: 398.1 | F61: 816.5
A63: Государственная
A64: по области | B64: 1151.6 | C64: 1310.3 | D64: 840.8 | E64: 1266.3 | F64: 3123.6
A65: районы:
A66: Алайский | B66: 220 | C66: 104.3 | D66: 84.4 | E66: 211.8 | F66: 292.9
A67: Продолжение
B68: 2019 | C68: 2020 | D68: 2021 | E68: 2022 | F68: 2023
A69: Араванский | B69: 115.6 | C69: 24.3 | D69: 30.5 | E69: 112.7 | F69: 200.3
A70: Кара-Кулжинский | B70: 113.2 | C70: 122.4 | D70: 61 | E70: 66.2 | F70: 273.1
A71: Кара-Суйский | B71: 113.1 | C71: 807.8 | D71: 120 | E71: 330.5 | F71: 682.5
A72: Ноокатский | B72: 173.1 | C72: 80.4 | D72: 87.6 | E72: 135.5 | F72: 560.3
A73: Узгенский | B73: 278.6 | C73: 112 | D73: 315.5 | E73: 382.2 | F73: 782.8
A74: в т.ч. г.Узген | B74: 16.9 | C74: - | D74: 277.3 | E74: 159.9 | F74: 219.9
A75: Чон-Алайский | B75: 138 | C75: 59.1 | D75: 141.8 | E75: 27.4 | F75: 331.7
F76: 2187.1
A77: Муниципальная
A78: по области | B78: 1155.7 | C78: 798 | D78: 785.9 | E78: 1745.9 | F78: 2187.1
A79: районы:
A80: Алайский | B80: 96.1 | C80: 100.1 | D80: 109.8 | E80: 116.1 | F80: 237.3
A81: Араванский | B81: 55.1 | C81: 30.9 | D81: 64.5 | E81: 64.8 | F81: 336.6
A82: Кара-Кулжинский | B82: - | C82: - | D82: 29.9 | E82: 100.5 | F82: 351.7
A83: Кара-Суйский | B83: 310.4 | C83: 189.3 | D83: 201.2 | E83: 562.3 | F83: 238.1
A84: в т.ч. г.Кара-Суу | B84: 0.1 | C84: 28.7 | D84: 6.5 | E84: 11.2 | F84: 20.6
A85: Ноокатский | B85: 363.8 | C85: 30 | D85: - | E85: 10.4 | F85: 18.4
A86: в т.ч. г. Ноокат | B86: 6 | C86: 23 | D86: - | E86: - | F86: -
A87: Узгенский | B87: 214.5 | C87: 399.2 | D87: 299.4 | E87: 644.2 | F87: 806.5
A88: Чон-Алайский | B88: 115.8 | C88: 48.5 | D88: 81.1 | E88: 247.6 | F88: 198.5
A90: Частная
A91: по области | B91: 4582.6 | C91: 2979.9 | D91: 3854.4 | E91: 8797.8 | F91: 7553
A92: районы:
A93: Алайский | B93: 259.9 | C93: 288.7 | D93: 420.3 | E93: 559.7 | F93: 629.2
A94: Араванский | B94: 1832.6 | C94: 424.1 | D94: 420.8 | E94: 838.1 | F94: 483.8
A95: Кара-Кулжинский | B95: 68.6 | C95: 47.2 | D95: 60.7 | E95: 61.4 | F95: 115.3
A96: Кара-Суйский | B96: 1321.8 | C96: 1428.4 | D96: 1600.8 | E96: 3169.9 | F96: 4031.4
A97: в т.ч. г.Кара-Суу | B97: 56 | C97: 159.6 | D97: 62.9 | E97: 21.2 | F97: 117
A98: Ноокатский | B98: 723.4 | C98: 448.2 | D98: 917.6 | E98: 2163.1 | F98: 840.8
A99: в т.ч. г. Ноокат | B99: 28.5 | C99: 22.9 | D99: 57.4 | E99: 16.6 | F99: 14.6
A100: Узгенский | B100: 265.2 | C100: 250.5 | D100: 334.4 | E100: 1882.5 | F100: 1166.2
A101: в т.ч. г.Узген | B101: 113.4 | C101: 34 | D101: 66.6 | E101: 105.9 | F101: 212.7
A102: Чон-Алайский | B102: 111.1 | C102: 92.8 | D102: 99.8 | E102: 123.1 | F102: 286.3
A104: 13.5. Инвестиции в основной капитал (капитальные вложения)
A105: по источникам финансирования и территории
A106: (миллион сомов)
B107: 2019 | C107: 2020 | D107: 2021 | E107: 2022 | F107: 2023
A109: Всего по области | B109: 6889.9 | C109: 5088.2 | D109: 5481.1 | E109: 11810 | F109: 12863.7
A110: районы:
A111: Алайский | B111: 576 | C111: 493.1 | D111: 614.5 | E111: 887.6 | F111: 1159.4
A112: Араванский | B112: 2003.3 | C112: 479.3 | D112: 515.8 | E112: 1015.6 | F112: 1020.7
A113: Кара-Кулжинский | B113: 181.8 | C113: 169.6 | D113: 151.6 | E113: 228.1 | F113: 740.1
A114: Кара-Суйский | B114: 1745.3 | C114: 2425.5 | D114: 1922 | E114: 4062.7 | F114: 4952
A115: в т.ч. г.Кара-Суу | B115: 56.1 | C115: 188.3 | D115: 69.4 | E115: 32.4 | F115: 137.6
A116: Ноокатский | B116: 1260.3 | C116: 558.6 | D116: 1005.2 | E116: 2309 | F116: 1419.5
A117: в т.ч. г. Ноокат | B117: 34.5 | C117: 45.9 | D117: 57.4 | E117: 16.6 | F117: 14.6
A118: Узгенский | B118: 758.3 | C118: 761.7 | D118: 949.3 | E118: 2908.9 | F118: 2755.5
A119: в т.ч. г.Узген | B119: 130.3 | C119: 34 | D119: 343.9 | E119: 265.8 | F119: 432.6
A120: Чон-Алайский | B120: 364.9 | C120: 200.4 | D120: 322.7 | E120: 398.1 | F120: 816.5
A121: Республиканского бюджета
A122: по области | B122: 1199.5 | C122: 639.2 | D122: 654.6 | E122: 1362.7 | F122: 3186.8
...

Sheet внеш1
A1: 14. ВНЕШНЕЭКОНОМИЧЕСКАЯ ДЕЯТЕЛЬНОСТЬ
A2: 14.1. Внешняя и взаимная торговля
B4: 2019 | C4: 2020 | D4: 2021 | E4: 2022 | F4: 2023
A5: Внешнеторговый оборот
A6: млн. сомов | B6: 26752.3 | C6: 18995.8 | D6: 36683.4 | E6: 33223.2 | F6: 29764.4
A7: млн. долларов США | B7: 383.3 | C7: 243.5 | D7: 433.3 | E7: 396.9 | F7: 338.8
A8: со странами СНГ
A9: млн. сомов | B9: 10474.1 | C9: 11862.2 | D9: 22908.6 | E9: 22266 | F9: 19769.8
A10: млн. долларов | B10: 150.1 | C10: 151.9 | D10: 270.5 | E10: 266 | F10: 225
A11: со странами вне СНГ
A12: млн. сомов | B12: 16278.2 | C12: 7133.6 | D12: 13774.8 | E12: 10957.2 | F12: 9994.6
A13: млн. долларов | B13: 233.2 | C13: 91.6 | D13: 162.8 | E13: 130.9 | F13: 113.8
A14: Экспорт
A15: млн. сомов | B15: 5527.3 | C15: 5027 | D15: 6184.3 | E15: 7967.1 | F15: 8107
A16: млн. долларов США | B16: 79.2 | C16: 64.2 | D16: 73.1 | E16: 94.5 | F16: 92.3
A17: со странами СНГ
A18: млн. сомов | B18: 4238.9 | C18: 4040.2 | D18: 4427.6 | E18: 5724.5 | F18: 5897.8
A19: млн. долларов | B19: 60.7 | C19: 51.6 | D19: 52.3 | E19: 67.9 | F19: 67.1
A20: со странами вне СНГ
A21: млн. сомов | B21: 1288.4 | C21: 986.8 | D21: 1756.7 | E21: 2242.6 | F21: 2209.2
A22: млн. долларов | B22: 18.5 | C22: 12.5 | D22: 20.7 | E22: 26.6 | F22: 25.2
A23: Импорт
A24: млн. сомов | B24: 21225 | C24: 13968.7 | D24: 30499.1 | E24: 25256.1 | F24: 21657.4
A25: млн. долларов США | B25: 304.1 | C25: 179.3 | D25: 360.2 | E25: 302.4 | F25: 246.5
A26: со странами СНГ
A27: млн. сомов | B27: 6235.2 | C27: 7822 | D27: 18481 | E27: 16545.1 | F27: 13871.9
A28: млн. долларов | B28: 89.3 | C28: 100.3 | D28: 218.2 | E28: 198.1 | F28: 157.9
A29: со странами вне СНГ
A30: млн. сомов | B30: 14989.8 | C30: 6146.8 | D30: 12018 | E30: 8711 | F30: 7785.5
A31: млн. долларов | B31: 214.8 | C31: 79 | D31: 142 | E31: 104.3 | F31: 88.6
A32: Сальдо
A33: млн. сомов | B33: -15697.6 | C33: -8941.7 | D33: -24314.8 | E33: -17289 | F33: -13550.4
A34: млн. долларов США | B34: -224.9 | C34: -115.2 | D34: -287.2 | E34: -207.9 | F34: -154.2
A35: со странами СНГ
A36: млн. сомов | B36: -1996.3 | C36: -3781.8 | D36: -14053.4 | E36: -10820.6 | F36: -7974
A37: млн. долларов | B37: -28.6 | C37: -48.7 | D37: -165.9 | E37: -130.2 | F37: -90.7
A38: со странами вне СНГ
A39: млн. сомов | B39: -13701.3 | C39: -5160 | D39: -10261.3 | E39: -6468.4 | F39: -5576.4
A40: млн. долларов | B40: -196.3 | C40: -66.5 | D40: -121.2 | E40: -77.7 | F40: -63.5
A42: 14.2. Экспорт товаров по разделам ТН ВЭД 1
A43: (тысяч долларов США)
B44: 2019 | C44: 2020 | D44: 2021 | E44: 2022 | F44: 2023
A46: Всего | B46: 79201.5 | C46: 64157.2 | D46: 73066 | E46: 94492 | F46: 92275.7
A47: Живые животные и продукты животного
A48: происхождения | B48: 225.1 | C48: 4485.7 | D48: 1169.6 | E48: 6962.3 | F48: 4969.6
A49: Продукты растительного происхождения | B49: 1595.6 | C49: 1032.7 | D49: 1011.1 | E49: 5903 | F49: 3648
A50: Жиры и масла животного или растительного
A51: происхождения, продукты их расщепления - | B51: 2.2 | C51: 1.8 | D51: 0 | E51: 27.4
A52: Готовые пищевые продукты, алкогольные | F52: -
A53: и безалкогольные напитки и уксус, табак | B53: 1869.2 | C53: 584.7 | D53: 671.8 | E53: 819.2 | F53: 1334.7
A54: Минеральные продукты | B54: 46831.7 | C54: 35884.9 | D54: 43415.1 | E54: 50358.4 | F54: 51042.7
A55: Продукция химической и связанных с ней
A56: отраслей промышленности | B56: 479.6 | C56: 525.9 | D56: 386.7 | E56: 26.2 | F56: 306.5
A57: Пластмассы и изделия из них, каучук
A58: и резиновые изделия | B58: 30.8 | C58: 318.3 | D58: 128 | E58: 407.3 | F58: 241.9
A59: Продолжение
B60: 2019 | C60: 2020 | D60: 2021 | E60: 2022 | F60: 2023
A61: Кожевенное сырье, кожа, натуральный мех и
A62: изделия из них, дорожные принадлежности - | B62: 5.3 | C62: 49.9 | D62: 0.6 | E62: 213 | F62: 282.9
A63: Древесина и изделия из древесины;
A64: древесный уголь, пробка | B64: 435.5 | C64: 492 | D64: 1192.6 | E64: 1679.3 | F64: 1233.5
A65: Бумажная масса из древесины или из других
A66: волокнистых растительных материалов
A67: макулатура, бумага, картон и изделия из них - | B67: 116.6 | C67: 47.8 | D67: 0.7 | E67: 19 | F67: 4.7
A68: Текстиль и текстильные изделия | B68: 23953.1 | C68: 15234.2 | D68: 21820 | E68: 23749.9 | F68: 22862.1
A69: Обувь, головные уборы, зонты, трости
A70: складные, хлысты, кнуты | B70: 92 | C70: 314.1 | D70: 78.2 | E70: 112.5 | F70: 19.8
A71: Изделия из камня, гипса, цемента, асбеста,
A72: слюды и из подобных материалов, керами-
A73: ческие изделия, стекло и изделия из него | B73: 1514.7 | C73: 1865.1 | D73: 2086.6 | E73: 1863 | F73: 3065.5
A74: Жемчуг природный или культивированный,
A75: драгоценные или полудрагоценные камни,
A76: драгоценные металлы и изделия из них,
A77: бижутерия, монеты | B77: - | C77: - | D77: - | E77: 2.5 | F77: -
A78: Недрагоценные металлы и изделия из них | B78: 280.2 | C78: 127.8 | D78: 138.9 | E78: 1044.6 | F78: 2420.9
A79: Машины, оборудование и механизмы,
A80: электротехническое оборудование, их части;
A81: аппаратура для записи и воспроизведения
A82: телевизионного изображения и звука,
A83: их части и принадлежности | B83: 1039.5 | C83: 3093.3 | D83: 875.4 | E83: 1063.6 | F83: 650.2
A84: Средства наземного
A85: транспорта, их части и принадлежности | B85: 674.5 | C85: 76.4 | D85: 58.7 | E85: 195.9 | F85: 123.4
A86: Приборы и аппараты оптические,
A87: фотографические, кинематографические,
A88: измерительные, контрольные, медицинские,
A89: часы, музыкальные инструменты, их части | B89: - | C89: - | D89: - | E89: 8.5 | F89: -
A90: Разные промышленные товары | B90: 42.2 | C90: 16 | D90: 30.7 | E90: 36.4 | F90: 69.3
A92: 1 Товарная номенклатура внешнеэкономической деятельности СНГ, начиная с 2015г. - ТНВЭД ЕАЭС.
A94: 14.3. Импорт товаров по разделам ТН ВЭД 1
A95: (тысяч долларов США)
B96: 2019 | C96: 2020 | D96: 2021 | E96: 2022 | F96: 2023
A98: Всего | B98: 304122.3 | C98: 179319 | D98: 360275.5 | E98: 302372.9 | F98: 246510
A99: Живые животные и продукты животного
A100: происхождения | B100: 118.4 | C100: 170.7 | D100: 1131.1 | E100: 1442.7 | F100: 1426.4
A101: Продукты растительного происхождения | B101: 15306.3 | C101: 15738.9 | D101: 21955.4 | E101: 31663.6 | F101: 37194.8
A102: Жиры и масла животного или растительного
A103: происхождения, продукты их расщепления | B103: 6588.2 | C103: 5744.6 | D103: 6088.5 | E103: 7019.3 | F103: 5122.3
A104: Готовые пищевые продукты, алкогольные
A105: и безалкогольные напитки и уксус, табак | B105: 1255.6 | C105: 1467.8 | D105: 1139.9 | E105: 2433.7 | F105: 4437.3
A106: Минеральные продукты | B106: 4807 | C106: 7410.5 | D106: 53753.1 | E106: 6229.1 | F106: 12696.4
...

Sheet внеш2
A1: 14.6. Экспорт товаров по странам
A2: (тысячу долларов США)
B3: 2019 | C3: 2020 | D3: 2021 | E3: 2022 | F3: 2023
A5: Всего | B5: 79201.5 | C5: 64157.2 | D5: 73066 | E5: =SUM(E6,E27,E47) -> 94492 | F5: 92275.7
A6: Европа | B6: 13580.5 | C6: =C14+C16+C19+C20 -> 4458.8 | D6: 2275.3 | E6: =SUM(E8:E26) -> 5351.6 | F6: =SUM(F8:F26) -> 2999.5
A7: в том числе:
A8: Австрия | B8: - | C8: - | D8: - | E8: - | F8: -
A9: Бельгия | B9: 0.009 | C9: 0.01 | D9: - | E9: - | F9: -
A10: Венгрия | B10: 0.002 | C10: - | D10: - | E10: 139.3 | F10: -
A11: Молдова | B11: - | C11: - | D11: - | E11: 82.1 | F11: -
A12: Болгария | B12: - | C12: - | D12: - | E12: 58.9 | F12: -
A13: Германия | B13: - | C13: - | D13: - | E13: - | F13: -
A14: Беларусь | B14: 133.4 | C14: 90.9 | D14: - | E14: 2806.9 | F14: 122.7
A15: Греция | B15: 362.6 | C15: - | D15: 51 | E15: - | F15: -
A16: Италия | B16: 183.7 | C16: 308.1 | D16: 424 | E16: 58.8 | F16: 264.4
A17: Нидерланды | B17: 1.7 | C17: - | D17: - | E17: - | F17: -
A18: Чешская Республика | B18: 6.1 | C18: - | D18: - | E18: - | F18: 981.4
A19: Латвия | B19: - | C19: 32.5 | D19: - | E19: 82.8 | F19: 41.6
A20: Россия | B20: 12892.9 | C20: 4027.3 | D20: 1800.3 | E20: 1061.6 | F20: 1446.6
A21: Польша | B21: - | C21: - | D21: - | E21: 608.4 | F21: 33.3
A22: Украина | B22: - | C22: - | D22: - | E22: 6.9 | F22: 109.5
A23: Румыния | B23: - | C23: - | D23: - | E23: 302.3 | F23: -
A24: Словакия | B24: - | C24: - | D24: - | E24: 141.1 | F24: -
A25: Швейцария | B25: 0.096 | C25: - | D25: - | E25: - | F25: -
A26: Эстония | B26: - | C26: - | D26: - | E26: 2.5 | F26: -
A27: Азия | B27: 64703.7 | C27: 59698.4 | D27: 70790.7 | E27: =SUM(E29:E46) -> 89112.5 | F27: =SUM(F29:F47) -> 89276.2
A28: в том числе:
A29: Афганистан | D29: 126 | E29: 4.2 | F29: 73.5
A30: Вьетнам | B30: - | C30: 222.9 | D30: - | E30: - | F30: 13.3
A31: Иран | B31: 18 | C31: 233.6 | D31: - | E31: 4095.2 | F31: 153.2
A32: Ирак | B32: 133.6 | C32: 48 | D32: - | E32: - | F32: 439.9
A33: Казахстан | B33: 212.7 | C33: 367 | D33: 469.3 | E33: 814.9 | F33: 12
A34: Китай | B34: 5901.7 | C34: 832.3 | D34: 3.5 | E34: 3591.5 | F34: 36.7
A35: Монголия | B35: 2.6 | C35: - | D35: - | E35: - | F35: 9440.7
A36: Республика Корея | B36: - | C36: - | D36: - | E36: - | F36: 2858.2
A37: Таджикистан | B37: 2033 | C37: 934.3 | D37: 452.8 | E37: - | F37: 7009.7
A38: Индия | B38: - | C38: - | D38: - | E38: 8.5 | F38: -
A39: Турция | B39: 10895.3 | C39: 10833.3 | D39: 19769.5 | E39: 16927.5 | F39: -
A40: Япония | B40: 3.4 | C40: 5.6 | D40: 6 | E40: 3.4 | F40: -
A41: Туркменистан | B41: 16.8 | C41: 53.7 | D41: 18.6 | E41: 250.8 | F41: -
A42: Узбекистан | B42: 45452.6 | C42: 46135.1 | D42: 49575 | E42: 62899.2 | F42: -
A43: Саудовская Аравия | B43: - | C43: - | D43: - | E43: 0.2 | F43: -
A44: Пакистан | B44: - | C44: - | D44: - | E44: 1.9 | F44: 175.3
A45: Грузия | B45: - | C45: - | D45: - | E45: 114.9 | F45: 6486.4
A46: Объединенные Арабские Эмираты | B46: 34 | C46: 32.6 | D46: 370 | E46: 400.3 | F46: 62577.3
A47: Америка (США) | B47: 917.4 | C47: - | D47: - | E47: 27.9 | F47: -
A48: в том числе: | F48: -
A49: США | B49: 917.4 | C49: - | D49: - | E49: 27.9
F50: -

Sheet внеш3
A1: 14.7. Импорт товаров по странам
A2: (тысяч долларов США)
C3: 2019 | D3: 2020 | E3: 2021 | F3: 2022 | G3: 2023
A5: Всего | C5: 304122.3 | D5: 179319 | E5: 360275.5 | F5: =SUM(F6,F28,F55,F63) -> 296147.1 | G5: 246510
A6: Европа | C6: 20684.1 | D6: 20605.7 | E6: 68092.6 | F6: =SUM(F9:F12,F13:F27) -> 24271.6 | G6: =SUM(G9:G27) -> 30326.5
A7: в том числе:
A8: Австрия | C8: 347 | D8: - | E8: 1 | F8: - | G8: -
A9: Беларусь | C9: 835 | D9: 207.4 | E9: 486.3 | F9: 116.7 | G9: 1115.7
A10: Бельгия | C10: 6.7 | D10: - | E10: 0 | F10: 105 | G10: -
A11: Венгрия | C11: - | D11: - | E11: 16 | F11: 0 | G11: -
A12: Германия | C12: 788.3 | D12: 648.9 | E12: 229.3 | F12: 291.3 | G12: 130.3
A13: Италия | C13: 59.1 | D13: 57.2 | E13: 0 | F13: 46.8 | G13: -
A14: Латвия | C14: 72.5 | D14: 38.8 | E14: 0 | F14: 0 | G14: 1.5
A15: Литва | C15: 1474 | D15: 790.9 | E15: 395.3 | F15: 124.3 | G15: 196.6
A16: Молдова | C16: 105 | D16: - | E16: 32.5 | F16: - | G16: 48
A17: Нидерланды | C17: 443.7 | D17: 106.8 | E17: 11 | F17: 18.9 | G17: 10.7
A18: Польша | C18: 191.1 | D18: 210.5 | E18: 81.2 | F18: 51.8 | G18: 20.5
A19: Россия | C19: 15784.1 | D19: 18027 | E19: 66393.2 | F19: 23426.9 | G19: 27690.3
A20: Словения | C20: 28.2 | D20: - | E20: 0 | F20: 0 | G20: -
A21: Соединённое Королевство (Великобритания) | C21: - | D21: - | E21: 1.4 | F21: 0 | G21: 46.9
A22: Украина | C22: 457.5 | D22: 113.7 | E22: 408.2 | F22: 89.9 | G22: 138.3
A23: Финляндия | C23: - | D23: - | E23: - | F23: - | G23: 3.9
A24: Франция | C24: 11.3 | D24: - | E24: 0 | F24: - | G24: 7.5
A25: Чешская Республика | C25: 33.3 | D25: 260.01 | E25: 23 | F25: 0 | G25: 852.9
A26: Швеция | C26: 0 | D26: 129.853 | E26: 0 | F26: - | G26: 63.4
A27: Эстония | C27: 33.8 | D27: 14.6 | E27: 14.2 | F27: 0 | G27: -
A28: Азия | C28: 282564 | D28: 157360.8 | E28: =SUM(E30:E51) -> 291474.3 | F28: =SUM(F30:F51) -> 271875.5 | G28: =SUM(G30:G51) -> 213405.8
A29: в том числе:
A30: Азербайджан | C30: 182.9 | D30: 28.4 | E30: 178 | F30: 230.2 | G30: 278.3 | CM30: 230.2 | CN30: 278.3
A31: Армения | C31: 39.9 | D31: 2243.8 | E31: 0 | F31: 207.1 | G31: 80 | CM31: 207.1 | CN31: 80
A32: Афганистан | C32: - | D32: 116.7 | E32: 723 | F32: 1990 | G32: 2086.1 | CM32: 1990 | CN32: 2086.1
A33: Вьетнам | C33: 61.6 | D33: 38.5 | E33: 58.2 | F33: 125.8 | G33: 19.4 | CM33: 125.8 | CN33: 19.4
A34: Грузия | C34: - | D34: 6.4 | E34: 37.5 | F34: 10.8 | G34: 22.6 | CM34: 10.8 | CN34: 22.6
A35: Индия | C35: 112 | D35: 19.985 | E35: 168.5 | F35: 433.4 | G35: 441 | CM35: 433.4 | CN35: 441
A36: Индонезия | C36: 0.5 | D36: - | E36: - | F36: - | G36: - | CM36: - | CN36: -
A37: Иран | C37: 1596.7 | D37: 1783.7 | E37: 1830.5 | F37: 1992.9 | G37: 3153.6 | CM37: 1992.9 | CN37: 3153.6
A38: Казахстан | C38: 9913 | D38: 10284.4 | E38: 9691.5 | F38: 10957.1 | G38: 10163.4 | CM38: 10957.1 | CN38: 10163.4
A39: Китай | C39: 184910.4 | D39: 61611.1 | E39: 104191 | F39: 64792.4 | G39: 66186 | CM39: 64792.4 | CN39: 66186
A40: Малайзия | C40: 24.2 | D40: - | E40: 0 | F40: - | G40: - | CM40: - | CN40: -
A41: Монголия | C41: - | D41: - | E41: - | F41: 0.4 | G41: - | CM41: 0.4 | CN41: -
A42: Объединенные Арабские Эмираты | C42: 8336 | D42: 389.8 | E42: 83 | F42: 542.9 | G42: 547.4 | CM42: 542.9 | CN42: 547.4
A43: Пакистан | C43: 0.1 | D43: 81.7 | E43: 457 | F43: 733.9 | G43: 1288.8 | CM43: 733.9 | CN43: 1288.8
A44: Республика Корея | C44: 1472.3 | D44: 2629.9 | E44: 1029.5 | F44: 432.1 | G44: 1465.2 | CM44: 432.1 | CN44: 1465.2
A45: Таджикистан | C45: 4451.6 | D45: 2716.7 | E45: 832 | F45: 276.9 | G45: 833.2 | CM45: 276.9 | CN45: 833.2
A46: Таиланд | C46: - | D46: - | E46: 0 | F46: 173.9 | G46: 20.1 | CM46: 173.9 | CN46: 20.1
A47: Тайвань, Китайская провинция | C47: 156.9 | D47: 0.7 | E47: 5.2 | F47: 0.2 | G47: 1.8 | CM47: 0.2 | CN47: 1.8
A48: Туркменистан | C48: 253.6 | D48: 358.6 | E48: 1110.4 | F48: 3576.8 | G48: 2785.8 | CM48: 3576.8 | CN48: 2785.8
A49: Турция | C49: 13357.2 | D49: 8372.8 | E49: 31910 | F49: 25496.8 | G49: 8977.2 | CM49: 25496.8 | CN49: 8977.2
A50: Узбекистан | C50: 57318.5 | D50: 66318.1 | E50: 139107 | F50: 159191.3 | G50: 114760.6 | CM50: 159191.3 | CN50: 114760.6
A51: Япония | C51: 376.6 | D51: 359.5 | E51: 62 | F51: 710.6 | G51: 295.3 | CM51: 710.6 | CN51: 295.3
A52: Америка | C52: 874.4 | D52: 1352.3 | E52: 609.1 | F52: =SUM(F54:F59) -> 6198.2 | G52: =SUM(G54:G59) -> 2729.9 | CM52: =SUM(CM54:CM59) -> 6198.2 | CN52: =SUM(CN54:CN59) -> 2729.9
A53: в том числе:
A54: Аргентина | C54: - | D54: - | E54: - | F54: 120.3 | G54: - | CM54: 120.3 | CN54: -
A55: Гватемала | C55: 0.5 | D55: - | E55: - | F55: - | G55: - | CM55: - | CN55: -
A56: Канада | C56: 46.7 | D56: 15.8 | E56: - | F56: - | G56: 20.4 | CM56: - | CN56: 20.4
A57: Мексика | C57: - | D57: - | E57: - | F57: - | G57: 7.8 | CM57: - | CN57: 7.8
A58: США | C58: 53.2 | D58: 97.5 | E58: 25.3 | F58: 65.2 | G58: 139.7 | CM58: 65.2 | CN58: 139.7
A59: Эквадор | C59: 774 | D59: 1239 | E59: 583.8 | F59: 6012.7 | G59: 2562 | CM59: 6012.7 | CN59: 2562
A60: Африка | C60: - | D60: 0.2 | E60: 99.5 | F60: 27.6 | G60: 47.4 | CM60: 27.6 | CN60: 47.4
A61: Кения | C61: - | D61: 0 | E61: 65 | F61: 27.6 | G61: 47.4 | CM61: 27.6 | CN61: 47.4
A62: Египет | C62: - | D62: 0.2 | E62: 34.5 | F62: - | G62: - | CM62: - | CN62: -
A63: Австралия и океания | C63: - | D63: - | E63: - | F63: - | G63: 0.5 | CM63: - | CN63: 0.5
A64: Австралия | C64: - | D64: - | E64: - | F64: - | G64: 0.5 | CM64: - | CN64: 0.5
A67: 14.8. Экспорт важнейших видов товаров в натуральном выражении
B69: Ед.изм. | C69: 2019 | D69: 2020 | E69: 2021 | F69: 2022 | G69: 2023
A71: Живые животные | B71: шт | C71: 686 | D71: 18030 | E71: 2103 | F71: 30312 | G71: 30277
A72: Овощи и фрукты | B72: тонн | C72: 1662 | D72: 1802.1 | E72: 399.5 | F72: 15018.9 | G72: 17436.6
A73: Рис | B73: тонн | C73: 160 | D73: 22.9 | E73: 0 | F73: 0.1 | G73: 100.2
A74: Алкогольные и безалкогольные напитки и уксус | B74: л | C74: 34245 | D74: 14407.6 | E74: 4190 | F74: 156725 | G74: 16752
A75: Табак | B75: тонн | C75: 748.3 | D75: 181 | E75: 225.1 | F75: 143.6 | G75: 316.5
A76: Портландцемент | B76: тонн | C76: 622731.7 | D76: 426244.2 | E76: 668381.7 | F76: 625391 | G76: 496394.8
A77: Уголь | B77: тонн | C77: 522459.7 | D77: 426790.1 | E77: 356747 | F77: 636223.8 | G77: 768003.2
A78: Удобрения | B78: тонн | C78: 1758.9 | D78: 2035.5 | E78: 1404 | F78: 26.1 | G78: 0
A79: Волокно хлопковое | B79: тонн | C79: 12196.1 | D79: 10131.8 | E79: 9396.6 | F79: 7907.9 | G79: 12150.9
A82: 14.9. Импорт важнейших видов товаров в натуральном выражении
B84: Ед.изм. | C84: 2019 | D84: 2020 | E84: 2021 | F84: 2022 | G84: 2023
A85: Овощи и фрукты | B85: тонн | C85: 31874.6 | D85: 18337.6 | E85: 29091.5 | F85: 85578.6 | G85: 89849.7
A86: Пшеница | B86: тонн | C86: 7133.5 | D86: 8658.7 | E86: 3624 | F86: 5564.6 | G86: 4813.1
A87: Рис | B87: тонн | C87: 2 | D87: 2.5 | E87: 11.4 | F87: 0 | G87: 67.3
A88: Мука пшеничная | B88: тонн | C88: - | D88: 679 | E88: 350.1 | F88: 135 | G88: 1073.1
A89: Масло растительное | B89: тонн | C89: 6430.5 | D89: 5747.8 | E89: 3615.6 | F89: 4409.6 | G89: 4079.7
A90: Хлеб, мучные кондитерские изделия | B90: тонн | C90: 54 | D90: 439.7 | E90: 40.2 | F90: 409.1 | G90: 623.8
A91: Соль | B91: тонн | C91: 982.6 | D91: 999.5 | E91: 1020.1 | F91: 3117.6 | G91: 2886
A92: Портландцемент | B92: тонн | C92: 72947.1 | D92: 32821 | E92: 2278.6 | F92: 500 | G92: 90.8
A93: Нефтепродукты (бензин автомобильный) | B93: тыс.л | C93: - | D93: 2042.1 | E93: 3986.3 | F93: 3064.7 | G93: 3401.5 | CM93: 3064.7 | CN93: 3401.5
A94: Удобрения | B94: тонн | C94: 8581.1 | D94: 19998.6 | E94: 13998.2 | F94: 174.5 | G94: 37.6
A95: Краски и лаки (включая эмали иполитуры) | B95: тонн | C95: 315.9 | D95: 279.5 | E95: 343.4 | F95: 239.3 | G95: 456.2
A96: Шины и покрышки пневматические резиновые новые | B96: шт | C96: 15695 | D96: 6834 | E96: 18837 | F96: 41628 | G96: 70636
A97: Лесоматериалы | B97: куб.м | C97: 2678.7 | D97: 6950.1 | E97: 13982.7 | F97: 1623.8 | G97: 4865.1
A98: Ковры и прочие текстильные
A99: напольные покрытия | B99: кв.метр | C99: 1381337.1 | D99: 1024988.9 | E99: 2036589.6 | F99: 2759179.4 | G99: 2754252.5
A100: Обувь | B100: тыс.пар | C100: 10821.1 | D100: 3227.6 | E100: 9707124 | F100: 6869495 | G100: 3036266

Sheet демогр1
A1: 15. НАСЕЛЕНИЕ
A2: 15.1. Численность постоянного населения по полу, возрастным
A3: группам и месту проживания
A4: (оценка на конец года, человек соответствующей возрастной группы)
B5: 2019 | C5: 2020 | D5: 2021 | E5: 2022 1 | F5: 2023
A6: Все население | B6: 1368054 | C6: 1391649 | D6: 1435476 | E6: 1460425 | F6: 1490054
A7: в том числе в возрасте, лет:
A8: менее 1 | B8: 35137 | C8: 32527 | D8: 37632 | E8: 29679 | F8: 35072
A9: 1 - 6 | B9: 215577 | C9: 215971 | D9: 239217 | E9: 237519 | F9: 228973
A10: 7 - 17 | B10: 301351 | C10: 312857 | D10: 338196 | E10: 354225 | F10: 368047
A11: мужчины и женщины 0-15 | B11: 505990 | C11: 513296 | D11: 567946 | E11: 572128 | F11: 579137
A12: мужчины 16-62 | B12: 404451 | C12: 411198 | D12: 397575 | E12: 405560 | F12: 414244
A13: женщины 16-57 | B13: 367609 | C13: 372591 | D13: 365920 | E13: 371665 | F13: 378355
A14: мужчины 63 и более | B14: 28504 | C14: 29750 | D14: 33879 | E14: 36647 | F14: 40051
A15: женщины 58 и более | B15: 61500 | C15: 64814 | D15: 70156 | E15: 74425 | F15: 78267
A17: Городское население | B17: 105178 | C17: 107639 | D17: 104338 | E17: 105917 | F17: 108982
A18: в том числе в возрасте, лет:
A19: менее 1 | B19: 2767 | C19: 3141 | D19: 2611 | E19: 1899 | F19: 2597
A20: 1 - 6 | B20: 16210 | C20: 16444 | D20: 17687 | E20: 17342 | F20: 16426
A21: 7 - 17 | B21: 22891 | C21: 23655 | D21: 25476 | E21: 26648 | F21: 27783
A22: мужчины и женщины 0-15 | B22: 38420 | C22: 39603 | D22: 42168 | E22: 42069 | F22: 42713
A23: мужчины 16-62 | B23: 30691 | C23: 31283 | D23: 27651 | E23: 28216 | F23: 29071
A24: женщины 16-57 | B24: 29041 | C24: 29441 | D24: 26867 | E24: 27480 | F24: 28463
A25: мужчины 63 и более | B25: 2167 | C25: 2225 | D25: 2488 | E25: 2713 | F25: 2998
A26: женщины 58 и более | B26: 4859 | C26: 5087 | D26: 5164 | E26: 5439 | F26: 5737
A28: Сельское население | B28: 1262876 | C28: 1284010 | D28: 1331138 | E28: 1354508 | F28: 1381072
A29: в том числе в возрасте, лет:
A30: менее 1 | B30: 32370 | C30: 29386 | D30: 35021 | E30: 27780 | F30: 32475
A31: 1 - 6 | B31: 199367 | C31: 199527 | D31: 221530 | E31: 220177 | F31: 212547
A32: 7 - 17 | B32: 278460 | C32: 289202 | D32: 312720 | E32: 327577 | F32: 340264
A33: мужчины и женщины 0-15 | B33: 467570 | C33: 473693 | D33: 525778 | E33: 530059 | F33: 536424
A34: мужчины 16-62 | B34: 373760 | C34: 379915 | D34: 369924 | E34: 377344 | F34: 385173
A35: женщины 16-57 | B35: 338568 | C35: 343150 | D35: 339053 | E35: 344185 | F35: 349892
A36: мужчины 63 и более | B36: 26337 | C36: 27525 | D36: 31391 | E36: 33934 | F36: 37053
A37: женщины 58 и более | B37: 56641 | C37: 59727 | D37: 64992 | E37: 68986 | F37: 72530
A39: 1 С учетом данных переписи населения и жилищного фонда Кыргызской Республики 2022 года.
A40: 15.2 Среднегодовая численность наличного населения по месту проживания
A41: (оценка, тыс.человек)
B42: 2019 | C42: 2020 | D42: 2021 | E42: 2022 1 | F42: 2023
A44: Ошская область | B44: 1250.3 | C44: 1275.1 | D44: 1403.2 | E44: 1241.7 | F44: 1268.9
A45: Все население
A46: Городское население | B46: 99.4 | C46: 101.7 | D46: 108.8 | E46: 88.4 | F46: 90.7
A47: Сельское население | B47: 1150.9 | C47: 1173.4 | D47: 1294.4 | E47: 1153.3 | F47: 1178.2
A48: Алайский район | B48: 78.8 | C48: 79.5 | D48: 87.7 | E48: 69.6 | F48: 70.4
A49: Сельское население | B49: 78.8 | C49: 79.5 | D49: 87.7 | E49: 69.6 | F49: 70.4
A50: Араванский район | B50: 125.5 | C50: 128.4 | D50: 139.1 | E50: 110.2 | F50: 113.3
A51: Сельское население | B51: 125.5 | C51: 128.4 | D51: 139.1 | E51: 110.2 | F51: 113.3

Sheet демогр2
A1: Продолжение
B2: 2018 | C2: 2019 | D2: 2020 | E2: 2021 | F2: 2022 1 | G2: 2023
A3: Кара-Кулжинский район | B3: 85 | C3: 85.7 | D3: 86.4 | E3: 100.7 | F3: 81.9 | G3: 82.9
A4: Сельское население | B4: 85 | C4: 85.7 | D4: 86.4 | E4: 100.7 | F4: 81.9 | G4: 82.9
A5: Кара-Сууский район | B5: 399.4 | C5: 408.9 | D5: 417.8 | E5: 452.8 | F5: 417.6 | G5: 428.5
A6: Городское население | B6: 26.3 | C6: 26.8 | D6: 27.4 | E6: 26.9 | F6: 24.4 | G6: 25.1
A7: Сельское население | B7: 373.1 | C7: 382.1 | D7: 390.4 | E7: 425.9 | F7: 393.2 | G7: 403.4
A8: Ноокатский район | B8: 265.2 | C8: 271.9 | D8: 278 | E8: 305.3 | F8: 280.8 | G8: 286.8
A9: Городское население | B9: 16.4 | C9: 16.8 | D9: 17.2 | E9: 18.5 | F9: 13 | G9: 13.4
A10: Сельское население | B10: 248.8 | C10: 255 | D10: 260.8 | E10: 286.8 | F10: 267.8 | G10: 273.4
A11: Узгенский район | B11: 244 | C11: 249.6 | D11: 254.6 | E11: 285.2 | F11: 250.7 | G11: 255.5
A12: Городское население | B12: 54.5 | C12: 55.8 | D12: 57.1 | E12: 63.4 | F12: 51 | G12: 52.2
A13: Сельское население | B13: 189.5 | C13: 193.8 | D13: 197.5 | E13: 221.8 | F13: 199.7 | G13: 203.3
A14: Чон-Алайский район | B14: 29.3 | C14: 30 | D14: 30.4 | E14: 32.4 | F14: 30.9 | G14: 31.5
A15: Сельское население | B15: 29.3 | C15: 30 | D15: 30.4 | E15: 32.4 | F15: 30.9 | G15: 31.5
A17: 1 С учетом данных переписи населения и жилищного фонда Кыргызской Республики 2022 года. 16.2. Шаардык жана айылдык калк боюнча нак калктын орточо жылдык саны
A18: 15.3. Распределение постаянного населения по отдельным этническим группам
A19: (оценка на конец года, человек)
B20: 2018 | C20: 2019 | D20: 2020 | E20: 2021 | F20: 2022 | G20: 2023
A22: Все этнические группы | B22: 1341863 | C22: 1368054 | D22: 1391649 | E22: 1435476 | F22: 1460425 | G22: 1490054
A23: в том числе:
A24: кыргызы | B24: 907548 | C24: 923310 | D24: 937116 | E24: 985677 | F24: 1003764 | G24: 1021720
A25: азербайджанцы | B25: 4019 | C25: 4112 | D25: 4227 | E25: 5001 | F25: 5085 | G25: 5189
A26: армяне | B26: 9 | C26: 10 | D26: 9 | E26: 51 | F26: 51 | G26: 51
A27: белорусы | B27: 5 | C27: 4 | D27: 4 | E27: 2 | F27: 2 | G27: 2
A28: грузины | B28: 1 | C28: 1 | D28: 1 | E28: - | F28: 1 | G28: 1
A29: дунгане | B29: 933 | C29: 966 | D29: 981 | E29: 562 | F29: 580 | G29: 597
A30: евреи | D30: 1 | E30: 1 | F30: 2 | G30: 2
A31: казахи | B31: 530 | C31: 535 | D31: 542 | E31: 805 | F31: 823 | G31: 838
A32: корейцы | B32: 42 | C32: 40 | D32: 42 | E32: 16 | F32: 21 | G32: 20
A33: латыши | B33: 1 | C33: 1 | D33: 1 | E33: - | F33: -
A34: литовцы | B34: 5 | C34: 5 | D34: 5 | E34: - | F34: -
A35: молдаване | B35: 3 | C35: 3 | D35: 3 | E35: - | F35: -
A36: немцы | B36: 13 | C36: 13 | D36: 13 | E36: 1 | F36: 1 | G36: 1
A37: русские | B37: 1128 | C37: 1100 | D37: 1074 | E37: 1272 | F37: 1254 | G37: 1233
A38: таджики | B38: 8126 | C38: 8301 | D38: 8532 | E38: 8482 | F38: 8626 | G38: 8834
A39: татары | B39: 1123 | C39: 1104 | D39: 1089 | E39: 489 | F39: 479 | G39: 491
A40: турки | B40: 13262 | C40: 13531 | D40: 13796 | E40: 8404 | F40: 8549 | G40: 8871
A41: туркмены | B41: 137 | C41: 137 | D41: 138 | E41: 935 | F41: 940 | G41: 940
A42: узбеки | B42: 389107 | C42: 398525 | D42: 407270 | E42: 415633 | F42: 421519 | G42: 431934
A43: уйгуры | B43: 14555 | C43: 14989 | D43: 15354 | E43: 7821 | F43: 8073 | G43: 8483
A44: украинцы | B44: 38 | C44: 34 | D44: 27 | E44: 17 | F44: 14 | G44: 15
A45: народы Пакистана и Индии | B45: - | C45: - | D45: - | E45: - | F45: 2 | G45: 2
A46: чеченцы | B46: 16 | C46: 16 | D46: 16 | E46: 64 | F46: 64 | G46: 65
A47: другие этнические группы | B47: 1262 | C47: 1317 | D47: 1409 | E47: 243 | F47: 575 | G47: 765
A49: 15.4. Ожидаемая продолжительность жизни при рождении
A50: (лет)
B51: 2018 | C51: 2019 | D51: 2020 | E51: 2021 | F51: 2022 | G51: 2023
A52: Оба пола | B52: 71.6 | C52: 71.8 | D52: 71.7 | E52: 72 | F52: 72.1 | G52: 72.2
A53: Мужчины | B53: 68.6 | C53: 68.7 | D53: 67.8 | E53: 69.1 | F53: 69.2 | G53: 69.4
A54: Женщины | B54: 75.1 | C54: 75.3 | D54: 76 | E54: 75.5 | F54: 75.6 | G54: 75.7

Sheet демогр3
A1: 15.5. Число родившихся и общий коэффициент рождаемости
A2: по территории
B3: 2019 | C3: 2020 | D3: 2021 | E3: 2022 | F3: 2023
A4: Число родившихся, человек
A5: Ошская область | B5: 35305 | C5: 32716 | D5: 28148 | E5: 29813 | F5: 35125
A6: Алайский район | B6: 1794 | C6: 1657 | D6: 1281 | E6: 1263 | F6: 1913
A7: Сельское население | B7: 1794 | C7: 1657 | D7: 1281 | E7: 1263 | F7: 1913
A8: Араванский район | B8: 3768 | C8: 3790 | D8: 3236 | E8: 3498 | F8: 3717
A9: Сельское население | B9: 3768 | C9: 3790 | D9: 3236 | E9: 3498 | F9: 3717
A10: Кара-Кулжинский район | B10: 1846 | C10: 1866 | D10: 1454 | E10: 1421 | F10: 1886
A11: Сельское население | B11: 1846 | C11: 1866 | D11: 1454 | E11: 1421 | F11: 1886
A12: Кара-Сууский район | B12: 12107 | C12: 10749 | D12: 8918 | E12: 10078 | F12: 12388
A13: Городское население | B13: 772 | C13: 694 | D13: 727 | E13: 442 | F13: 640
A14: Сельское население | B14: 11335 | C14: 10055 | D14: 8191 | E14: 9636 | F14: 11748
A15: Ноокатский район | B15: 8094 | C15: 7526 | D15: 6810 | E15: 7029 | F15: 7531
A16: Городское население | B16: 410 | C16: 825 | D16: 676 | E16: 400 | F16: 402
... A22: Сельское население | B22: 838 | C22: 762 | D22: 790 | E22: 721 | F22: 938
A24: Число родившихся, на 1000 населения
A25: Ошская область | B25: 26.1 | C25: 23.7 | D25: 20.1 | E25: 20.6 | F25: 23.8
A26: Алайский район | B26: 20.8 | C26: 19 | D26: 14.6 | E26: 13.7 | F26: 20.6
A27: Сельское население | B27: 20.8 | C27: 19 | D27: 14.6 | E27: 13.7 | F27: 20.6
A28: Араванский район | B28: 28.3 | C28: 27.8 | D28: 23.3 | E28: 24.5 | F28: 25.5
A29: Сельское население | B29: 28.3 | C29: 27.8 | D29: 23.3 | E29: 24.5 | F29: 25.5
A30: Кара-Кулжинский район | B30: 18.6 | C30: 18.7 | D30: 14.4 | E30: 14.2 | F30: 18.7
A31: Сельское население | B31: 18.6 | C31: 18.7 | D31: 14.4 | E31: 14.2 | F31: 18.7
A32: Кара-Сууский район | B32: 27.8 | C32: 24.2 | D32: 19.7 | E32: 21.4 | F32: 25.7
A33: Городское население | B33: 29.9 | C33: 26.4 | D33: 27 | E33: 16.3 | F33: 23
A34: Сельское население | B34: 27.7 | C34: 24 | D34: 19.2 | E34: 21.7 | F34: 25.9
A35: Ноокатский район | B35: 27.6 | C35: 25.1 | D35: 22.3 | E35: 22.2 | F35: 23.3
A36: Городское население | B36: 23.6 | C36: 46.1 | D36: 36.5 | E36: 25.2 | F36: 24.7
... A42: Сельское население | B42: 26.7 | C42: 23.9 | D42: 24.4 | E42: 19.8 | F42: 25.4
A43: 1 Данные за 2022 год - пересчитаны от итогов переписи населения и жилищного фонда Кыргызской Республики 2022 года. 16.2. Шаардык жана айылдык калк боюнча нак калктын орточо жылдык саны
A45: 15.6. Число умерших и общие коэффициенты смертности
A46: по территории
B47: 2019 | C47: 2020 | D47: 2021 | E47: 2022 | F47: 2023
A49: Число умерших, человек
A50: Ошская область | B50: 5841 | C50: 7273 | D50: 6179 | E50: 5508 | F50: 5595
A51: Алайский район | B51: 450 | C51: 544 | D51: 472 | E51: 395 | F51: 402
A52: Сельское население | B52: 450 | C52: 544 | D52: 472 | E52: 395 | F52: 402
A53: Араванский район | B53: 554 | C53: 741 | D53: 657 | E53: 545 | F53: 534
A54: Сельское население | B54: 554 | C54: 741 | D54: 657 | E54: 545 | F54: 534
A55: Кара-Кулжинский район | B55: 467 | C55: 552 | D55: 480 | E55: 438 | F55: 387
A56: Сельское население | B56: 467 | C56: 552 | D56: 480 | E56: 438 | F56: 387
A57: Кара-Сууский район | B57: 1999 | C57: 2346 | D57: 1949 | E57: 1859 | F57: 1864
A58: Городское население | B58: 143 | C58: 151 | D58: 184 | E58: 164 | F58: 127
A59: Сельское население | B59: 1856 | C59: 2195 | D59: 1765 | E59: 1695 | F59: 1737
A60: Ноокатский район | B60: 1072 | C60: 1501 | D60: 1265 | E60: 1126 | F60: 1139
A61: Городское население | B61: 112 | C61: 130 | D61: 108 | E61: 99 | F61: 100
... A67: Сельское население | B67: 123 | C67: 148 | D67: 124 | E67: 117 | F67: 117
A68: Число умерших, на 1000 населения 1
A69: Ошская область | B69: 4.3 | C69: 5.3 | D69: 4.4 | E69: 3.8 | F69: 3.8
A70: Алайский район | B70: 5.2 | C70: 6.3 | D70: 5.4 | E70: 4.3 | F70: 4.3
A71: Сельское население | B71: 5.2 | C71: 6.3 | D71: 5.4 | E71: 4.3 | F71: 4.3
A72: Араванский район | B72: 4.2 | C72: 5.4 | D72: 4.7 | E72: 3.8 | F72: 3.7
A73: Сельское население | B73: 4.2 | C73: 5.4 | D73: 4.7 | E73: 3.8 | F73: 3.7
A74: Кара-Кулжинский район | B74: 4.7 | C74: 5.5 | D74: 4.8 | E74: 4.4 | F74: 3.8
A75: Сельское население | B75: 4.7 | C75: 5.5 | D75: 4.8 | E75: 4.4 | F75: 3.8
A76: Кара-Сууский район | B76: 4.6 | C76: 5.3 | D76: 4.3 | E76: 3.9 | F76: 3.9
A77: Городское население | B77: 5.5 | C77: 5.7 | D77: 6.8 | E77: 6.1 | F77: 4.6
A78: Сельское население | B78: 4.5 | C78: 5.2 | D78: 4.1 | E78: 3.8 | F78: 3.8
A79: Ноокатский район | B79: 3.7 | C79: 5 | D79: 4.1 | E79: 3.6 | F79: 3.5
A80: Городское население | B80: 6.4 | C80: 7.3 | D80: 5.8 | E80: 6.2 | F80: 6.1
... A86: Сельское население | B86: 3.9 | C86: 4.6 | D86: 3.8 | E86: 3.2 | F86: 3.2
A88: 1 Данные за 2022 год - пересчитаны от итогов переписи населения и жилищного фонда Кыргызской Республики 2022 года.
A89: 15.7. Число умерших детей в возрасте до 1 года и коэффициент
A90: младенческой смертности по территории
B91: 2019 | C91: 2020 | D91: 2021 | E91: 2022 | F91: 2023
A92: Число умерших детей в возрасте до 1 года, человек
A93: Ошская область | B93: 234 | C93: 219 | D93: 218 | E93: 242 | F93: 166
A94: Алайский район | B94: 15 | C94: 14 | D94: 5 | E94: 15 | F94: 12
A95: Сельское население | B95: 15 | C95: 14 | D95: 5 | E95: 15 | F95: 12
A96: Араванский район | B96: 19 | C96: 33 | D96: 26 | E96: 26 | F96: 20
A97: Сельское население | B97: 19 | C97: 33 | D97: 26 | E97: 26 | F97: 20
A98: Кара-Кулжинский район | B98: 20 | C98: 17 | D98: 16 | E98: 21 | F98: 16
A99: Сельское население | B99: 20 | C99: 17 | D99: 16 | E99: 21 | F99: 16
A100: Кара-Сууский район | B100: 63 | C100: 59 | D100: 59 | E100: 71 | F100: 46
A101: Городское население | B101: 15 | C101: 31 | D101: 19 | E101: 27 | F101: 24
A102: Сельское население | B102: 48 | C102: 28 | D102: 40 | E102: 44 | F102: 22
A103: Ноокатский район | B103: 61 | C103: 37 | D103: 56 | E103: 50 | F103: 34
A104: Городское население | B104: 28 | C104: 14 | D104: 18 | E104: 28 | F104: 16
... A110: Сельское население | B110: 12 | C110: 7 | D110: 5 | E110: 10 | F110: 5
A111: Число умерших детей в возрасте до 1 года, на 1000 родившихся
A112: Ошская область | B112: 7.3 | C112: 6.7 | D112: 7.7 | E112: 8.1 | F112: 4.7
A113: Алайский район | B113: 7.4 | C113: 8.4 | D113: 3.9 | E113: 11.9 | F113: 6.3
A114: Сельское население | B114: 7.4 | C114: 8.4 | D114: 3.9 | E114: 11.9 | F114: 6.3
A115: Араванский район | B115: 7.6 | C115: 8.7 | D115: 8 | E115: 7.4 | F115: 5.4
A116: Сельское население | B116: 7.6 | C116: 8.7 | D116: 8 | E116: 7.4 | F116: 5.4
A117: Кара-Кулжинский район | B117: 8.2 | C117: 9.1 | D117: 11 | E117: 14.8 | F117: 8.5
A118: Сельское население | B118: 8.2 | C118: 9.1 | D118: 11 | E118: 14.8 | F118: 8.5
A119: Кара-Сууский район | B119: 6.6 | C119: 5.5 | D119: 6.6 | E119: 7.1 | F119: 3.7
A120: Городское население | B120: 31 | C120: 44.7 | D120: 26.1 | E120: 61.1 | F120: 37.5
A121: Сельское население | B121: 5.3 | C121: 2.8 | D121: 4.9 | E121: 4.6 | F121: 1.9
A122: Ноокатский район | B122: 7.1 | C122: 4.9 | D122: 8.2 | E122: 7.1 | F122: 4.5
A123: Городское население | B123: 49.4 | C123: 17 | D123: 26.6 | E123: 70 | F123: 39.8
... A129: Сельское население | B129: 13.4 | C129: 9.2 | D129: 6.3 | E129: 13.9 | F129: 5.3
A131: 15.8. Число браков и общие коэффициенты брачности
A132: по территории
B133: 2019 | C133: 2020 | D133: 2021 | E133: 2022 | F133: 2023
A134: Число браков, единиц
A135: Ошская область | B135: 11563 | C135: 8515 | D135: 9980 | E135: 10924 | F135: 10097
...

Sheet демогр4
A1: 15.11. Число умерших по основным классам причин смерти по полу
B2: 2019 | C2: 2020 | D2: 2021 | E2: 2022 | F2: 2023
A3: Мужчины | B3: 3388 | C3: 4146 | D3: 3400 | E3: 3179 | F3: 3042
A4: из них:
A5: Некоторых инфекционных и паразитарных болезней | B5: 84 | C5: 65 | D5: 52 | E5: 68 | F5: 93
A6: Новообразования | B6: 396 | C6: 394 | D6: 357 | E6: 372 | F6: 349
A7: Болезни системы кровообращения | B7: 1703 | C7: 2308 | D7: 1839 | E7: 1676 | F7: 1634
A8: Болезни органов дыхания | B8: 240 | C8: 289 | D8: 215 | E8: 216 | F8: 227
A9: Болезни органов пищеварения | B9: 217 | C9: 211 | D9: 198 | E9: 185 | F9: 151
A10: Травмы, отравления и некоторые другие
A11: последствия воздействия внешних причин | B11: 366 | C11: 281 | D11: 333 | E11: 324 | F11: 266
A12: COVID-19 | C12: 242 | D12: 94 | E12: 21
A13: Женщины | B13: 2453 | C13: 3127 | D13: 2779 | E13: 2329 | F13: 2553
A14: из них:
A15: Некоторых инфекционных и паразитарных болезней | B15: 66 | C15: 48 | D15: 51 | E15: 54 | F15: 63
A16: Новообразования | B16: 319 | C16: 322 | D16: 287 | E16: 285 | F16: 319
A17: Болезни системы кровообращения | B17: 1425 | C17: 1898 | D17: 1643 | E17: 1326 | F17: 1501
A18: Болезни органов дыхания | B18: 201 | C18: 228 | D18: 185 | E18: 167 | F18: 185
A19: Болезни органов пищеварения | B19: 138 | C19: 104 | D19: 118 | E19: 107 | F19: 107
A20: Травмы, отравления и некоторые другие
A21: последствия воздействия внешних причин | B21: 77 | C21: 65 | D21: 103 | E21: 99 | F21: 103
A22: COVID-19 | B22: - | C22: 158 | D22: 87 | E22: 7 | F22: 1
A24: 15.12. Число умерших по основным классам причин смерти,
A25: по основным возрастным группам
B27: 2019 | C27: 2020 | D27: 2021 | E27: 2022 | F27: 2023
A28: Всего умерших, человек | B28: 5841 | C28: 7273 | D28: 6179 | E28: 5508 | F28: 5595
A29: из них от:
A30: Некоторых инфекционных и паразитарных болезней | B30: 150 | C30: 113 | D30: 103 | E30: 122 | F30: 156
A31: Моложе трудоспособного возраста | B31: 32 | C31: 21 | D31: 32 | E31: 21 | F31: 32
A32: В трудоспособном возрасте | B32: 89 | C32: 65 | D32: 48 | E32: 62 | F32: 67
A33: Старше трудоспособного возраста | B33: 29 | C33: 27 | D33: 23 | E33: 39 | F33: 57
A34: Новообразований | B34: 715 | C34: 716 | D34: 644 | E34: 657 | F34: 668
A35: Моложе трудоспособного возраста | B35: 33 | C35: 24 | D35: 14 | E35: 19 | F35: 22
A36: В трудоспособном возрасте | B36: 310 | C36: 337 | D36: 297 | E36: 288 | F36: 277
A37: Старше трудоспособного возраста | B37: 372 | C37: 355 | D37: 333 | E37: 350 | F37: 369
A38: Болезней системы кровообращения | B38: 3128 | C38: 4206 | D38: 3482 | E38: 3002 | F38: 3135
A39: Моложе трудоспособного возраста | B39: 4 | C39: =-C39 -> 0 | D39: 2 | E39: 11 | F39: -
A40: В трудоспособном возрасте | B40: 636 | C40: 816 | D40: 640 | E40: 680 | F40: 635
A41: Старше трудоспособного возраста | B41: 2488 | C41: 3390 | D41: 2840 | E41: 2311 | F41: 2500
A42: Болезней органов дыхания | B42: 441 | C42: 517 | D42: 400 | E42: 383 | F42: 412
A43: Моложе трудоспособного возраста | B43: 114 | C43: 89 | D43: 69 | E43: 95 | F43: 92
A44: В трудоспособном возрасте | B44: 68 | C44: 91 | D44: 73 | E44: 63 | F44: 66
A45: Старше трудоспособного возраста | B45: 259 | C45: 337 | D45: 258 | E45: 225 | F45: 254
A46: Болезней органов пищеварения | B46: 355 | C46: 315 | D46: 316 | E46: 292 | F46: 258
A47: Моложе трудоспособного возраста | B47: 3 | C47: 4 | D47: 6 | E47: 2 | F47: 3
A48: В трудоспособном возрасте | B48: 227 | C48: 216 | D48: 217 | E48: 165 | F48: 156
A49: Старше трудоспособного возраста | B49: 125 | C49: 95 | D49: 93 | E49: 125 | F49: 99
A50: Травм, отравлений и некоторых других
A51: последствий воздействия внешних причин | B51: 443 | C51: 346 | D51: 436 | E51: 423 | F51: 369
A52: Моложе трудоспособного возраста | B52: 85 | C52: 73 | D52: 107 | E52: 97 | F52: 109
A53: В трудоспособном возрасте | B53: 321 | C53: 246 | D53: 292 | E53: 292 | F53: 233
A54: Старше трудоспособного возраста | B54: 37 | C54: 27 | D54: 87 | E54: 34 | F54: 27
A55: COVID-19 | B55: - | C55: 400 | D55: 181 | E55: 28 | F55: 1
A56: Моложе трудоспособного возраста | B56: - | C56: 3 | D56: 1 | E56: 2 | F56: -
A57: В трудоспособном возрасте | B57: - | C57: 127 | D57: 39 | E57: 9 | F57: -
A58: Старше трудоспособного возраста | B58: - | C58: 270 | D58: 141 | E58: 17 | F58: 1
A64: 15.13. Число умерших детей в возрасте до 1 года и коэффициент
A65: младенческой смертности по основным классам причин смерти
B67: 2019 | C67: 2020 | D67: 2021 | E67: 2022 | F67: 2023
A69: Всего умерших детей в возрасте до 1 года, человек | B69: 234 | C69: 219 | D69: 218 | E69: 242 | F69: 166
A70: Болезни органов дыхания | B70: 61 | C70: 49 | D70: 34 | E70: 65 | F70: 50
A71: Отдельные состояния, возникающие
A72: в перинатальный период | B72: 69 | C72: 101 | D72: 71 | E72: 57 | F72: 43
A73: Некоторых инфекционных и паразитарных болезней | B73: 17 | C73: 7 | D73: 15 | E73: 15 | F73: 9
A74: Врожденные аномалии (пороки развития),
A75: деформации и хромосомные нарушения | B75: 59 | C75: 45 | D75: 56 | E75: 59 | F75: 28
A76: Травмы, отравления и некоторые другие
A77: последствия воздействия внешних причин | B77: 15 | C77: 10 | D77: 8 | E77: 15 | F77: 19
A78: Болезни нервной системы | B78: 3 | C78: 1 | D78: 2 | E78: 15 | F78: 5
A79: Болезни органов пищеварения | B79: 1 | C79: 1 | D79: 1 | E79: 1 | F79: 1
A80: COVID-19 | B80: - | C80: 1 | D80: 1 | E80: 2
F81: 47.3
A82: Всего умерших детей в возрасте до 1 года, на 10000 родившихся | B82: 66.3 | C82: 66.9 | D82: 77.4 | E82: 81.2 | F82: 14.2
A83: Болезни органов дыхания | B83: 17.2 | C83: 15 | D83: 12.1 | E83: 21.8
A84: Отдельные состояния, возникающие
A85: в перинатальный период | B85: 19.5 | C85: 30.9 | D85: 25.2 | E85: 19.1 | F85: 12.2
A86: Некоторых инфекционных и паразитарных болезней | B86: 4.8 | C86: 2.1 | D86: 5.3 | E86: 5 | F86: 2.6
A87: Врожденные аномалии (пороки развития),
A88: деформации и хромосомные нарушения | B88: 16.7 | C88: 13.7 | D88: 19.9 | E88: 19.8 | F88: 7.9
A89: Травмы, отравления и некоторые другие
A90: последствия воздействия внешних причин | B90: 4.2 | C90: 3.1 | D90: 2.8 | E90: 5 | F90: 5.4
A91: Болезни нервной системы | B91: 0.9 | C91: 0.3 | D91: 0.7 | E91: 5 | F91: 1.4
A92: Болезни органов пищеварения | B92: 0.3 | C92: 0.3 | D92: 0.4 | E92: 0.4 | F92: 0.3
A93: COVID-19 | B93: - | C93: 0.3 | D93: 0.4 | E93: 0.7 | F93: -
A95: 15.14. Внешняя миграция населения по возрастным группам,
A96: городскому и сельскому населению
A97: (человек)
B98: 2019 | C98: 2020 | D98: 2021 | E98: 2022 | F98: 2023
A99: Все население
A100: Число прибывших - всего | B100: 73 | C100: 46 | D100: 2314 | E100: 2782 | F100: =SUM(F102:F106) -> 2776
A101: в том числе в возрасте, лет:
A102: Мужчины и женщины 0-15 | B102: 2 | C102: 3 | D102: 305 | E102: 427 | F102: 458
A103: Мужчины 16-62 | B103: 41 | C103: 21 | D103: 1050 | E103: 1270 | F103: 1231
A104: Женщины 16-57 | B104: 28 | C104: 22 | D104: 917 | E104: 1051 | F104: 1021
A105: Мужчины 63 и более | D105: 8 | E105: 9 | F105: 16
A106: Женщины 58 и более | B106: 2 | D106: 34 | E106: 25 | F106: 50
A107: Число выбывших - всего | B107: 866 | C107: 1186 | D107: 806 | E107: 561 | F107: =SUM(F109:F113) -> 278
A108: в том числе в возрасте, лет:
A109: Мужчины и женщины 0-15 | B109: 54 | C109: 149 | D109: 126 | E109: 53 | F109: 19
A110: Мужчины 16-62 | B110: 236 | C110: 384 | D110: 419 | E110: 221 | F110: 93
...

Sheet демогр5
A1: 15.15. Внутренняя (межобластная) миграция населения по
A2: возрастным группам, городскому и сельскому населению
A3: (человек)
B4: 2019 | C4: 2020 | D4: 2021 | E4: 2022 | F4: 2023
A6: Все население
A7: Число прибывших - всего | B7: 2836 | C7: 13497 | D7: 3570 | E7: 3808 | F7: =SUM(F8:F13) -> 4009
A8: в том числе в возрасте, лет:
A9: Мужчины и женщины 0-15 | B9: 79 | C9: 38 | D9: 204 | E9: 523 | F9: 850
A10: Мужчины 16-62 | B10: 802 | C10: 4921 | D10: 1000 | E10: 953 | F10: 900
A11: Женщины 16-57 | B11: 1802 | C11: 7309 | D11: 2095 | E11: 2064 | F11: 1984
A12: Мужчины 63 и более | B12: 51 | C12: 306 | D12: 67 | E12: 94 | F12: 89
A13: Женщины 58 и более | B13: 102 | C13: 923 | D13: 204 | E13: 174 | F13: 186
A15: Число выбывших - всего | B15: 5316 | C15: 14205 | D15: 4026 | E15: 5385 | F15: =SUM(F17:F21) -> 6408
A16: в том числе в возрасте, лет:
A17: Мужчины и женщины 0-15 | B17: 91 | C17: 87 | D17: 310 | E17: 795 | F17: 1302
A18: Мужчины 16-62 | B18: 1583 | C18: 5337 | D18: 1117 | E18: 1259 | F18: 1367
A19: Женщины 16-57 | B19: 3390 | C19: 7701 | D19: 2413 | E19: 3110 | F19: 3481
A20: Мужчины 63 и более | B20: 72 | C20: 275 | D20: 61 | E20: 47 | F20: 67
A21: Женщины 58 и более | B21: 180 | C21: 805 | D21: 125 | E21: 174 | F21: 191
A23: Миграционный прирост, отток (-) | B23: -2480 | C23: -708 | D23: -456 | E23: -1577 | F23: -2399
A24: в том числе в возрасте, лет:
A25: Мужчины и женщины 0-15 | B25: -12 | C25: -49 | D25: -106 | E25: -272 | F25: -452
A26: Мужчины 16-62 | B26: -782 | C26: 942 | D26: -117 | E26: -306 | F26: -467
A27: Женщины 16-57 | B27: -1588 | C27: -392 | D27: -318 | E27: -1046 | F27: -1497
A28: Мужчины 63 и более | B28: -20 | C28: 31 | D28: 6 | E28: 47 | F28: 22
A29: Женщины 58 и более | B29: -78 | C29: 118 | D29: 79 | E29: - | F29: -5
A31: Городское население
A32: Число прибывших - всего | B32: 101 | C32: 264 | D32: - | E32: 46 | F32: 750
A33: в том числе в возрасте, лет:
A34: Мужчины и женщины 0-15 | B34: 1 | C34: 4 | D34: - | E34: 9 | F34: 147
A35: Мужчины 16-62 | B35: 32 | C35: 84 | D35: - | E35: 11 | F35: 189
A36: Женщины 16-57 | B36: 59 | C36: 148 | D36: - | E36: 20 | F36: 353
A37: Мужчины 63 и более | B37: 3 | C37: 7 | D37: - | E37: 2 | F37: 19
A38: Женщины 58 и более | B38: 6 | C38: 21 | D38: - | E38: 4 | F38: 42
A40: Число выбывших - всего | B40: 145 | C40: 263 | D40: - | E40: 2 | F40: 2
A41: в том числе в возрасте, лет:
A42: Мужчины и женщины 0-15 | B42: 2 | C42: 4 | D42: - | E42: - | F42: 1
A43: Мужчины 16-62 | B43: 48 | C43: 99 | D43: - | E43: - | F43: -
A44: Женщины 16-57 | B44: 87 | C44: 137 | D44: - | E44: 1 | F44: 1
A45: Мужчины 63 и более | B45: 1 | C45: 7 | D45: -
A46: Женщины 58 и более | B46: 7 | C46: 16 | D46: - | E46: 1
A48: Миграционный прирост, отток (-) | B48: -44 | C48: 1 | D48: - | E48: 44 | F48: 748
A49: в том числе в возрасте, лет:
A50: Мужчины и женщины 0-15 | B50: -1 | C50: - | D50: - | E50: 8 | F50: 146
A51: Мужчины 16-62 | B51: -16 | C51: -15 | D51: - | E51: 11 | F51: 189
A52: Женщины 16-57 | B52: -28 | C52: 11 | D52: - | E52: 20 | F52: 352
A53: Мужчины 63 и более | B53: 2 | C53: - | D53: - | E53: 2 | F53: 19
A54: Женщины 58 и более | B54: -1 | C54: 5 | D54: - | E54: 3 | F54: 42
A56: Сельское население
A57: Число прибывших - всего | B57: 2735 | C57: 13233 | D57: 3570 | E57: 3762 | F57: =SUM(F58:F63) -> 3259
A58: в том числе в возрасте, лет:
A59: Мужчины и женщины 0-15 | B59: 78 | C59: 34 | D59: 204 | E59: 514 | F59: 703
A60: Мужчины 16-62 | B60: 769 | C60: 4837 | D60: 1000 | E60: 942 | F60: 711
A61: Женщины 16-57 | B61: 1743 | C61: 7161 | D61: 2095 | E61: 2044 | F61: 1631
A62: Мужчины 63 и более | B62: 49 | C62: 299 | D62: 67 | E62: 92 | F62: 70
A63: Женщины 58 и более | B63: 96 | C63: 902 | D63: 204 | E63: 170 | F63: 144
A65: Продолжение
B66: 2019 | C66: 2020 | D66: 2021 | E66: 2022 | F66: 2023
A67: Число выбывших - всего | B67: 5171 | C67: 13942 | D67: 4026 | E67: 5383 | F67: 6406
A68: в том числе в возрасте, лет:
A69: Мужчины и женщины 0-15 | B69: 89 | C69: 83 | D69: 310 | E69: 794 | F69: 1301
A70: Мужчины 16-62 | B70: 1535 | C70: 5238 | D70: 1117 | E70: 1259 | F70: 1367
A71: Женщины 16-57 | B71: 3303 | C71: 7564 | D71: 2413 | E71: 3110 | F71: 3480
A72: Мужчины 63 и более | B72: 71 | C72: 268 | D72: 61 | E72: 47 | F72: 67
A73: Женщины 58 и более | B73: 173 | C73: 789 | D73: 125 | E73: 173 | F73: 191
A75: Миграционный прирост, отток (-) | B75: -2436 | C75: -709 | D75: -456 | E75: -1621 | F75: =F57-F67 -> -3147
A76: в том числе в возрасте, лет:
A77: Мужчины и женщины 0-15 | B77: -11 | C77: -49 | D77: -106 | E77: -280 | F77: =F59-F69 -> -598
A78: Мужчины 16-62 | B78: -766 | C78: -401 | D78: -117 | E78: -317 | F78: =F60-F70 -> -656
A79: Женщины 16-57 | B79: -1560 | C79: -403 | D79: -318 | E79: -1066 | F79: =F61-F71 -> -1849
A80: Мужчины 63 и более | B80: -22 | C80: 31 | D80: 6 | E80: 45 | F80: =F62-F72 -> 3
A81: Женщины 58 и более | B81: -77 | C81: 113 | D81: 79 | E81: -3 | F81: =F63-F73 -> -47
A84: 15.16. Внешняя миграция населения по этническому составу
A85: (человек)
B86: 2019 | C86: 2020 | D86: 2021 | E86: 2022 | F86: 2023
A88: Число прибывших-всего | B88: 73 | C88: 46 | D88: 2314 | E88: 2782 | F88: 2776
A89: в том числе:
A90: кыргызы | B90: 43 | C90: 24 | D90: 1752 | E90: 2150 | F90: 2131
A91: азербайджанцы | B91: - | C91: 1 | D91: - | E91: 6 | F91: 1
A92: русские | B92: - | C92: - | D92: 1 | E92: 4 | F92: 2
A93: таджики | B93: 2 | C93: 1 | D93: 13 | E93: 5 | F93: 8
A94: татары | B94: 2 | C94: - | D94: - | E94: - | F94: 3
A95: турки | B95: - | D95: 14 | E95: 22
A96: узбеки | B96: 26 | C96: 19 | D96: 510 | E96: 583 | F96: 596
A97: уйгуры | B97: - | C97: - | D97: 16 | E97: -
A98: украинцы | B98: - | C98: - | D98: - | E98: -
A99: другие этнические группы | B99: - | C99: 1 | D99: 8 | E99: 12 | F99: 3
A100: Число выбывших-всего | B100: 866 | C100: 1186 | D100: 806 | E100: 561 | F100: 278
A101: в том числе:
A102: кыргызы | B102: 430 | C102: 457 | D102: 488 | E102: 792 | F102: 183 | CO102: 183
A103: азербайджанцы | B103: 1 | C103: 3 | D103: 2 | E103: 1 | F103: 6 | CO103: 4
A104: русские | C104: 28 | D104: 4 | E104: 2 | F104: 14 | CO104: 8
A105: таджики | B105: 2 | C105: 7 | D105: 4 | E105: 2 | F105: 6 | CO105: 3
A106: татары | B106: 3 | C106: 5 | D106: 4 | E106: 3 | F106: 10 | CO106: -
A107: турки | B107: 3 | C107: 3 | D107: 5 | E107: 2 | F107: 6 | CO107: 2
A108: узбеки | B108: 120 | C108: 345 | D108: 348 | E108: 372 | F108: 203 | CO108: 73
A109: уйгуры | B109: 5 | C109: 7 | D109: 7 | E109: 7 | F109: 2 | CO109: 3
A110: украинцы | B110: - | C110: 1 | D110: 1 | E110: 1 | F110: 1
A111: казахи | C111: 3 | D111: - | E111: 1 | CO111: 2
A112: дунгане | C112: 1 | D112: - | E112: 2 | F112: 1 | CO112: -
...

Sheet демогр6
A1: Продолжение
B2: 2019 | C2: 2020 | D2: 2021 | E2: 2022 | F2: 2023
A3: турки | B3: 5 | C3: 2 | D3: 6 | E3: 1
A4: узбеки | B4: 348 | C4: 372 | D4: 203 | E4: 175 | F4: 73
A5: уйгуры | B5: 7 | C5: 7 | D5: 2 | E5: 2
A6: украинцы | B6: 1 | C6: 1 | D6: 1 | E6: 1 | F6: -
A7: чеченцы | B7: - | C7: - | D7: - | E7: -
A8: другие этнические группы | B8: 3 | C8: 1 | D8: 1 | E8: 3 | F8: 5
A10: Миграционный прирост, отток (-) | B10: -793 | C10: -1140 | D10: 1508 | E10: 2221 | F10: ='[1]демогр5 '!CM105-'[1]демогр5 '!CM118 -> 2498
A11: в том числе:
A12: кыргызы | B12: -445 | C12: -768 | D12: 1196 | E12: 1786 | F12: ='[1]демогр5 '!CM107-'[1]демогр5 '!CM120 -> 1948
A13: азербайджанцы | B13: -2 | C13: -1 | D13: -6 | E13: 3 | F13: ='[1]демогр5 '!CM108-'[1]демогр5 '!CM121 -> -3
A14: армяне | B14: - | C14: - | D14: - | E14: -
A15: дунгане | B15: - | C15: -2 | D15: - | E15: 2
A16: казахи | B16: -1 | C16: -1 | D16: 1 | E16: -1 | F16: ='[1]демогр5 '!CM116-'[1]демогр5 '!CM124 -> 1
A17: корейцы | B17: - | F17: -
A18: русские | B18: -4 | C18: -1 | D18: -13 | E18: - | F18: -6
A19: таджики | B19: -2 | C19: -1 | D19: 7 | E19: 3 | F19: ='[1]демогр5 '!CM110-'[1]демогр5 '!CM127 -> 5
A20: татары | B20: -2 | C20: -3 | D20: -10 | E20: -5 | F20: ='[1]демогр5 '!CM111-'[1]демогр5 '!CM128 -> 3
A21: турки | B21: -5 | C21: -2 | D21: 8 | E21: 21
A22: узбеки | B22: -322 | C22: -353 | D22: 307 | E22: 408 | F22: ='[1]демогр5 '!CM113-[1]демогр6!F4 -> 523
A23: уйгуры | B23: -7 | C23: -7 | D23: 14 | E23: 7
A24: украинцы | B24: -1 | C24: -1 | D24: -1 | E24: -1 | F24: -
A25: чеченцы | B25: - | C25: - | D25: - | E25: - | F25: -
A26: другие этнические группы | B26: -2 | C26: 1 | D26: 5 | E26: -2 | F26: 27
A29: 15.17. Миграционные связи с другими государствами
A30: (человек)
B31: 2019 | C31: 2020 | D31: 2021 | E31: 2022 | F31: 2023
A33: Число прибывших - всего | B33: 73 | C33: 46 | D33: 2314 | E33: 2782 | F33: =SUM(F35:F41) -> 2776
A34: в том числе проживали на территории стран СНГ: | B34: 73 | C34: 46 | D34: 2314 | E34: 2689 | F34: 2664
A35: Казахстана | B35: 4 | C35: 2 | D35: 108 | E35: 156 | F35: 118
A36: России | B36: 45 | C36: 17 | D36: 1949 | E36: 2416 | F36: 2452
A37: Таджикистана | B37: 3 | C37: 3 | D37: 13 | E37: 34 | F37: 17
A38: Узбекистана | B38: 21 | C38: 22 | D38: 128 | E38: 75 | F38: 75
A39: Туркменстан | F39: 1
A40: Украина | F40: 1
A41: Стран Бальтии и вне СНГ | B41: - | C41: 1 | D41: 111 | E41: 93 | F41: 112
A42: Число выбывших - всего | B42: 866 | C42: 1186 | D42: 806 | E42: 561 | F42: =SUM(F44:F52) -> 278
A43: в том числе выбыли на территорию стран СНГ: | B43: 865 | C43: 1186 | D43: 806 | E43: 549 | F43: 273
A44: Азербайджана | B44: - | C44: - | D44: 1 | E44: 2 | F44: 2
A45: Беларусии | B45: - | C45: - | D45: - | E45: - | F45: 2
A46: Казахстана | B46: 154 | C46: 427 | D46: 393 | E46: 198 | F46: 147
A47: России | B47: 553 | C47: 716 | D47: 372 | E47: 319 | F47: 102
A48: Таджикистана | B48: 4 | C48: 2 | D48: 4 | E48: 4
A49: Туркменистана | B49: - | C49: - | D49: - | E49: -
A50: Узбекистана | B50: 152 | C50: 41 | D50: 24 | E50: 22 | F50: 18
A51: Украины | B51: 2 | C51: - | D51: - | E51: 4 | F51: 2
A52: Стран Бальтии и вне СНГ | B52: 1 | C52: - | D52: 12 | E52: 12 | F52: 5
A54: Продолжение
B55: 2019 | C55: 2020 | D55: 2021 | E55: 2022 | F55: 2023
A57: Миграционный прирост, отток (-) | B57: -793 | C57: -1140 | D57: 1508 | E57: 2221 | F57: 2498
A58: в том числе со странами СНГ: | B58: -792 | C58: -1140 | D58: 1508 | E58: 2140 | F58: 2391
A59: Азербайджаном | B59: - | C59: 1 | D59: -1 | E59: - | F59: -2
A60: Беларусью | B60: - | C60: - | D60: - | E60: - | F60: -2
A61: Казахстаном | B61: -150 | C61: -425 | D61: -285 | E61: -42 | F61: -29
A62: Россией | B62: -508 | C62: -699 | D62: 1577 | E62: 2097 | F62: 2350
A63: Таджикистаном | B63: -1 | C63: 1 | D63: 9 | E63: 30 | F63: 17
A64: Туркменистаном | B64: - | C64: - | D64: - | E64: 2 | F64: 1
A65: Узбекистаном | B65: -131 | C65: -19 | D65: 104 | E65: 53 | F65: 57
A66: Украиной | B66: -2 | C66: - | D66: 5 | E66: - | F66: -1
A67: Стран Бальтии и вне СНГ | B67: -1 | C67: 1 | D67: 99 | E67: 81 | F67: 107
A70: 15.18. Внешняя миграция населения по территории
A71: (человек)
B72: 2019 | C72: 2020 | D72: 2021 | E72: 2022 | F72: 2023
A73: Ошская область
A74: Число прибывших-всего | B74: 73 | C74: 46 | D74: 2314 | E74: 2782 | F74: =F75+F77+F79+F81+F84+F87+F90 -> 2776
A75: Алайский район | B75: 2 | C75: 1 | D75: 137 | E75: 106 | F75: 149
A76: сельское население | B76: 2 | C76: 1 | D76: 137 | E76: 106 | F76: 149
A77: Араванский район | B77: 6 | C77: 8 | D77: 243 | E77: 181 | F77: 317
A78: сельское население | B78: 6 | C78: 8 | D78: 243 | E78: 181 | F78: 317
A79: Кара-Кулжинский район | B79: 4 | C79: - | D79: 159 | E79: 264 | F79: 244
A80: сельское население | B80: 4 | C80: - | D80: 159 | E80: 264 | F80: 244
A81: Кара-Сууский район | B81: 56 | C81: 29 | D81: 830 | E81: 1000 | F81: 1037
A82: городское население | B82: 14 | C82: 4 | D82: - | E82: 4 | F82: 24
A83: сельское население | B83: 42 | C83: 25 | D83: 830 | E83: 996 | F83: 1013
A84: Ноокатский район | B84: 5 | C84: 7 | D84: 454 | E84: 668 | F84: 452
A85: городское население | B85: - | C85: 1 | D85: - | E85: 2 | F85: 13
A86: сельское население | B86: 5 | C86: 6 | D86: 454 | E86: 666 | F86: 439
A87: Узгенский район | B87: - | C87: - | D87: 488 | E87: 553 | F87: 564
A88: городское население | B88: - | C88: - | D88: - | E88: 15 | F88: 52
A89: сельское население | B89: - | C89: - | D89: 488 | E89: 538 | F89: 512
A90: Чон-Алайский район | B90: - | C90: 1 | D90: 3 | E90: 10 | F90: 13
A91: сельское население | B91: - | C91: 1 | D91: 3 | E91: 10 | F91: 13
A92: Число выбывших-всего | B92: 866 | C92: 1186 | D92: 806 | E92: 561 | F92: =F93+F95+F97+F99+F102+[1]демогр7!F7+[1]демогр7!F10 -> 321
A93: Алайский район | B93: 53 | C93: 87 | D93: 77 | E93: 27 | F93: 28
A94: сельское население | B94: 53 | C94: 87 | D94: 77 | E94: 27 | F94: 28
A95: Араванский район | B95: 98 | C95: 80 | D95: 41 | E95: 33 | F95: 16
A96: сельское население | B96: 98 | C96: 80 | D96: 41 | E96: 33 | F96: 16
A97: Кара-Кулжинский район | B97: 106 | C97: 99 | D97: 108 | E97: 37 | F97: 31
A98: сельское население | B98: 106 | C98: 99 | D98: 108 | E98: 37 | F98: 31
A99: Кара-Сууский район | B99: 321 | C99: 309 | D99: 200 | E99: 199 | F99: 82
A100: городское население | B100: 37 | C100: 22 | D100: 3 | E100: -
A101: сельское население | B101: 284 | C101: 287 | D101: 197 | E101: 199 | F101: 82
A102: Ноокатский район | B102: 103 | C102: 240 | D102: 162 | E102: 109 | F102: 43
A103: городское население | B103: 8 | C103: 17 | D103: 5 | E103: -
A104: сельское население | B104: 95 | C104: 223 | D104: 157 | E104: 109 | F104: 43

Sheet демогр7
A1: Продолжение
B2: 2019 | C2: 2020 | D2: 2021 | E2: 2022 | F2: 2023
A4: Узгенский район | B4: 178 | C4: 369 | D4: 213 | E4: 154 | F4: 78
A5: городское население | B5: 36 | C5: 83 | D5: 8
A6: сельское население | B6: 142 | C6: 286 | D6: 205 | E6: 154 | F6: 78
A7: Чон-Алайский район | B7: 7 | C7: 2 | D7: 5 | E7: 2
A8: сельское население | B8: 7 | C8: 2 | D8: 5 | E8: 2
A9: Миграционный прирост, отток (-) | B9: -793 | C9: -1140 | D9: 1508 | E9: 2221 | F9: =[2]демогр6!F66-[2]демогр6!F84 -> 2502
A10: Алайский район | B10: -51 | C10: -86 | D10: 60 | E10: 79 | F10: =[2]демогр6!F67-[2]демогр6!F85 -> 121
A11: сельское население | B11: -51 | C11: -86 | D11: 60 | E11: 79 | F11: =[2]демогр6!F68-[2]демогр6!F86 -> 121
A12: Араванский район | B12: -92 | C12: -72 | D12: 202 | E12: 148 | F12: =[2]демогр6!F69-[2]демогр6!F87 -> 301
A13: сельское население | B13: -92 | C13: -72 | D13: 202 | E13: 148 | F13: =[2]демогр6!F70-[2]демогр6!F88 -> 301
A14: Кара-Кулжинский район | B14: -102 | C14: -99 | D14: 51 | E14: 227 | F14: =[2]демогр6!F71-[2]демогр6!F89 -> 213
A15: сельское население | B15: -102 | C15: -99 | D15: 51 | E15: 227 | F15: =[2]демогр6!F72-[2]демогр6!F90 -> 213
A16: Кара-Сууский район | B16: -265 | C16: -280 | D16: 630 | E16: 801 | F16: =[2]демогр6!F73-[2]демогр6!F91 -> 955
A17: городское население | B17: -23 | C17: -18 | D17: -3 | E17: 4 | F17: =[2]демогр6!F74-[2]демогр6!F92 -> 24
A18: сельское население | B18: -242 | C18: -262 | D18: 633 | E18: 797 | F18: =[2]демогр6!F75-[2]демогр6!F93 -> 931
A19: Ноокатский район | B19: -98 | C19: -233 | D19: 292 | E19: 559 | F19: =[2]демогр6!F76-[2]демогр6!F94 -> 409
A20: городское население | B20: -8 | C20: -16 | D20: -5 | E20: 2 | F20: =[2]демогр6!F77-[2]демогр6!F95 -> 13
A21: сельское население | B21: -90 | C21: -217 | D21: 297 | E21: 557 | F21: =[2]демогр6!F78-[2]демогр6!F96 -> 396
A22: Узгенский район | B22: -178 | C22: -369 | D22: 275 | E22: 399 | F22: =[2]демогр6!F79-[2]демогр7!F4 -> 490
A23: городское население | B23: -36 | C23: -83 | D23: -8 | E23: 15 | F23: =[2]демогр6!F80-[2]демогр7!F5 -> 52
A24: сельское население | B24: -142 | C24: -286 | D24: 283 | E24: 384 | F24: =[2]демогр6!F81-[2]демогр7!F6 -> 438
A25: Чон-Алайский район | B25: -7 | C25: -1 | D25: -2 | E25: 8 | F25: =[2]демогр6!F82-[2]демогр7!F7 -> 13
A26: сельское население | B26: -7 | C26: -1 | D26: -2 | E26: 8 | F26: =[2]демогр6!F83-[2]демогр7!F8 -> 13
A30: 15.19. Внутренняя (межобластная) миграция населения по территории
A31: (человек)
B32: 2019 | C32: 2020 | D32: 2021 | E32: 2022 | F32: 2023
A33: Ошская область
A34: Число прибывших-всего | B34: 2836 | C34: 13497 | D34: 3570 | E34: 3808 | F34: =F35+F37+F39+F41+F44+F47+F50 -> 4009
A35: Алайский район | B35: 177 | C35: 1324 | D35: 240 | E35: 186 | F35: 207
A36: сельское население | B36: 177 | C36: 1324 | D36: 240 | E36: 186 | F36: 207
A37: Араванский район | B37: 137 | C37: 1328 | D37: 202 | E37: 191 | F37: 151
A38: сельское население | B38: 137 | C38: 1328 | D38: 202 | E38: 191 | F38: 151
A39: Кара-Кулжинский район | B39: 190 | C39: 692 | D39: 212 | E39: 303 | F39: 281
A40: сельское население | B40: 190 | C40: 692 | D40: 212 | E40: 303 | F40: 281
A41: Кара-Сууский район | B41: 1005 | C41: 6139 | D41: 1843 | E41: 2019 | F41: 2307
A42: городское население | B42: 30 | C42: 110 | E42: 17 | F42: 592
A43: сельское население | B43: 975 | C43: 6029 | D43: 1843 | E43: 2002 | F43: 1715
A44: Ноокатский район | B44: 638 | C44: 2349 | D44: 517 | E44: 548 | F44: 453
A45: городское население | B45: 18 | C45: 84 | E45: 10 | F45: 55
A46: сельское население | B46: 620 | C46: 2265 | D46: 517 | E46: 538 | F46: 398
A47: Узгенский район | B47: 603 | C47: 1437 | D47: 480 | E47: 489 | F47: 537
A48: городское население | B48: 53 | C48: 70 | E48: 19 | F48: 103
A49: сельское население | B49: 550 | C49: 1367 | D49: 480 | E49: 470 | F49: 434
A50: Чон-Алайский район | B50: 86 | C50: 228 | D50: 76 | E50: 72 | F50: 73
A51: сельское население | B51: 86 | C51: 228 | D51: 76 | E51: 72 | F51: 73
A52: Продолжение
B53: 2019 | C53: 2020 | D53: 2021 | E53: 2022 | F53: 2023
A54: Число выбывших-всего | B54: 5316 | C54: 14205 | D54: 4026 | E54: 5385 | F54: =F55+F57+F59+F61+F64+F67+F70 -> 6408
A55: Алайский район | B55: 564 | C55: 1530 | D55: 400 | E55: 525 | F55: 610
A56: сельское население | B56: 564 | C56: 1530 | D56: 400 | E56: 525 | F56: 610
A57: Араванский район | B57: 288 | C57: 1275 | D57: 198 | E57: 259 | F57: 302
A58: сельское население | B58: 288 | C58: 1275 | D58: 198 | E58: 259 | F58: 302
A59: Кара-Кулжинский район | B59: 734 | C59: 1008 | D59: 405 | E59: 546 | F59: 712
A60: сельское население | B60: 734 | C60: 1008 | D60: 405 | E60: 546 | F60: 712
A61: Кара-Сууский район | B61: 1568 | C61: 6190 | D61: 1474 | E61: 1876 | F61: 2162
A62: городское население | B62: 54 | C62: 100
A63: сельское население | B63: 1514 | C63: 6090 | D63: 1474 | E63: 1876 | F63: 2162
A64: Ноокатский район | B64: 1044 | C64: 2242 | D64: 733 | E64: 1005 | F64: 1200
A65: городское население | B65: 17 | C65: 66
A66: сельское население | B66: 1027 | C66: 2176 | D66: 733 | E66: 1005 | F66: 1200
A67: Узгенский район | B67: 914 | C67: 1610 | D67: 701 | E67: 1034 | F67: 1270
A68: городское население | B68: 74 | C68: 2242 | E68: 2 | F68: 2
A69: сельское население | B69: 840 | C69: 1513 | D69: 701 | E69: 1032 | F69: 1268
A70: Чон-Алайский район | B70: 204 | C70: 350 | D70: 115 | E70: 140 | F70: 152
A71: сельское население | B71: 204 | C71: 350 | D71: 115 | E71: 140 | F71: 152
A72: Миграционный прирост, отток (-) | B72: -2480 | C72: -708 | D72: -456 | E72: -1577 | F72: =F34-F54 -> -2399
A73: Алайский район | B73: -387 | C73: -206 | D73: -160 | E73: -339 | F73: =F35-F55 -> -403
A74: сельское население | B74: -387 | C74: -206 | D74: -160 | E74: -339 | F74: =F36-F56 -> -403
A75: Араванский район | B75: -151 | C75: 53 | D75: 4 | E75: -68 | F75: =F37-F57 -> -151
A76: сельское население | B76: -151 | C76: 53 | D76: 4 | E76: -68 | F76: =F38-F58 -> -151
A77: Кара-Кулжинский район | B77: -544 | C77: -316 | D77: -193 | E77: -243 | F77: =F39-F59 -> -431
A78: сельское население | B78: -544 | C78: -316 | D78: -193 | E78: -243 | F78: =F40-F60 -> -431
A79: Кара-Сууский район | B79: -563 | C79: -51 | D79: 369 | E79: 143 | F79: =F41-F61 -> 145
A80: городское население | B80: -24 | C80: 10 | E80: 17 | F80: =F42-F62 -> 592
A81: сельское население | B81: -539 | C81: -61 | D81: 369 | E81: 126 | F81: =F43-F63 -> -447
A82: Ноокатский район | B82: -406 | C82: 107 | D82: -218 | E82: -457 | F82: =F44-F64 -> -747
A83: городское население | B83: 1 | C83: 18 | E83: 10 | F83: =F45-F65 -> 55
A84: сельское население | B84: -407 | C84: 89 | D84: -216 | E84: -467 | F84: =F46-F66 -> -802
A85: Узгенский район | B85: -311 | C85: -173 | D85: -221 | E85: -545 | F85: =F47-F67 -> -733
A86: городское население | B86: -21 | C86: -27 | E86: 17 | F86: =F48-F68 -> 101
A87: сельское население | B87: -290 | C87: -146 | D87: -221 | E87: -562 | F87: =F49-F69 -> -834
A88: Чон-Алайский район | B88: -118 | C88: -122 | D88: -39 | E88: -68 | F88: =F50-F70 -> -79
A89: сельское население | B89: -118 | C89: -122 | D89: -39 | E89: -68 | F89: =F51-F71 -> -79

Sheet здрав
A1: 16. ЗДРАВООХРАНЕНИЕ
A2: 16.1. Число медицинских учреждений
A3: (единиц)
B4: 2019 | C4: 2020 | D4: 2021 | E4: 2022 | F4: 2023
A6: Больничные учреждения | B6: 27 | C6: 27 | D6: 26 | E6: 23 | F6: 23
A7: Фельдшерско-акушерские пункты | B7: 291 | C7: 292 | D7: 293 | E7: 296 | F7: 297
A8: Центры семейных медицин | B8: 7 | C8: 7 | D8: 0 | E8: 0 | F8: 2
A9: в них ГВС | B9: 119 | C9: 119 | D9: 119 | E9: 119 | F9: 119
A11: 16.2. Численность медицинского персонала
A12: (человек)
B13: 2019 | C13: 2020 | D13: 2021 | E13: 2022 | F13: 2023
A14: Всего | B14: 2288 | C14: 2312 | D14: 2282 | E14: 2246 | F14: 2289
A15: Терапевты | B15: 107 | C15: 107 | D15: 110 | E15: 150 | F15: 145
A16: Хирурги | B16: 115 | C16: 111 | D16: 111 | E16: 109 | F16: 113
A17: Акушеры и гинекологи | B17: 167 | C17: 159 | D17: 159 | E17: 117 | F17: 124
A18: Офтальмологи | B18: 29 | C18: 36 | D18: 27 | E18: 30 | F18: 27
A19: Отоларингологи | B19: 37 | C19: 37 | D19: 38 | E19: 33 | F19: 24
A20: Невропатологи | B20: 77 | C20: 81 | D20: 81 | E20: 51 | F20: 53
A21: Психиатры и наркологи | B21: 41 | C21: 41 | D21: 39 | E21: 26 | F21: 19
A22: Фтизиатры | B22: 40 | C22: 35 | D22: 32 | E22: 22 | F22: 25
A23: Дермато-венерологи | B23: 28 | C23: 27 | D23: 22 | E23: 18 | F23: 25
A24: Рентгенологи | B24: 25 | C24: 24 | D24: 26 | E24: 16 | F24: 16
A25: Педиатры | B25: 81 | C25: 77 | D25: 76 | E25: 191 | F25: 172
... A28: Лаборанты | B28: 108 | C28: 120 | D28: 115 | E28: 89 | F28: 89
A29: Прочие | B29: 41 | C29: 34 | D29: 44 | E29: - | F29: -
A30: Средний медицинский персонал | B30: 7356 | C30: 7260 | D30: 7228 | E30: 6910 | F30: 7010
A31: Акушеры | B31: 797 | C31: 662 | D31: 698 | E31: 539 | F31: 521
A32: Фельдшеры | B32: 324 | C32: 281 | D32: 257 | E32: 246 | F32: 269
A33: Медицинские сестры | B33: 5472 | C33: 5506 | D33: 5565 | E33: 5105 | F33: 5236
A34: Фельдшеры - лаборанты | B34: 320 | C34: 327 | D34: 344 | E34: 401 | F34: 398
A35: Зубные врачи | B35: 144 | C35: 129 | D35: 127 | E35: 141 | F35: 146
A36: Рентгенолаборанты и рентгенотехники | B36: 61 | C36: 65 | D36: 53 | E36: 42 | F36: 58
A38: 16.3. Число больничных коек
B39: 2019 | C39: 2020 | D39: 2021 | E39: 2022 | F39: 2023
A40: Всего | B40: 5231 | C40: 5268 | D40: 5427 | E40: 5177 | F40: 5100
A41: Терапевтических | B41: 953 | C41: 1180 | D41: 1183 | E41: 1055 | F41: 1096
A42: Педиатрические (соматические) | B42: 560 | C42: 366 | D42: 375 | E42: 539 | F42: 559
A43: Хирургических | B43: 1021 | C43: 1055 | D43: 1065 | E43: 1000 | F43: 1070
A44: Онкологических | B44: 110 | C44: 110 | D44: 110 | E44: 110 | F44: 110
A45: Туберкулезных | B45: 488 | C45: 488 | D45: 488 | E45: 308 | F45: 290
A46: Инфекционных | B46: 355 | C46: 355 | D46: 335 | E46: 383 | F46: 253
A47: Офтальмологических | B47: 121 | C47: 121 | D47: 121 | E47: 118 | F47: 128
A48: Отоларингологических | B48: 166 | C48: 166 | D48: 166 | E48: 163 | F48: 153
A49: Дермато-венерологических | B49: 110 | C49: 110 | D49: 11 | E49: 105 | F49: 105
A50: Наркологических | B50: 50 | C50: 50 | D50: 50 | E50: 50 | F50: 50
A51: Неврологических | B51: 274 | C51: 249 | D51: 264 | E51: 326 | F51: 338
... A55: Психиатрических | B55: 170 | C55: 170 | D55: 170 | E55: 190 | F55: 190

Sheet здрав.1 инвалид
A1: 16.4. Число заболеваний по основным группам болезней
A2: (случаев)
B3: 2019 | C3: 2020 | D3: 2021 | E3: 2022 | F3: 2023
A4: Всего Число заболеваний впервые с установленным диагнозом | B4: 159932 | C4: 104675 | D4: 146510 | E4: 354392 | F4: 298824
A5: Инфекционные и паразитарные болезни | B5: 14473 | C5: 13863 | D5: 9818 | E5: 17392 | F5: 15842
A6: Новообразования | B6: 725 | C6: 420 | D6: 503 | E6: 1790 | F6: 1455
A7: Болезни крови и кроветворных органов питания, нарушения обмена веществ | B7: 9855 | C7: 5606 | D7: 6696 | E7: 20731 | F7: 15986
A8: Психические расстройства и расстройства поведения | B8: 558 | C8: 603 | D8: 1377 | E8: 5045 | F8: 4845
A9: Болезни нервной системы | B9: 7266 | C9: 4083 | D9: 9285 | E9: 21252 | F9: 17076
A10: Болезни глаза и его придатков | B10: 12124 | C10: 4020 | D10: 9529 | E10: 20855 | F10: 19049
A11: Болезни уха и сосцевидного отростка | B11: 5875 | C11: 2690 | D11: 3528 | E11: 10126 | F11: 8581
A12: Болезни системы кровообращения | B12: 8929 | C12: 6207 | D12: 4978 | E12: 41798 | F12: 36541
A13: Болезни органов дыхания | B13: 50428 | C13: 34028 | D13: 57763 | E13: 87885 | F13: 71676
A14: Болезни органов пищеварения | B14: 8498 | C14: 4472 | D14: 5499 | E14: 19786 | F14: 13735
A15: Болезни кожи и подкожной клетчатки | B15: 8781 | C15: 4185 | D15: 6804 | E15: 13894 | F15: 12442
... A22: Травмы и отравления | B22: 6731 | C22: 4506 | D22: 4162 | E22: 9127 | F22: 8403
A23: 16.5. Заболеваемость по отдельным группам болезней
B25: 2019 | C25: 2020 | D25: 2021 | E25: 2022 | F25: 2023
A26: Ошская область
A27: Инфекционные и паразитарные болезни | B27: =B36+B44+B72+B56+B64+B80+B88 -> 14473 | C27: 13863 | D27: 9818 | E27: 17392 | F27: 15842
A28: Новообразования | B28: 725 | C28: 420 | D28: 503 | E28: 1790 | F28: 1455
A29: Болезни крови и кроветворных органов | B29: =B38+B46+B74+B58+B66+B82+B90 -> 9913 | C29: 5606 | D29: 6696 | E29: 20731 | F29: 15986
A30: Болезни эндокринной системы, | B30: =B39+B47+B75+B59+B67+B83+B91 -> 3164 | C30: 2360 | D30: 2487 | E30: 16160 | F30: 17320
A31: Болезни системы кровообращения | B31: =B40+B48+B76+B60+B68+B84+B92 -> 8929 | C31: 6207 | D31: 4978 | E31: 41798 | F31: 36541
